 Dungeon Crawl Stone Soup version 0.32-a0-938-g40ac7a0 (webtiles) character file.

Game seed: 2977723488899882834

12713115 stone111 the Swordmaster (level 27, 273/273 HPs)
             Began as a Coglin Alchemist on Apr 20, 2024.
             Was an Initiate of Gozag.
             Escaped with the Orb
             ... and 15 runes!
             The game lasted 11:17:03 (133304 turns).

stone111 the Swordmaster (Coglin Alchemist)       Turns: 133304, Time: 11:17:04

Health: 273/273    AC: 42    Str: 14    XL:     27
Magic:  54/54      EV: 18    Int: 25    God:    Gozag
Gold:   73368      SH:  0    Dex: 34    Spells: 9/80 levels left

rFire   + + .        i - +11 Singing Sword {sonic wave}
rCold   + + +        P - +8 autumn katana {manifold assault}
rNeg    + + +        L - +8 orange crystal plate armour {Archmagi, Int+3 Clar}
rPois   ∞            T - -2 hat of the Alchemist {rElec rPois rF+ rC+ rN+ Will+ rMut rCorr}
rElec   +            y - scarf {+Inv}
rCorr   +            Q - -1 pair of gloves of the Lair of Beasts {+Blink Dex+4 SInv}
SInv    +            m - +0 pair of boots "Uteum" {rF+ Str+6 Int+4}
Will    ++++.        (amulet unavailable)
Stlth   ++           (ring unavailable)
HPRegen 0.65/turn    (ring unavailable)
MPRegen 0.34/turn    R - bismuth cryosamoflange {rC+ Slay+3 Clar RMsl}

%: repel missiles, clarity, resist mutation, archmagi
@: death-form
A: vile attack, torment immunity, no potions, off-hand wielding, slow wielding,
warmup strikes, no jewellery, iridescent scales 1, agile 1, clever 1, robust 1
0: Orb of Zot
}: 15/15 runes: decaying, serpentine, slimy, silver, golden, iron, obsidian,
icy, bone, abyssal, demonic, glowing, magical, fiery, dark
a: Siphon Essence, Begin Untransformation, Renounce Religion, Evoke Blink, Evoke
Invisibility, Potion Petition, Call Merchant, Bribe Branch


You escaped.
You worshipped Gozag.
Gozag was exalted by your worship.
You were an undying horror.
You visited 18 branches of the dungeon, and saw 87 of its levels.
You visited Pandemonium 2 times, and saw 15 of its levels.
You visited the Abyss 3 times.
You visited 1 bazaar.
You visited 5 ziggurats (completing 4), and saw 127 of their levels.
You also visited: Trove, Bailey, Ice Cave and Desolation.

You collected 183301 gold pieces.
You spent 14897 gold pieces at shops.
You paid 95036 gold pieces to Gozag.

Inventory:

Hand Weapons
 i - the +11 Singing Sword (weapon) {sonic wave}
   (You found it on level 15 of a ziggurat)
 k - the +10 zealot's sword {holy, Zealotry, *Rage rN+ EV+3}
   (You found it on level 21 of a ziggurat)

   Zealotry:  Whenever the wielder enters a berserk rage, their allies are
   berserked alongside them.
   EV+3:      It affects your evasion (+3).
   rN+:       It protects you from negative energy.
   *Rage:     It berserks you when you make melee attacks (+20% chance).
 l - a +9 heavy double sword {Sieglinde}
 n - the +9 sword of Zonguldrok {reap}
   (You found it on level 23 of a ziggurat)
 r - the +7 Throatcutter {drain, coup de grace}
   (You found it on level 6 of a ziggurat)
 B - a +9 double sword of holy wrath
 P - the +8 autumn katana (offhand) {manifold assault}
   (You found it on level 17 of a ziggurat)
Missiles
 C - 4 throwing nets
Armour
 j - the +1 cloak of Starlight {*Dazzle EV+4 Stlth--}
   (You found it on level 27 of a ziggurat)

   *Dazzle:   It may blind those who miss an attack against the wearer in melee
   combat.
   EV+4:      It affects your evasion (+4).
   Stlth--:   It makes you much less stealthy.
 m - the +0 pair of boots "Uteum" (worn) {rF+ Str+6 Int+4}
   (You acquired it on level 8 of a ziggurat)

   Str+6:     It affects your strength (+6).
   Int+4:     It affects your intelligence (+4).
   rF+:       It protects you from fire.
 y - a scarf of invisibility (worn)
 L - the +8 orange crystal plate armour (worn) {Archmagi, Int+3 Clar}
   (You found it on level 26 of a ziggurat)

   Int+3:     It affects your intelligence (+3).
   Clar:      It protects you from confusion, rage, mesmerisation and fear.
 Q - the -1 pair of gloves of the Lair of Beasts (worn) {+Blink Dex+4 SInv}
   (You found it on level 24 of a ziggurat)

   Dex+4:     It affects your dexterity (+4).
   SInv:      It lets you see invisible.
   +Blink:    It lets you blink.
 T - the -2 hat of the Alchemist (worn) {rElec rPois rF+ rC+ rN+ Will+ rMut rCorr}
   (You found it on level 3 of the Tomb of the Ancients)

   rF+:       It protects you from fire.
   rC+:       It protects you from cold.
   rElec:     It insulates you from electricity.
   rPois:     It protects you from poison.
   rN+:       It protects you from negative energy.
   Will+:     It increases your willpower.
   rCorr:     It protects you from acid and corrosion.
   rMut:      It protects you from mutation.
Gizmo
 R - a bismuth cryosamoflange (installed) {rC+ Slay+3 Clar RMsl}
   (You invented it yourself on level 5 of the Lair of Beasts)

   [bismuth cryosamoflange]

   Slay+3:    It affects your accuracy & damage with ranged weapons and melee
   (+3).
   rC+:       It protects you from cold.
   Clar:      It protects you from confusion, rage, mesmerisation and fear.
   RMsl:      It protects you from missiles.
Talismans
 M - the granite talisman of the Battered Spines {Dex+6}
   (You found it on level 17 of a ziggurat)

   [granite talisman]

   Dex+6:     It affects your dexterity (+6).
 Y - a talisman of death (active)
Wands
 q - a wand of digging (126)
 A - a wand of quicksilver (191)
 I - a wand of warping (339)
Scrolls
 a - 31 scrolls of immolation
 e - 8 scrolls of enchant armour
 u - 68 scrolls of fog
 w - 15 scrolls of fear
 z - 27 scrolls of revelation
 E - 42 scrolls of blinking
 H - 97 scrolls of teleportation
 Z - 4 scrolls of torment
Potions
 b - 11 potions of magic
 c - a potion of invisibility
 d - 84 potions of mutation
 f - 14 potions of cancellation
 h - 10 potions of might
 o - 45 potions of curing
 s - 3 potions of lignification
 v - 13 potions of brilliance
 x - 44 potions of heal wounds
 J - 3 potions of haste
 N - 7 potions of enlightenment
 V - 11 potions of attraction
Miscellaneous
 g - a +4 figurine of a ziggurat
 p - a phantom mirror
 t - a sack of spiders
 G - a lightning rod (4/4)
 W - a tin of tremorstones (2/2)
 X - a phial of floods


   Skills:
 O Level 27 Fighting
 + Level 24.6(27) Short Blades
 O Level 27 Long Blades
 + Level 21.5(27) Axes
 + Level 24.2(27) Maces & Flails
 + Level 25.1(27) Polearms
 + Level 22.8(27) Staves
 O Level 27 Ranged Weapons
 O Level 27 Throwing
 O Level 27 Armour
 O Level 27 Dodging
 O Level 27 Stealth
 - Level 7.9 Shields
 O Level 27 Unarmed Combat
 O Level 27 Spellcasting
 + Level 10.9 Conjurations
 O Level 27 Hexes
 + Level 11.7 Summonings
 O Level 27 Necromancy
 O Level 27 Translocations
 O Level 27 Fire Magic
 O Level 27 Ice Magic
 O Level 27 Air Magic
 O Level 27 Earth Magic
 O Level 27 Alchemy
 O Level 27 Invocations
 O Level 27 Evocations
 O Level 27 Shapeshifting


You had 9 spell levels left.
You knew the following spells:

 Your Spells              Type           Power      Damage    Failure   Level
a - Manifold Assault      Tloc           64%        N/A       1%          7
b - Gell's Gavotte        Tloc           64%        2d(40-59) 1%          6
c - Fugue of the Fallen   Necr           100%       N/A       0%          3
d - Blink                 Tloc           100%       N/A       0%          2
e - Ignite Poison         Fire/Alch      100%       N/A       0%          4
f - Vhi's Electric Charg  Tloc/Air       100%       N/A       0%          4
g - Dispersal             Tloc           64%        N/A       1%          6
h - Disjunction           Tloc           64%        N/A       2%          8
i - Passage of Golubria   Tloc           100%       N/A       0%          4
j - Apportation           Tloc           100%       N/A       0%          1
k - Death's Door          Necr           64%        N/A       32%         9
l - Borgnjor's Revivific  Necr           64%        N/A       2%          8
m - Polar Vortex          Ice            64%        12d8*     32%         9

Your spell library contained the following spells:

 Spells                   Type           Power      Damage    Failure   Level
 Foxfire                  Conj/Fire      100%       2x1d9     0%          1
 Freeze                   Ice            100%       1d10      0%          1
 Kiss of Death            Conj/Necr      100%       2d13      0%          1
 Necrotise                Necr           100%       1d9       0%          1
 Sandblast                Erth           100%       2d20      0%          1
 Shock                    Conj/Air       100%       1d9       0%          1
 Slow                     Hex            100%       N/A       0%          1
 Sting                    Conj/Alch      100%       1d9       0%          1
 Cigotuvi's Dreadful Rot  Necr/Alch/Air  100%       N/A       0%          2
 Ensorcelled Hibernation  Hex/Ice        100%       N/A       0%          2
 Jinxbite                 Hex            100%       N/A       0%          2
 Lesser Beckoning         Tloc           100%       N/A       0%          2
 Mercury Vapours          Alch/Air       100%       N/A       0%          2
 Momentum Strike          Conj/Tloc      100%       3d10      0%          2
 Scorch                   Fire           100%       2d9       0%          2
 Static Discharge         Conj/Air       100%       3-8/arc   0%          2
 Sublimation of Blood     Necr           100%       N/A       0%          2
 Confusing Touch          Hex            100%       N/A       0%          3
 Frozen Ramparts          Ice            100%       1d16      0%          3
 Inner Flame              Hex/Fire       100%       N/A       0%          3
 Maxwell's Portable Pile  Tloc           100%       2d(15-43) 0%          3
 Mephitic Cloud           Conj/Alch/Air  100%       N/A       0%          3
 Ozocubu's Armour         Ice            100%       N/A       0%          3
 Passwall                 Erth           100%       N/A       0%          3
 Sigil of Binding         Hex            100%       N/A       0%          3
 Swiftness                Air            100%       N/A       0%          3
 Teleport Other           Tloc           100%       N/A       0%          3
 Tukima's Dance           Hex            100%       N/A       0%          3
 Vampiric Draining        Necr           100%       2d13      0%          3
 Volatile Blastmotes      Fire/Tloc      100%       2d18      0%          3
 Airstrike                Air            64%        2d(10-26) 0%          4
 Anguish                  Hex/Necr       64%        N/A       0%          4
 Cause Fear               Hex            64%        N/A       0%          4
 Dimensional Bullseye     Hex/Tloc       64%        N/A       0%          4
 Dispel Undead            Necr           100%       3d31      0%          4
 Leda's Liquefaction      Alch/Erth      64%        N/A       0%          4
 Olgreb's Toxic Radiance  Alch           100%       N/A       0%          4
 Petrify                  Alch/Erth      100%       N/A       0%          4
 Sticky Flame             Fire/Alch      100%       2d15      0%          4
 Alistair's Intoxication  Alch           86%        N/A       0%          5
 Borgnjor's Vile Clutch   Necr/Erth      64%        N/A       0%          5
 Curse of Agony           Necr           100%       N/A       0%          5
 Lee's Rapid Deconstruct  Erth           64%        3d29*     0%          5
 Metabolic Englaciation   Hex/Ice        64%        N/A       0%          5
 Silence                  Hex/Air        64%        N/A       0%          5
 Yara's Violent Unravell  Hex/Alch       64%        3d24      0%          5
 Magic Dart               Conj           100%       1d8       1%          1
 Summon Small Mammal      Summ           100%       N/A       1%          1
 Call Imp                 Summ           100%       N/A       1%          2
 Searing Ray              Conj           100%       2d8       1%          2
 Call Canine Familiar     Summ           95%        N/A       1%          3
 Dazzling Flash           Conj/Hex       100%       N/A       1%          3
 Hailstorm                Conj/Ice       100%       3d16      1%          3
 Stone Arrow              Conj/Erth      100%       3d13      1%          3
 Summon Ice Beast         Ice/Summ       100%       N/A       1%          3
 Animate Armour           Summ/Erth      100%       N/A       1%          4
 Brom's Barrelling Bould  Conj/Erth      100%       2d11      1%          4
 Flame Wave               Conj/Fire      100%       2d21      1%          4
 Fulminant Prism          Conj/Alch      56%        3d24      1%          4
 Iskenderun's Mystic Bla  Conj/Tloc      100%       2d19      (+2d11%     4
 Martyr's Knell           Necr/Summ      100%       N/A       1%          4
 Summon Blazeheart Golem  Fire/Summ      100%       N/A       1%          4
 Summon Lightning Spire   Summ/Air       100%       N/A       1%          4
 Arcjolt                  Conj/Air       56%        1d66      1%          5
 Fireball                 Conj/Fire      56%        3d22      1%          5
 Freezing Cloud           Conj/Ice/Air   59%        6-21      1%          5
 Irradiate                Conj/Alch      56%        3d30      1%          5
 Summon Forest            Summ/Tloc      57%        N/A       1%          5
 Summon Mana Viper        Hex/Summ       100%       N/A       1%          5
 Bombard                  Conj/Erth      56%        9d9       1%          6
 Conjure Ball Lightning   Conj/Air       56%        3x3d20    1%          6
 Death Channel            Necr           64%        N/A       1%          6
 Eringya's Noxious Bog    Alch           64%        4d6       1%          6
 Permafrost Eruption      Ice/Erth       64%        2x4d14    1%          6
 Plasma Beam              Fire/Air       64%        2x1d80    1%          6
 Sculpt Simulacrum        Ice/Alch       64%        N/A       1%          6
 Starburst                Conj/Fire      56%        6d15      1%          6
 Enfeeble                 Hex            64%        N/A       1%          7
 Ozocubu's Refrigeration  Ice            64%        4d21      1%          7
 Discord                  Hex            64%        N/A       2%          8
 Ignition                 Fire           64%        3d17      2%          8
 Infestation              Necr           64%        N/A       2%          8
 Maxwell's Capacitive Co  Air            64%        ∞         2%          8
 Haunt                    Necr/Summ      57%        N/A       6%          7
 Malign Gateway           Summ/Tloc      57%        N/A       6%          7
 Iskenderun's Battlesphe  Conj           93%        2d14      7%          5
 Summon Cactus Giant      Summ           47%        N/A       26%         6
 Shatter                  Erth           64%        3d48*     32%         9
 Lehudib's Crystal Spear  Conj/Erth      56%        10d13     52%         8
 Monstrous Menagerie      Summ           47%        N/A       82%         7
 Summon Hydra             Summ           47%        N/A       82%         7
 Spellforged Servitor     Conj/Summ      47%        N/A       86%         7
 Orb of Destruction       Conj           46%        9d12      90%         7
 Summon Horrible Things   Summ           47%        N/A       100%        8
 Chain Lightning          Conj/Air       56%        3d75      100%        9
 Dragon's Call            Summ           47%        N/A       100%        9
 Fire Storm               Conj/Fire      56%        8d14      100%        9
 Animate Dead             Necr           Unusable   N/A       N/A         4

Dungeon Overview and Level Annotations

Branches:
Dungeon (15/15)            Temple (1/1) D:5            Lair (5/5) D:10
  Swamp (4/4) Lair:2        Snake (4/4) Lair:2        Slime (5/5) Lair:5
    Orc (2/2) D:11            Elf (3/3) Orc:2        Vaults (5/5) D:14
  Crypt (3/3) Vaults:3       Tomb (3/3) Crypt:3      Depths (4/4) D:15
   Hell (visited)             Dis (7/7) Hell            Geh (7/7) Hell
    Coc (7/7) Hell            Tar (7/7) Hell            Zot (5/5) Depths:4
 Bailey (visited)           IceCv (visited)         Desolation (visited)

Altars:
Ashenzari
Cheibriados
Dithmenos
Elyvilon
Fedhas
Gozag
Hepliaklqana
Kikubaaqudgha
Makhleb
Nemelex Xobeh
Okawaru
Qazlal
Ru
Sif Muna
Trog
Uskayaw
Vehumet
Wu Jian
Xom
Yredelemnul
Zin
The Shining One
Jiyva

Shops:
D:14 ![*   Orc:2 (:[:[:[::   Elf:1 [   Snake:4 *[[   Vaults:2 *?*
Depths:1 ((((*[   Depths:2 [   Depths:4 [*(((::=

Portals:
Hell: Depths:1 Depths:2 Depths:3 Depths:4
Abyss: Depths:1 Depths:2 Depths:3
Pandemonium: Depths:2 Depths:3 Depths:4

Annotations:
Temple 2 transporters
Tomb:1 Boris


Innate Abilities, Weirdness & Mutations

You are an undying horror.
Your melee and unarmed attacks drain, slow and weaken victims.
You are immune to unholy pain and torment.
You cannot drink.
You are immune to poison.
You can wield a second weapon in your off-hand.
It takes a long time for you to wield or remove held weapons.
Your first few attacks do less damage.
You cannot equip rings or amulets.
You are partially covered in iridescent scales. (AC +2)
You are agile. (Dex +4, Str/Int -1)
Your mind is acute. (Int +4, Str/Dex -1)
You are robust. (+10% HP)


Message History

You climb upwards.
An Ice Fiend comes into view.
There is a stone staircase leading down here.
Casting: Manifold Assault (mildly dangerous; 1% risk of failure)
Confirm with . or Enter, or press ? or * to list all spells.
You feel a surge of power!
Space momentarily warps into an impossible shape!
You slash the Ice Fiend with the +8 autumn katana!
The Ice Fiend decays.
You slice the Ice Fiend with the +11 Singing Sword!!
The Ice Fiend decays.
The Singing Sword asks you about your opinion on voice harmonics.
You send a blast of sound all around you.
The Ice Fiend is heavily wounded.
Unknown command.
Unknown command.
Unknown command.
Unknown command.
You carve the Ice Fiend like a ham with the +8 autumn katana!!!
You kill the Ice Fiend!
Unknown command.
You now have 73361 gold pieces (gained 16).
Magic restored.
A hellion comes into view.
Casting: Manifold Assault (mildly dangerous; 1% risk of failure)
Confirm with . or Enter, or press ? or * to list all spells.
Aiming: Vhi's Electric Charge (safe; 0% risk of failure)
Press: ? - help, Shift-Dir - straight line, f - hellion
Aim: a hellion (90% to hit)
You feel a surge of power!
You charge forward with an electric crackle!
You carve the hellion like a ham with the +11 Singing Sword!!!
You kill the hellion!
Unknown command.
You now have 73368 gold pieces (gained 7).
There is an open door here.
There is a staircase leading out of the dungeon here.
Unknown command.
There is a staircase leading out of the dungeon here.
You have escaped!

#.>...........#
#
#.............#
#
##.############
# ####.# #
##....# #
#..#'## #
#.##.### ##
#.#♣.~P# #.
#.'.z~P# #.
###♣.~P# #.
#.###
#########. #'#
#.......'. #.#
#.#######. #.##
#.# #. #..####
#.# #.
##....###.# #.
#########.....#
#.


There were no monsters in sight!

Vanquished Creatures
  Cerebov (Pan)
  Antaeus (Coc:7)
  Asmodeus (Geh:7)
  Mnoleg (Pan)
  the Royal Jelly (Slime:5)
  Ereshkigal (Tar:7)
  Lom Lobon (Pan)
  The ghost of Tibbeudu the Wishgranter, a legendary DjCj of Makhleb (Zig:5)
  The ghost of Giukefig the Petrodigitator, a legendary DDBr of Makhleb (Zig:23)
  The ghost of Atufasha the Petrodigitator, a legendary DDBr of Makhleb (Zig:23)
  The ghost of Giukefig the Petrodigitator, a legendary DDBr of Makhleb (Zig:23)
  The ghost of Atufasha the Petrodigitator, a legendary DDBr of Makhleb (Zig:23)
  The ghost of Atufasha the Petrodigitator, a legendary DDBr of Makhleb (Zig:23)
  The ghost of Giukefig the Petrodigitator, a legendary DDBr of Makhleb (Zig:23)
  Gloorx Vloq (Pan)
  87 pandemonium lords
  the Serpent of Hell (Tar:7)
  Tiamat (Zot:3)
  142 dread liches
  The ghost of Hytegor the Cursed, a legendary GnEE of Ashenzari (Zig:5)
  The ghost of Hytegor the Cursed, a legendary GnEE of Ashenzari (Zig:23)
  Dispater (Dis:7)
  156 ancient liches
  Mennas (Tomb:3)
  8 orbs of fire
  The ghost of Anyleklu the Spawn of Chaos, a legendary HOFi of Makhleb (Zig:23)
  The ghost of Anyleklu the Spawn of Chaos, a legendary HOFi of Makhleb (Zig:23)
  The ghost of Anyleklu the Spawn of Chaos, a legendary HOFi of Makhleb (Zig:23)
  The ghost of Anyleklu the Spawn of Chaos, a legendary HOFi of Makhleb (Zig:23)
  The ghost of Boycipp the Conqueror, a legendary DsFi of Makhleb (Zig:23)
  The ghost of Boycipp the Conqueror, a legendary DsFi of Makhleb (Zig:23)
  The ghost of Siupsuvve the Slayer, a veteran MiBe of Trog (Zig:23)
  The ghost of Siupsuvve the Slayer, a veteran MiBe of Trog (Zig:23)
  The ghost of Siupsuvve the Slayer, a veteran MiBe of Trog (Zig:23)
  The ghost of Siupsuvve the Slayer, a veteran MiBe of Trog (Zig:23)
  The ghost of Siupsuvve the Slayer, a veteran MiBe of Trog (Zig:23)
  The ghost of Pyfud Mepa the Armataur Blade, a legendary AtFi of Cheibriados (Zig:5)
  The ghost of Pyfud Mepa the Armataur Blade, a legendary AtFi of Cheibriados (Zig:23)
  The ghost of Kinoajidouf the Axe Maniac, a master HOBe of Trog (Zig:23)
  The ghost of Kinoajidouf the Axe Maniac, a master HOBe of Trog (Zig:23)
  The ghost of Kinoajidouf the Axe Maniac, a master HOBe of Trog (Zig:23)
  The ghost of Ideustev the Impregnable, a legendary AtBe of the Shining One (Zig:23)
  The ghost of Ideustev the Impregnable, a legendary AtBe of the Shining One (Zig:23)
  The ghost of Ideustev the Impregnable, a legendary AtBe of the Shining One (Zig:23)
  The ghost of Olofelaph the Conqueror, a legendary DsFi of Makhleb (Zig:23)
  The ghost of Olofelaph the Conqueror, a legendary DsFi of Makhleb (Zig:23)
  The ghost of Yxuenos the Conqueror, a legendary DsFi of Makhleb (Zig:23)
  40 juggernauts
  The ghost of Obrefem the Slayer, a legendary HaHu of Okawaru (Zig:23)
  The ghost of Obrefem the Slayer, a legendary HaHu of Okawaru (Zig:23)
  The ghost of Fiusean the Slayer, a veteran MiBe of Trog (Zig:23)
  The ghost of Fiusean the Slayer, a veteran MiBe of Trog (Zig:23)
  32 shard shrikes
  Bai Suzhen (Snake:3)
  73 royal mummies
  10 curse toes
  Boris (twice) (Depths:3 Crypt:3)
  46 Killer Klowns
  The ghost of Waphaim the Skinwalker, a veteran DsDe of Gozag (Zig:23)
  Margery (Vaults:3)
  Geryon (Hell)
  Nikola (Swamp:2)
  88 caustic shrikes
  212 golden dragons
  29 profane servitors
  66 bone dragons
  27 electric golems
  56 doom hounds
  49 Tzitzimimeh
  138 Brimstone Fiends
  192 hellephants
  66 iron giants
  135 Hell Sentinels
  237 tentacled monstrosities
  38 Ice Fiends
  Mlioglotl (Swamp:2)
  Grunn (Zot:3)
  14 Orb Guardians
  48 liches
  2 walking earthen tomes (Depths:4)
  43 tainted leviathans
  49 deep elf master archers
  49 deep elf blademasters
  A walking frostbound tome (Depths:4)
  67 quicksilver dragons
  148 searing wretches
  116 titans
  2 quicksilver dragons (shapeshifter)
  2 sphinxes (shapeshifter)
  34 Executioners
  168 acid blobs
  Frances (Swamp:2)
  6 death cobs
  An eldritch tentacle (Pan)
  111 ancient champions
  15 tentacled starspawn
  26 tengu reavers
  47 sphinxes
  17 thorn hunters
  76 rockslimes
  Kirke (D:14)
  3 daevas
  44 protean progenitors
  29 narguns
  39 draconian knights
  Aizul (Snake:2)
  94 fenstrider witches
  126 revenants
  A shadow dragon (shapeshifter) (Zig:18)
  65 shadow dragons
  53 azure jellies
  2 azure jellies (shapeshifter)
  58 nagarajas
  4 fenstrider witches (shapeshifter)
  2 fire giants (shapeshifter)
  43 iron dragons
  80 storm dragons
  Donald (Vaults:2)
  12 demonspawn warmongers
  73 fire giants
  36 draconian monks
  39 frost giants
  An imperial myrmidon (Desolation)
  26 deep elf sorcerers
  99 quicksilver elementals
  65 ghost moths
  An emperor scorpion (shapeshifter) (Zig:7)
  A frost giant (shapeshifter) (Zig:18)
  29 draconian shifters
  44 vault wardens
  14 cacodemons
  62 draconian scorchers
  26 emperor scorpions
  199 balrugs
  The ghost of csikos the Mimic, a journeyman TrFi of Cheibriados (Lair:5)
  2 juggernaut zombies
  5 spectral juggernauts
  63 draconian stormcallers
  60 reapers
  70 orc warlords
  10 deep elf elementalists
  3 angels
  122 curse skulls
  25 ghouls
  50 quicksilver oozes
  6 spectral caustic shrikes
  14 shard shrike simulacra
  A hydra skeleton (Swamp:4)
  2 broodmothers (Zig:21)
  59 stone giants
  59 vampire knights
  42 ironbound preservers
  55 draconian annihilators
  23 ironbound thunderhulks
  13 demonspawn blood saints
  2 formless jellyfish (shapeshifter)
  36 demonspawn corrupters
  26 formless jellyfish
  57 very ugly things
  A stone giant (shapeshifter) (Zig:7)
  The ghost of Oddempem the Carver, a journeyman NaIE of Cheibriados (Lair:2)
  The ghost of Celudghu the Devastator, a journeyman TeCj of Sif Muna (D:13)
  61 putrid mouths
  7 juggernaut skeletons
  2 ophanim (Abyss:3)
  18 demonspawn black suns
  36 green draconians
  57 deep elf demonologists
  8 caustic shrike skeletons
  An eleionoma (shapeshifter) (Zig:18)
  33 bunyips
  10 lorocyprocas
  28 dire elephants
  32 white draconians
  22 bennus
  38 black draconians
  62 war gargoyles
  34 wendigos
  58 deep elf annihilators
  59 deep elf death magi
  20 elemental wellsprings
  A halazid warlock (Desolation)
  2 spectral titans
  42 eleionomae
  A black draconian (shapeshifter) (Zig:18)
  24 spark wasps
  32 purple draconians
  29 yellow draconians
  69 iron golems
  32 red draconians
  A bunyip (shapeshifter) (Zig:24)
  97 eidola
  21 blizzard demons
  234 shambling mangroves
  26 merfolk impalers
  22 merfolk javelineers
  15 jiangshi
  A spectral quicksilver dragon (Tar:3)
  56 ettins
  2 spectral krakens (Tar:7)
  75 deep elf high priests
  2 entropy weavers (shapeshifter)
  6 spriggan zombies
  56 mummy priests
  2 quicksilver dragon zombies (Zig:23)
  130 green deaths
  6 crystal guardians
  7 ragged hierophants (Desolation)
  19 great orbs of eyes
  41 entropy weavers
  39 fire dragons
  A spectral iron giant (Tar:5)
  3 spectral golden dragons
  51 yaktaur captains
  11 spectral spriggans
  14 hell beasts
  36 ice dragons
  83 hydras
  9 rakshasas
  A quicksilver dragon skeleton (Zig:7)
  Erolcha (D:9)
  13 caustic shrike simulacra
  11 ogre magi
  A catoblepas (shapeshifter) (Zig:7)
  52 ghost crabs
  61 salamander tyrants
  8 servants of whispers (Desolation)
  31 vault guards
  11 juggernaut simulacra
  4 peacekeepers
  12 ironbound frosthearts
  5 jorogumos
  2 spectral tengu
  9 satyrs
  An alligator (shapeshifter) (Zig:4)
  An anaconda (shapeshifter) (Zig:18)
  2 merfolk avatars
  13 radroaches
  3 spriggan skeletons
  13 boulder beetles
  51 alligators
  16 catoblepae
  34 spriggan air magi
  26 anacondas
  5 centaur warriors
  40 merfolk aquamancers
  A fenstrider witch skeleton (Crypt:2)
  3 two-headed ogres (shapeshifter)
  3 sphinx zombies
  24 stokers
  5 alligator snapping turtles
  2 alligator snapping turtles (shapeshifter) (Zig:4)
  17 death yaks
  2 death knights (Vaults:3)
  19 two-headed ogres
  140 dancing weapons
  A satyr (shapeshifter) (Zig:24)
  3 tengu warriors
  6 deep troll shamans
  84 death scarabs
  A death yak (shapeshifter) (Zig:18)
  3 titan zombies
  4 spectral dire elephants
  8 deep troll earth magi
  4 spriggan berserkers
  53 hell hogs
  2 sphinx skeletons (Zig:23)
  81 vampire magi
  62 orc high priests
  3 shock serpents (shapeshifter)
  41 shock serpents
  20 demonic crawlers
  3 spectral emperor scorpions (Pan)
  2 spectral storm dragons (Zig:23)
  15 thrashing horrors
  11 hell knights
  A spectral orc (Tar:2)
  59 soul eaters
  23 naga sharpshooters
  72 crystal echidnas
  An occultist (Depths:1)
  18 naga warriors
  3 storm dragon zombies
  13 wretched stars
  The ghost of DANddo the Changeling, a novice DrSh of Wu Jian (D:9)
  A spectral death yak (Lair:5)
  20 skysharks
  51 deep elf archers
  68 sun demons
  2 hellephant skeletons (Pan)
  27 iron trolls
  54 deep elf knights
  18 sixfirhies
  10 skeletal warriors
  4 fire crabs
  An iron troll (shapeshifter) (Zig:18)
  17 pharaoh ants
  A spark wasp zombie (Zig:7)
  2 titan skeletons
  2 golden dragon zombies (Zig:22)
  23 death drakes
  A sea snake (shapeshifter) (Zig:25)
  3 spectral anacondas
  A bunyip zombie (Tomb:1)
  9 deep trolls (shapeshifter)
  15 salamander mystics
  A spectral bunyip (Tar:1)
  An anaconda zombie (Hell)
  26 goliath frogs
  4 skysharks (shapeshifter)
  6 glowing orange brains (shapeshifter)
  6 quicksilver dragon simulacra
  4 storm dragon skeletons
  32 large abominations
  4 spatial maelstroms
  5 sun moths (shapeshifter)
  4 mana vipers (shapeshifter)
  5 arcanists
  56 spriggan druids
  2 swamp dragons (shapeshifter) (Zig:18)
  7 cherubim
  A tengu zombie (Zig:22)
  14 orb spiders
  10 naga ritualists
  A shadow dragon zombie (Zig:7)
  3 golden dragon skeletons
  6 orb spiders (shapeshifter)
  44 shadow wraiths
  16 glowing orange brains
  18 shadow demons
  5 spectral hydras
  14 sun moths
  36 deep trolls
  22 mana vipers
  26 bog bodies
  42 flayed ghosts
  7 orange crystal statues
  3 anaconda skeletons
  A spectral iron dragon (Zig:23)
  2 bunyip skeletons
  Pikel (D:4)
  3 steelbarb worms (shapeshifter)
  16 obsidian bats
  9 obsidian statues
  An eleionoma zombie (Crypt:2)
  35 orc knights
  16 lindwurms
  A harpy (shapeshifter) (Vaults:5)
  80 swamp dragons
  2 lindwurms (shapeshifter)
  18 sea snakes
  73 phantasmal warriors
  An iron giant skeleton (Crypt:3)
  19 thermic dynamos
  117 deep elf zephyrmancers
  5 spriggan simulacra
  113 deep elf pyromancers
  A sphinx simulacrum (Depths:2)
  15 steelbarb worms
  27 necromancers
  23 wolf spiders
  7 fauns (shapeshifter)
  37 ironbound convokers
  4 lightning spires (Zig:19)
  19 cyclopes
  2 cyclopes (shapeshifter)
  4 shining eyes (shapeshifter)
  48 orc sorcerers
  42 ugly things
  51 oklob plants
  23 manticores
  2 shadow dragon skeletons
  2 spectral ettins
  An alligator skeleton (Hell)
  2 fire giant zombies
  16 harpies
  A spectral alligator snapping turtle (Tar:2)
  34 salamanders
  5 moths of wrath (shapeshifter)
  48 will-o-the-wisps
  3 spectral centaurs
  3 worldbinders
  2 meliai
  22 merfolk sirens
  37 shining eyes
  An iron dragon skeleton (Zig:22)
  A black mamba (shapeshifter) (Zig:21)
  2 centaur zombies
  19 apocalypse crabs
  9 ice statues
  2 guardian serpents (shapeshifter)
  78 moths of wrath
  17 elephants
  3 dire elephant zombies
  5 eyes of devastation (shapeshifter)
  2 fire giant skeletons
  A meliai (shapeshifter) (Zig:25)
  7 rust devils
  A stone giant skeleton (Tomb:1)
  44 vault sentinels
  154 water nymphs
  80 black mambas
  25 guardian serpents
  54 torpor snails
  22 kobold blastminers
  28 naga magi
  21 eyes of devastation
  11 molten gargoyles
  The ghost of Xerrl the Trooper, a novice CoDe of Wu Jian (D:4)
  34 smoke demons
  4 gargoyles (Crypt:3)
  6 titan simulacra
  3 torpor snails (shapeshifter)
  3 water nymphs (shapeshifter)
  9 spectral swamp worms (Tar:7)
  2 dire elephant skeletons
  32 cane toads
  10 orange demons
  A cane toad (shapeshifter) (Zig:21)
  A red draconian zombie (Crypt:2)
  2 sea snake zombies
  An unseen horror (D:12)
  A minotaur zombie (Crypt:1)
  124 hellions
  3 kobold demonologists
  9 efreet
  A naga skeleton (Crypt:3)
  A storm dragon simulacrum (Zig:23)
  28 yaktaurs
  25 komodo dragons
  4 tengu conjurers
  87 tormentors
  12 rime drakes
  5 ice devils
  The ghost of waagh the Ruffian, an amateur TrCK of Xom (D:4)
  A golden dragon simulacrum (Zig:17)
  A komodo dragon (shapeshifter) (Zig:18)
  A spectral glowing shapeshifter (Zig:23)
  5 anaconda simulacra
  2 iron giant simulacra (Coc:7)
  13 freezing wraiths
  3 hydra zombies
  104 guardian mummies
  A great orb of eyes zombie (Crypt:2)
  8 red devils
  11 ancient zymes
  14 bloated husks
  A minotaur skeleton (Crypt:2)
  27 trolls
  355 hornets
  A queen bee (shapeshifter) (Zig:25)
  A sea snake skeleton (Hell)
  A troll (shapeshifter) (Zig:21)
  A harpy zombie (Tomb:2)
  12 hellwings
  2 spectral harpies (Tar:2)
  10 jumping spiders
  6 merfolk (shapeshifter)
  A raiju (shapeshifter) (Zig:21)
  A tarantella (shapeshifter) (Zig:17)
  An alligator simulacrum (IceCv)
  40 merfolk
  A queen bee (D:11)
  A polar bear (shapeshifter) (Zig:21)
  15 tarantellas
  32 tyrant leeches
  A tengu simulacrum (Depths:2)
  50 wind drakes
  2 wind drakes (shapeshifter) (Zig:18)
  Grinder (D:4)
  2 jumping spiders (shapeshifter)
  9 silent spectres
  6 raiju
  A spectral elephant (Lair:5)
  31 blink frogs
  7 polar bears
  Prince Ribbit (Bailey)
  A blink frog (shapeshifter) (Zig:11)
  2 harpy skeletons
  28 glass eyes
  42 saltlings (Desolation)
  A glass eye (shapeshifter) (Zig:19)
  2 snapping turtles (shapeshifter) (Zig:18)
  6 dream sheep
  A boulder beetle zombie (Crypt:2)
  20 snapping turtles
  A dream sheep (shapeshifter) (Zig:18)
  8 shadows (Crypt:3)
  4 centaur simulacra
  48 spriggans
  A spriggan (shapeshifter) (Zig:18)
  2 vampires
  An ettin skeleton (Crypt:3)
  212 slime creatures
  4 fire dragon skeletons (Crypt:3)
  13 culicivoras
  33 air elementals
  A satyr skeleton (Crypt:1)
  23 ynoxinuls
  8 small abominations
  9 wraiths
  83 yaks
  7 dire elephant simulacra
  5 hogs (D:14)
  6 humans (Bailey)
  37 starcursed masses
  A yak (shapeshifter) (Zig:17)
  13 wyverns
  The ghost of Lovepenguin the Magician, an amateur OnAE (D:4)
  2 golden eyes (shapeshifter) (Zig:17)
  An alligator snapping turtle simulacrum (Crypt:1)
  30 water elementals
  25 golden eyes
  8 basilisks
  27 fire elementals
  2 redbacks (shapeshifter)
  A basilisk (shapeshifter) (Zig:6)
  20 steam dragons
  37 ushabtiu
  22 redbacks
  24 chaos spawn
  25 wargs
  A black mamba skeleton (Crypt:2)
  A sea snake simulacrum (Hell)
  28 neqoxecs
  2 death yak simulacra (Lair:5)
  11 harpy simulacra
  2 spectral cane toads (Lair:5)
  23 vampire mosquitoes
  35 nagas
  17 swamp worms
  2 swamp worms (shapeshifter)
  A glowing shapeshifter zombie (Zig:23)
  A naga (shapeshifter) (Zig:21)
  2 naga zombies
  Duvessa (D:5)
  21 acid dragons
  7 hydra simulacra
  4 glowing shapeshifter skeletons
  30 water moccasins
  3 human skeletons
  4 hell hounds (Hell)
  153 orc warriors
  5 black bears
  2 swamp dragon zombies (Swamp:4)
  5 ettin simulacra
  12 laughing skulls
  24 swamp drakes
  A black bear (shapeshifter) (Zig:21)
  A sky beast (D:7)
  A meliai simulacrum (D:9)
  75 ogres
  3 boggarts (Vaults:1)
  2 crocodiles (shapeshifter)
  An ogre (shapeshifter) (Zig:21)
  36 wolves
  An elephant skeleton (Lair:5)
  2 swamp dragon skeletons
  14 centaurs
  A lemure (D:4)
  5 kobold brigands
  A weeping skull (Abyss:2)
  2 human zombies
  3 scorpions
  19 bullfrogs
  3 naga simulacra
  20 earth elementals
  3 cane toad simulacra (Lair:5)
  A water moccasin skeleton (Crypt:2)
  Dowan (D:5)
  3 jellies
  33 killer bees
  An elephant simulacrum (Lair:5)
  6 howler monkeys
  5 electric eels
  A gnoll bouda (D:6)
  A jelly (shapeshifter) (D:14)
  4 hounds
  22 orc priests
  2 iguanas
  A scorpion zombie (Crypt:1)
  Ijyb (D:4)
  39 orc wizards
  11 hell rats
  A brain worm zombie (Crypt:2)
  6 tengu skeletons
  158 mummies
  Robin (D:2)
  4 gnolls
  4 swamp drake zombies (Swamp:4)
  6 adders
  7 river rats (Lair:4)
  2 shadow imps
  3 white imps
  4 ufetubi
  An adder zombie (Crypt:1)
  A dart slug (D:4)
  A ribbon worm (D:2)
  59 orcs
  7 ball pythons
  14 endoplasms
  A giant cockroach (D:3)
  11 hobgoblins
  4 quokkas
  6 bats
  2 frilled lizards
  17 goblins
  16 kobolds
  9 rats
  69 aspiring fleshes
  5 creeping infernos
  24 fire vortices
  4 foxfires (Zig:19)
  4 starspawn tentacles
  7 tentacles (Tar:7)
13898 creatures vanquished.

Vanquished Creatures (collateral kills)
  3 dread liches
  Mara (Swamp:4)
  7 royal mummies
  A Killer Klown (Zig:6)
  3 golden dragons
  A tentacled monstrosity (Zig:1)
  2 Ice Fiends
  3 Orb Guardians (Zot:5)
  3 acid blobs (Zig:13)
  A sphinx (Zig:9)
  An Executioner (Zig:14)
  A draconian scorcher (Zig:10)
  2 demonspawn corrupters (Zig:15)
  An ironbound preserver (Zig:2)
  A formless jellyfish (Zig:13)
  A very ugly thing (Zig:6)
  2 orc warlords
  A quicksilver ooze (Zig:13)
  A putrid mouth (Zig:23)
  An eleionoma (Swamp:3)
  A demonspawn black sun (Zig:15)
  3 lorocyprocas (Zig:15)
  2 blizzard demons (Zig:15)
  3 mummy priests
  A green death (Zig:14)
  A hydra (Zig:16)
  A jorogumo (Zig:6)
  2 merfolk aquamancers (Zig:12)
  2 hell beasts (Zig:15)
  An alligator snapping turtle (Zig:12)
  3 dancing weapons (Zig:8)
  6 death scarabs
  2 orc high priests (Zig:7)
  A spriggan berserker (Zig:16)
  A shock serpent (Snake:3)
  2 soul eaters
  2 deep elf knights (Zig:11)
  A sun demon (Zig:20)
  A skeletal warrior (Tomb:1)
  An orange crystal statue (Zig:13)
  A deep troll (shapeshifter) (Zig:4)
  A spriggan druid (Zig:1)
  An iron giant zombie (Abyss:2)
  A deep elf archer (Zig:8)
  2 swamp dragons
  An orc knight (Zig:9)
  An obsidian statue (Zig:11)
  A phantasmal warrior (Zig:9)
  A thermic dynamo (Zig:8)
  2 deep elf pyromancers
  5 deep elf zephyrmancers
  A shining eye (Zig:13)
  2 moths of wrath (Zot:5)
  2 merfolk sirens (Zig:12)
  3 manticores (Zig:12)
  2 salamanders (Snake:3)
  3 slime creatures (Zig:13)
  An apocalypse crab (Zig:6)
  A water nymph (shapeshifter) (Zig:9)
  A black mamba (Snake:3)
  An eye of devastation (Zig:13)
  A water nymph (Zig:12)
  A naga skeleton (Tomb:1)
  An anaconda simulacrum (IceCv)
  A harpy zombie (Tomb:3)
  5 guardian mummies
  2 merfolk (Zig:12)
  A troll (Zig:7)
  An alligator simulacrum (IceCv)
  2 glass eyes (Zig:13)
  3 air elementals
  A centaur simulacrum (Tomb:3)
  7 ushabtiu
  A ynoxinul (Zig:14)
  A harpy simulacrum (IceCv)
  A naga (Snake:3)
  3 orc warriors
  2 ogres (Zig:7)
  An orc priest (Zig:5)
  An orc wizard (Zig:7)
  14 mummies
158 creatures vanquished.

Vanquished Creatures (others)
  An orb of fire (Zot:5)
  2 ancient liches
  9 royal mummies
  5 golden dragons
  A Brimstone Fiend (Zig:20)
  8 tentacled monstrosities
  9 Orb Guardians
  A death cob (Zot:5)
  2 eldritch tentacles (Zig:24)
  An ancient champion (Tomb:3)
  2 nagarajas (Zig:15)
  2 fenstrider witches
  A draconian knight (Zig:13)
  A fire giant (Depths:2)
  2 shard shrike simulacra
  A white draconian (Zig:21)
  A green draconian (Zig:12)
  An eleionoma (Zig:11)
  2 bunyips
  4 green deaths
  12 shambling mangroves
  3 mummy priests (Tomb:3)
  2 caustic shrike simulacra
  An alligator (Zig:19)
  3 hydras
  2 dancing weapons (Zig:13)
  A shock serpent (Snake:4)
  2 death scarabs
  A spriggan (Zig:18)
  A skeletal warrior (Tomb:3)
  A salamander mystic (Snake:4)
  A sixfirhy (Abyss:2)
  A sea snake (Zig:12)
  A goliath frog (Zig:19)
  A swamp dragon (Zig:14)
  A spriggan druid (Zig:4)
  A spriggan simulacrum (Coc:5)
  A flayed ghost (Zig:26)
  A phantasmal warrior (Zig:5)
  An oklob plant (Lair:4)
  A deep elf zephyrmancer (Elf:3)
  A salamander (Snake:4)
  A will-o-the-wisp (Zig:19)
  A black mamba (Snake:4)
  A water nymph (Zig:15)
  9 guardian mummies
  A tormentor (Zig:27)
  A harpy zombie (Tomb:2)
  A bloated husk (Zig:4)
  15 hornets
  2 saltlings (Desolation)
  A water elemental (Zig:17)
  A dire elephant simulacrum (Coc:7)
  2 humans (D:14)
  An ushabti (Tomb:3)
  2 harpy simulacra (Coc:7)
  A swamp worm (Swamp:2)
  A naga (Zig:22)
  12 mummies
  2 creeping infernos
  A fire vortex (Zig:5)
  28 foxfires
  4 starspawn tentacles
  4 tentacles (Tar:7)
188 creatures vanquished.

Grand Total: 14244 creatures vanquished

Notes
Turn   | Place    | Note
-------+----------+-------------------------------------------
     0 | D:1      | stone111 the Coglin Alchemist began the quest for the Orb.
     0 | D:1      | Reached XP level 1. HP: 13/13 MP: 3/3
   106 | D:1      | Reached skill level 1 in Conjurations
   148 | D:1      | Reached XP level 2. HP: 20/20 MP: 0/4
   212 | D:1      | Learned a level 2 spell: Mercury Vapours
   863 | D:2      | Reached XP level 3. HP: 13/25 MP: 2/6
   941 | D:2      | Reached skill level 1 in Fighting
   942 | D:2      | You fall into a shaft and drop 2 floors!
  1012 | D:4      | Reached XP level 4. HP: 32/32 MP: 7/7
  1071 | D:4      | Found a runed translucent gate.
  1071 | D:4      | Found a runed translucent gate.
  1071 | D:4      | Found a runed translucent gate.
  1073 | D:4      | Noticed Xerrl's ghost (novice CoDe)
  1073 | D:4      | Noticed Lovepenguin's ghost (amateur OnAE)
  1073 | D:4      | Noticed waagh's ghost (amateur TrCK)
  1081 | D:4      | Noticed Ijyb
  1127 | D:4      | Killed Ijyb
  1171 | D:4      | Reached skill level 1 in Long Blades
  1545 | D:4      | Reached XP level 5. HP: 37/37 MP: 5/8
  1596 | D:4      | Noticed Grinder
  1601 | D:4      | Paralysed by Grinder for 2 turns
  1617 | D:5      | Entered Level 5 of the Dungeon
  1830 | D:5      | Reached XP level 6. HP: 39/45 MP: 7/10
  1872 | D:5      | Found an iron altar of Okawaru.
  1998 | D:5      | Reached XP level 7. HP: 52/52 MP: 4/11
  2137 | D:5      | Found a staircase to the Ecumenical Temple.
  2143 | Temple   | Found a transporter.
  2143 | Temple   | Found a transporter.
  2143 | Temple   | Found a transporter.
  2143 | Temple   | Found a transporter.
  2143 | Temple   | Entered the Ecumenical Temple
  2156 | Temple   | Became a worshipper of Gozag Ym Sagoz the Greedy
  2242 | D:5      | Found a sparkling altar of Nemelex Xobeh.
  2287 | D:5      | Noticed Dowan
  2288 | D:5      | Noticed Duvessa
  2301 | D:5      | Killed Duvessa
  2307 | D:5      | Killed Dowan
  2715 | D:4      | Noticed Pikel
  2736 | D:4      | Killed Pikel
  2737 | D:4      | Reached skill level 5 in Long Blades
  2737 | D:4      | Reached XP level 8. HP: 46/61 MP: 9/12
  2817 | D:4      | Found a sacrificial altar of Ru.
  3022 | D:4      | Killed Grinder
  3023 | D:4      | Reached skill level 5 in Fighting
  3637 | D:3      | Found a blossoming altar of Fedhas.
  4200 | D:2      | Noticed Robin
  4280 | D:2      | Killed Robin
  4733 | D:6      | Reached XP level 9. HP: 68/68 MP: 9/13
  4842 | D:6      | Found a radiant altar of Vehumet.
  4970 | D:6      | Reached skill level 1 in Air Magic
  5593 | D:7      | Learned a level 4 spell: Olgreb's Toxic Radiance
  5596 | D:7      | Learned a level 2 spell: Blink
  5782 | D:7      | Reached skill level 5 in Alchemy
  5931 | D:7      | Found a stormy altar of Qazlal.
  6415 | D:8      | Reached XP level 10. HP: 50/74 MP: 11/16
  6423 | D:8      | Reached skill level 5 in Spellcasting
  6735 | D:8      | Found a shimmering altar of Xom.
  6830 | D:8      | Got Docvufot's Folio of Tectonic Ice
  7112 | D:9      | Reached skill level 10 in Long Blades
  7358 | D:9      | Found a transporter.
  7399 | D:9      | Noticed a two-headed ogre
  7414 | D:9      | Identified a scroll of acquirement
  7451 | D:9      | Acquired a +6 heavy double sword
  7495 | D:9      | Found a transporter.
  7538 | D:9      | Killed a two-headed ogre
  7539 | D:9      | Reached skill level 1 in Translocations
  7649 | D:9      | Noticed Erolcha
  7656 | D:9      | Killed Erolcha
  7657 | D:9      | Reached XP level 11. HP: 52/80 MP: 18/18
  8135 | D:9      | Found a runed translucent gate.
  8135 | D:9      | Found a runed translucent gate.
  8135 | D:9      | Noticed DANddo's ghost (novice DrSh)
  8187 | D:9      | Found a runed translucent gate.
  8346 | D:10     | Entered Level 10 of the Dungeon
  8381 | D:10     | Found a shadowy altar of Dithmenos.
  8426 | D:10     | Reached skill level 5 in Dodging
  8526 | D:10     | Found a glowing golden altar of the Shining One.
  8569 | D:10     | Noticed a death yak
  8585 | D:10     | Killed a death yak
  8586 | D:10     | Reached skill level 1 in Evocations
  8647 | D:10     | Found a staircase to the Lair.
  8721 | D:10     | Found a flagged portal.
  8753 | Bailey   | Entered a bailey
  8913 | Bailey   | Noticed Prince Ribbit
  8915 | Bailey   | Noticed a vault guard
  8938 | Bailey   | Killed a vault guard
  8938 | Bailey   | Killed Prince Ribbit
  9114 | Bailey   | Noticed a vault guard
  9188 | Bailey   | Killed a vault guard
  9189 | Bailey   | Reached skill level 5 in Stealth
  9189 | Bailey   | Reached XP level 12. HP: 89/89 MP: 1/19
  9453 | D:10     | Found a portal to a secret trove of treasure.
  9781 | Lair:1   | Entered Level 1 of the Lair of Beasts
 10295 | Lair:1   | Noticed a catoblepas
 10303 | Lair:1   | Killed a catoblepas
 10304 | Lair:1   | Reached skill level 5 in Evocations
 10389 | Lair:1   | Noticed Joseph
 10410 | Lair:1   | Joseph changed into Joseph the golden eye
 10410 | Lair:1   | Noticed Joseph
 10416 | Lair:1   | Killed Joseph the golden eye
 10589 | Lair:1   | You fall into a shaft and drop 1 floor!
 10589 | Lair:2   | Found a staircase to the Snake Pit.
 10635 | Lair:2   | Found a staircase to the Swamp.
 10921 | Lair:2   | Found a runed translucent gate.
 10921 | Lair:2   | Found a runed translucent gate.
 10922 | Lair:2   | Found a runed translucent gate.
 10926 | Lair:2   | Noticed Oddempem's ghost (journeyman NaIE)
 11395 | Lair:2   | Reached XP level 13. HP: 74/98 MP: 8/20
 14602 | Lair:4   | Identified the +0 cloak of Elitism {Harm rPois rC-}
 14896 | Lair:4   | Reached skill level 15 in Long Blades
 14908 | Lair:4   | Identified the +4 orcbow of Ifrille {freeze, rC+ Str+5}
 15024 | Lair:5   | Entered Level 5 of the Lair of Beasts
 15032 | Lair:5   | Reached skill level 10 in Fighting
 15036 | Lair:5   | Reached skill level 1 in Shapeshifting
 15043 | Lair:5   | Reached XP level 14. HP: 76/110 MP: 19/21
 15418 | Lair:5   | Found a viscous altar of Jiyva.
 15419 | Lair:5   | Found a staircase to the Slime Pits.
 15607 | Lair:5   | Reached skill level 5 in Shapeshifting
 16115 | Lair:5   | Found a runed translucent gate.
 16116 | Lair:5   | Found a runed translucent gate.
 16117 | Lair:5   | Found a runed translucent gate.
 16127 | Lair:5   | Noticed csikos's ghost (journeyman TrFi)
 16168 | Lair:5   | Noticed a dire elephant
 16168 | Lair:5   | Noticed a dire elephant
 16169 | Lair:5   | Noticed a dire elephant
 16169 | Lair:5   | Noticed a dire elephant
 16180 | Lair:5   | Killed a dire elephant
 16182 | Lair:5   | Killed a dire elephant
 16224 | Lair:5   | Noticed a dire elephant
 16234 | Lair:5   | Killed a dire elephant
 16478 | Lair:5   | Identified the ring "Manisuhe" {rC+ rN+ rCorr}
 16624 | Lair:5   | Killed a dire elephant
 16630 | Lair:5   | Killed a dire elephant
 17026 | Lair:5   | Learned a level 4 spell: Ignite Poison
 17338 | Lair:5   | Killed csikos's ghost
 17339 | Lair:5   | Reached XP level 15. HP: 55/115 MP: 22/22
 17571 | Lair:2   | Reached skill level 1 in Fire Magic
 17577 | Lair:2   | Killed Oddempem's ghost
 17962 | D:10     | Acquired a bismuth cryosamoflange {rC+ Slay+3 Clar RMsl}
 17983 | D:11     | Found a staircase to the Orcish Mines.
 18109 | D:11     | Reached skill level 10 in Shapeshifting
 18122 | D:11     | Noticed Sonja
 18123 | D:11     | Sonja changed into Sonja the hornet
 18123 | D:11     | Noticed Sonja
 18128 | D:11     | Killed Sonja the hornet
 18752 | D:11     | Identified the +1 pair of boots of the Unicorn {rF+}
 18940 | Orc:1    | Entered Level 1 of the Orcish Mines
 19107 | Orc:1    | Noticed an orc warlord
 19143 | Orc:1    | Killed an orc warlord
 19428 | Orc:2    | Entered Level 2 of the Orcish Mines
 20426 | Orc:2    | Found Tith's Book Boutique.
 20426 | Orc:2    | Found Gakhlosi's Book Shoppe.
 20429 | Orc:2    | Found Zeab's Book Boutique.
 20429 | Orc:2    | Found Xehedghuk's Armour Shoppe.
 20782 | Orc:2    | Found a staircase to the Elven Halls.
 21096 | Orc:2    | Bought an embroidered scarf for 224 gold pieces
 21119 | Orc:2    | Bought a book of Battle for 480 gold pieces
 21120 | Orc:2    | Bought a There-And-Back Book for 396 gold pieces
 22739 | D:13     | Noticed Celudghu's ghost (journeyman TeCj)
 22740 | D:13     | Found a transporter.
 22762 | D:13     | Found a transporter.
 23420 | D:14     | Reached XP level 16. HP: 48/123 MP: 3/25
 23691 | D:14     | Noticed Kirke
 23704 | D:14     | Killed Kirke
 23836 | D:14     | Learned a level 7 spell: Manifold Assault
 24433 | D:14     | Found a gate to the Vaults.
 24561 | D:14     | Found Boaxeriph's General Store.
 24566 | D:14     | Found Guciyl's Armour Emporium.
 24569 | D:14     | Bought a potion of might for 64 gold pieces
 24904 | D:14     | Identified the +11 chain mail of Hide-and-Seek {*Corrode
                  | rC+ Will+ Dex+3}
 24915 | D:14     | Found Qanwitri's Distillery.
 24924 | D:14     | Bought a potion of attraction for 33 gold pieces
 24924 | D:14     | Bought a potion of haste for 110 gold pieces
 24924 | D:14     | Bought a potion of heal wounds for 55 gold pieces
 25075 | D:15     | Entered Level 15 of the Dungeon
 25521 | D:15     | Reached XP level 17. HP: 131/131 MP: 26/26
 26054 | D:15     | Found a staircase to the Depths.
 26170 | D:15     | Acquired 880 gold pieces
 26293 | Orc:2    | Bought the Grimoire of Voltage for 374 gold pieces
 26298 | Orc:2    | Learned a level 4 spell: Vhi's Electric Charge
 26409 | Snake:1  | Entered Level 1 of the Snake Pit
 26712 | Snake:1  | Reached skill level 10 in Dodging
 27167 | Snake:2  | Found a flickering gateway to a bazaar.
 27230 | Bazaar   | Entered a bazaar
 27230 | Bazaar   | Found Qiustrimp's Antique Armour Boutique.
 27230 | Bazaar   | Found Iwues's General Store.
 27235 | Bazaar   | Found Viupu's General Store.
 27252 | Bazaar   | Found Zeewkaof's General Store.
 27271 | Bazaar   | Found Ecwicwor's Distillery.
 27317 | Bazaar   | Bought a scroll of blinking for 90 gold pieces
 27326 | Bazaar   | Bought a pair of slimy boots for 218 gold pieces
 27326 | Bazaar   | Identified the +3 pair of boots of the Morning {rC+ Str+5
                  | Int-5} (You bought it in a shop in a bazaar)
 27349 | Bazaar   | Bought 2 potions of heal wounds for 150 gold pieces
 27368 | Bazaar   | Bought a potion of heal wounds for 65 gold pieces
 27368 | Bazaar   | Bought a potion of haste for 130 gold pieces
 27368 | Bazaar   | Bought a scroll of summoning for 123 gold pieces
 27382 | Bazaar   | Bought a potion of haste for 90 gold pieces
 27382 | Bazaar   | Bought a potion of mutation for 72 gold pieces
 27382 | Bazaar   | Bought a potion of curing for 27 gold pieces
 27382 | Bazaar   | Bought a potion of curing for 27 gold pieces
 27382 | Bazaar   | Bought a potion of curing for 27 gold pieces
 27516 | Snake:2  | Reached skill level 5 in Translocations
 27517 | Snake:2  | Identified the serpent talisman of Light {Str+2}
 27517 | Snake:2  | Noticed Aizul
 27526 | Snake:2  | Killed Aizul
 27762 | Snake:2  | Reached XP level 18. HP: 96/140 MP: 27/27
 28426 | Snake:3  | Reached skill level 5 in Air Magic
 28558 | Snake:3  | Found the ring of Shadows {Umbra +Inv Stlth+}
 28684 | Snake:3  | Noticed Bai Suzhen
 28700 | Snake:3  | Killed Bai Suzhen
 29053 | Snake:3  | Found the +7 sceptre of Torment {pain, torment}
 29203 | Snake:4  | Entered Level 4 of the Snake Pit
 29203 | Snake:4  | Found a huge runed translucent gate.
 29203 | Snake:4  | Found a huge runed translucent gate.
 29203 | Snake:4  | Found a huge runed translucent gate.
 29203 | Snake:4  | Found a huge runed translucent gate.
 29203 | Snake:4  | Found a huge runed translucent gate.
 29849 | Snake:4  | Found Velol's Assorted Antiques.
 29851 | Snake:4  | Found Niezau's Armour Boutique.
 29853 | Snake:4  | Found Erraoth's Armour Shop.
 29857 | Snake:4  | Bought a scroll of revelation for 187 gold pieces
 30285 | Snake:4  | Reached skill level 15 in Shapeshifting
 30359 | Snake:4  | Reached XP level 19. HP: 146/146 MP: 28/28
 30534 | Snake:4  | Reached skill level 10 in Translocations
 31245 | Snake:4  | Got a serpentine rune of Zot
 31502 | Snake:4  | Bought a scroll of brand weapon for 237 gold pieces
 31611 | Swamp:1  | Entered Level 1 of the Swamp
 32501 | Swamp:2  | Noticed Nikola
 32509 | Swamp:2  | Killed Nikola
 32528 | Swamp:2  | Noticed Frances
 32690 | Swamp:2  | Killed Frances
 33045 | Swamp:2  | Noticed Mlioglotl
 33242 | Swamp:2  | Killed Mlioglotl
 33992 | Swamp:3  | Found the necklace of Bloodlust {Fury *Rage Will++ Int-3
                  | Slay+6}
 34659 | Swamp:4  | Entered Level 4 of the Swamp
 35115 | Swamp:4  | Noticed Mara
 35116 | Swamp:4  | Noticed stone111's illusion
 35243 | Swamp:4  | Reached XP level 20. HP: 156/156 MP: 31/31
 35510 | Swamp:4  | Killed Mara
 35805 | Swamp:4  | Found a blossoming altar of Fedhas.
 35941 | Swamp:4  | Found a basalt altar of Yredelemnul.
 35955 | Swamp:4  | Got a decaying rune of Zot
 36279 | Elf:1    | Entered Level 1 of the Elven Halls
 36340 | Elf:1    | Found Gipoirej's Antique Armour Shoppe.
 36346 | Elf:1    | Bought an embroidered scarf for 224 gold pieces
 36349 | Elf:1    | Bought a runed scarf for 224 gold pieces
 36358 | Elf:1    | Paralysed by an air elemental for 1 turns
 36371 | Elf:1    | Found a glacial archway.
 36379 | Elf:1    | Acquired 723 gold pieces
 36385 | Elf:1    | Found a glowing silver altar of Zin.
 36387 | Elf:1    | Found a glowing golden altar of the Shining One.
 36388 | Elf:1    | Found a crumbling gateway.
 36396 | IceCv    | Entered an ice cave
 36401 | IceCv    | Found a transporter.
 36451 | IceCv    | Found a transporter.
 36517 | Elf:1    | Found a white marble altar of Elyvilon.
 36551 | Desolati | Entered the Desolation of Salt
 36882 | Desolati | Found the +7 staff of the Meek {protect, meekguard}
 36888 | Desolati | Identified the amulet "Veusaf" {Acrobat rElec Will- Int-3
                  | Dex+7}
 36899 | Desolati | Identified the +7 hand axe of Joyful Slaughter {speed,
                  | *Rage rPois rC+++ Str-2}
 37055 | Desolati | Identified the ring of Beurch {Fly Str+4 SInv}
 37183 | Desolati | Identified the +3 leather armour "Coowk" {Rampage}
 37289 | Desolati | Got the Octavo of Boreal Interference
 37426 | Desolati | Got the Encyclopedia of the Jinx and Cold
 37427 | Desolati | Identified the ring "Uloug" {rElec rF++ rCorr Str-3}
 37429 | Desolati | Got the Disquisition on Gritty Maleficent Spells
 37858 | Elf:1    | Paralysed by an air elemental for 1 turns
 38564 | Elf:2    | Reached XP level 21. HP: 166/166 MP: 26/34
 38638 | Elf:2    | Found a runed translucent gate.
 38638 | Elf:2    | Found a runed translucent gate.
 38638 | Elf:2    | Found a runed translucent gate.
 39055 | Elf:2    | Reached skill level 10 in Spellcasting
 39056 | Elf:2    | Reached skill level 15 in Fighting
 39442 | Elf:3    | Entered Level 3 of the Elven Halls
 39579 | Elf:3    | Reached skill level 15 in Translocations
 40436 | Abyss:2  | Found a corrupted altar of Lugonu.
 40436 | Abyss:2  | Cast into level 2 of the Abyss (a deep elf sorcerer)
 40610 | Abyss:2  | Paralysed by accursed screaming for 1 turns
 40714 | Abyss:2  | Noticed a bone dragon
 40726 | Abyss:2  | Killed a bone dragon
 40737 | Elf:3    | Escaped the Abyss
 41003 | Elf:3    | Identified the +4 short sword of the Gnashing Salmon
                  | {spect, Int-2 Dex+6}
 41003 | Elf:3    | Identified the +3 rapier of Bygugug {speed, *Corrode +Blink
                  | Dex+4}
 41020 | Elf:3    | Identified the +9 lajatang "Gadgheqi" {speed, Dex+5}
 41338 | Elf:3    | Identified the +4 rapier of Woefol {antimagic, rElec rC-
                  | Int+2}
 41341 | Elf:3    | Identified the +5 glaive of Kutedghi {pain, rC+ Int+2}
 41528 | Elf:3    | Identified the staff "Jarhar" {rElec rPois Str+3 SInv Air}
 41877 | Vaults:1 | Entered Level 1 of the Vaults
 42028 | D:13     | Reached XP level 22. HP: 175/175 MP: 28/36
 42031 | D:13     | Killed Celudghu's ghost
 42199 | D:9      | Killed DANddo's ghost
 42627 | Vaults:1 | Identified the +8 hand axe "Muweuff" {elec, rPois Dex+3}
 42629 | Vaults:1 | Identified the ring of Alof Cac {Fire rElec rN+ Str-2
                  | Dex+3}
 42669 | Vaults:1 | Identified the +4 leather armour of the Vaults {+Inv rN++
                  | rCorr Int+4}
 42671 | Vaults:1 | Identified the +9 dagger "Daiz" {flame, rElec rN+}
 43983 | Vaults:2 | Found Rituc's Magic Scroll Shoppe.
 43987 | Vaults:2 | Bought a scroll of teleportation for 45 gold pieces
 43987 | Vaults:2 | Bought a scroll of revelation for 112 gold pieces
 44080 | Vaults:2 | Noticed Donald
 44084 | Vaults:2 | Killed Donald
 44169 | Vaults:2 | Found Ixiexoutt's General Store.
 44178 | Vaults:2 | Bought a scroll of teleportation for 60 gold pieces
 44178 | Vaults:2 | Bought 2 potions of heal wounds for 200 gold pieces
 44575 | Vaults:2 | You fall into a shaft and drop 2 floors!
 44763 | Vaults:4 | Learned a level 6 spell: Gell's Gavotte
 44768 | Vaults:4 | Learned a level 3 spell: Fugue of the Fallen
 44775 | Vaults:4 | Learned a level 6 spell: Dispersal
 44784 | Vaults:4 | Learned a level 8 spell: Disjunction
 46439 | Vaults:3 | Reached XP level 23. HP: 181/181 MP: 28/39
 46472 | Vaults:3 | Found a shimmering blue altar of Sif Muna.
 46638 | Vaults:3 | Noticed Margery
 46640 | Vaults:3 | Killed Margery
 47834 | Vaults:3 | Found a staircase to the Crypt.
 47910 | Vaults:2 | Found Zonatul's Assorted Antiques.
 47915 | Vaults:2 | Bought a potion of mutation for 264 gold pieces
 47915 | Vaults:2 | Bought a potion of magic for 264 gold pieces
 47929 | Vaults:2 | Identified the ring of Ubink {rN+ Int+3 Dex+6}
 48803 | Vaults:5 | Entered Level 5 of the Vaults
 48904 | Vaults:5 | Noticed a golden dragon
 48908 | Vaults:5 | Killed a golden dragon
 49475 | Vaults:5 | Identified the +1 robe of Tortured Wonder {^Drain rC+ rN++
                  | MP+9}
 49536 | Vaults:5 | Identified the +5 short sword "Spiderbane" {speed, *Rage
                  | +Blink rPois Int+3}
 49606 | Vaults:5 | Reached XP level 24. HP: 191/191 MP: 32/39
 50025 | Vaults:5 | Identified the +3 mace of Terror {holy, rElec Str+3}
 50957 | Vaults:5 | Identified the +6 flail of Propriety {distort, rPois Will++
                  | Str-3 Stlth+}
 50959 | Vaults:5 | Identified the ring of Attitude {rPois Int+2}
 51032 | Vaults:5 | Identified the +4 long sword "Thing" {drain, rCorr MP+9}
 51044 | Vaults:5 | Identified the +2 war axe "Zecuf" {vamp, Will+ rCorr Int+3}
 51072 | Vaults:5 | Identified the +1 robe of Hedonism {Regen+ Slay+3 Stlth+}
 51075 | Vaults:5 | Got a silver rune of Zot
 51087 | Vaults:5 | Identified the +3 hand axe "Ofihemn" {drain, *Rage rF+
                  | Str+3}
 51090 | Vaults:5 | Got Tag Riasch's Papyrus of the Heavy Birds
 51914 | Slime:1  | Entered Level 1 of the Pits of Slime
 52230 | Slime:5  | Entered Level 5 of the Pits of Slime
 52334 | Slime:5  | Found the +18 shield of the Gong {Loud rN+ Will+ rCorr
                  | EV-5}
 52347 | Slime:5  | Noticed the Royal Jelly
 52897 | Slime:5  | Killed the Royal Jelly
 53123 | Slime:5  | Got a slimy rune of Zot
 53330 | Slime:5  | Identified the +8 shortbow "Lifebane" {flame, rPois Int+2}
 53331 | Slime:5  | Identified the staff of Righteous Fury {*Slow rF+ rN++
                  | Conj}
 53597 | Slime:5  | Identified the +0 pearl dragon scales of Jiumy {rN+ Int+4}
 54219 | Depths:1 | Entered Level 1 of the Depths
 54241 | Depths:1 | You fall into a shaft and drop 1 floor!
 54243 | Depths:2 | Found a runed translucent door.
 54317 | Depths:2 | Reached XP level 25. HP: 199/199 MP: 40/40
 54361 | Depths:2 | Gained mutation: Your spells are a little easier to cast,
                  | but a little less powerful. [a neqoxec]
 54522 | Depths:2 | Found a one-way gate to the infinite horrors of the Abyss.
 54543 | Depths:2 | Found Kocialyn's Antique Armour Emporium.
 54552 | Depths:2 | Bought a runed scarf for 344 gold pieces
 54564 | Depths:2 | Found a gateway to Hell.
 54715 | Depths:2 | Found a one-way gate leading to the halls of Pandemonium.
 54802 | Depths:2 | Identified the +1 leather armour "Plog" {Dex+6 Stlth-}
 55899 | Depths:1 | Learned a level 2 spell: Mercury Vapours
 56271 | Depths:1 | Identified the +10 lajatang "Orb Guardian's Bane" {flame,
                  | *Rage Fly rElec rC-}
 56272 | Depths:1 | Identified the +5 longbow of the Meager God {speed, rPois}
 56513 | Depths:1 | Bought a brightly glowing long sword for 280 gold pieces
 56513 | Depths:1 | Identified the +5 long sword of the Present {freeze, Int+4}
                  | (You bought it in a shop on level 1 of the Depths)
 56522 | Depths:1 | Bought the +5 demon whip "Spellbinder" {antimagic, disrupt,
                  | Will+} for 826 gold pieces
 56522 | Depths:1 | Found the +5 demon whip "Spellbinder" {antimagic, disrupt,
                  | Will+}
 56634 | Depths:1 | Bought a potion of might for 80 gold pieces
 56786 | Orc:2    | Bought Great Wizards, Vol. II for 418 gold pieces
 56929 | Depths:2 | Learned a level 6 spell: Eringya's Noxious Bog
 57954 | Depths:3 | Identified the +2 robe "Femn" {rF++}
 57954 | Depths:3 | Noticed Boris
 57956 | Depths:3 | Killed Boris
 58856 | Depths:3 | Found a hide-covered altar of Uskayaw.
 58871 | Depths:3 | Reached XP level 26. HP: 210/210 MP: 18/41
 59109 | Depths:4 | Entered Level 4 of the Depths
 59312 | Depths:4 | Found a one-way gateway to a ziggurat.
 60087 | Depths:4 | Found a gate to the Realm of Zot.
 60195 | Depths:4 | Identified the +6 longbow of Ashenzari {drain, rElec rC-
                  | Str+2 Dex+3}
 60632 | Depths:4 | Found Mus Besi's Jewellery Emporium.
 60633 | Depths:4 | Found Daxahaq's Book Shop.
 60633 | Depths:4 | Found Uppual's Book Shop.
 60721 | Depths:4 | Found a broken altar of Ashenzari.
 60968 | Depths:1 | Bought smoking fire dragon scales for 2990 gold pieces
 60968 | Depths:1 | Identified the +4 fire dragon scales of Rinynuha {rF++ rC-
                  | Int+3 Dex+3 SInv} (You bought it in a shop on level 1 of
                  | the Depths)
 61135 | D:10     | You paid a toll of +4 fire dragon scales to enter a
                  | treasure trove
 61136 | Trove    | Entered a treasure trove
 61429 | Zig:1    | Entered Level 1 of a ziggurat
 61459 | Zig:2    | Entered Level 2 of a ziggurat
 61459 | Zig:2    | Noticed Sirewk the pandemonium lord
 61466 | Zig:2    | Killed Sirewk the pandemonium lord
 61467 | Zig:2    | Reached skill level 1 in Necromancy
 61478 | Zig:2    | Acquired a manual of Translocations
 61522 | Zig:3    | Entered Level 3 of a ziggurat
 61529 | Zig:3    | Identified the +5 halberd "Qomn" {heavy, rElec rF- Int+3
                  | Stlth+}
 61531 | Zig:3    | Identified the +1 crystal plate armour "Voicaek" {Harm
                  | rElec Dex+5 Stlth-}
 61546 | Zig:4    | Entered Level 4 of a ziggurat
 61547 | Zig:4    | Found the amulet of the Air {Inacc Air Fly rElec RMsl}
 61644 | Zig:5    | Entered Level 5 of a ziggurat
 61683 | Zig:6    | Entered Level 6 of a ziggurat
 61685 | Zig:6    | Noticed an ancient lich
 61688 | Zig:6    | Killed an ancient lich
 61701 | Zig:6    | Identified the staff of Juenk {Dex+2 Stlth+ Conj}
 61714 | Zig:6    | Identified the +2 robe of the Eight Boll Weevils {Harm
                  | rElec rCorr SInv}
 61734 | Zig:7    | Entered Level 7 of a ziggurat
 61813 | Zig:7    | Identified the staff "Voompa" {rC+ Str-2 Int+3 Tloc Ice
                  | Alchemy}
 61814 | Zig:7    | Identified the +4 trident "Meaddeg" {venom, rPois rF+++ rC-
                  | Will+}
 61828 | Zig:7    | Identified the +7 glaive of Urgency {holy, rF- Int+7}
 61861 | Zig:8    | Entered Level 8 of a ziggurat
 61867 | Zig:8    | Noticed a royal mummy
 61871 | Zig:8    | Killed a royal mummy
 62019 | Zig:9    | Entered Level 9 of a ziggurat
 62030 | Zig:9    | Reached XP level 27. HP: 219/219 MP: 5/41
 62056 | Zig:9    | Identified the ring "Hiuny" {Wiz rF- rCorr MP+9}
 62079 | Zig:9    | Identified the +0 leather armour of Faejiw {rF+ Regen+}
 62135 | Zig:9    | Reached skill level 15 in Dodging
 62137 | Zig:10   | Entered Level 10 of a ziggurat
 62143 | Zig:10   | Noticed an ancient lich
 62145 | Zig:10   | Killed an ancient lich
 62168 | Zig:10   | Got the Grimoire of Adjuration
 62172 | Zig:10   | Identified the +7 battleaxe of Wu Jian, Uplifting {elec,
                  | *Slow rN+ Int+3}
 62241 | Zig:11   | Entered Level 11 of a ziggurat
 62246 | Zig:11   | Noticed a dread lich
 62251 | Zig:11   | Killed a dread lich
 62394 | Zig:12   | Entered Level 12 of a ziggurat
 62396 | Zig:12   | Reached skill level 5 in Necromancy
 62559 | Zig:12   | Identified the +7 flail "Badaal" {spect, rElec rPois rF-}
 62562 | Zig:12   | Identified the ring of Daisies {rN+ Str+6 Int+3 Slay+3}
 62563 | Zig:12   | Identified the +3 leather armour of Forking Paths {rElec
                  | rPois rF- Slay-2}
 62568 | Zig:12   | Identified the +5 rapier of Terra Nullius {drain, Will+}
 62624 | Zig:13   | Entered Level 13 of a ziggurat
 62776 | Zig:13   | Got the Parchment of the Amassed Wendigo
 62782 | Zig:13   | Identified the +3 great mace of the Wizarding Gods {heavy,
                  | rC++ Int+3 Dex+3}
 62785 | Zig:14   | Entered Level 14 of a ziggurat
 62911 | Zig:14   | Identified the +6 quarterstaff of Objectivity {pain,
                  | ^Fragile Dex+6}
 62965 | Zig:14   | Lost mutation: Your spells are a little easier to cast, but
                  | a little less powerful. [potion of mutation]
 62965 | Zig:14   | Gained mutation: You sometimes lose your temper in combat.
                  | [potion of mutation]
 62993 | Zig:15   | Entered Level 15 of a ziggurat
 63189 | Zig:15   | Got the Tome of the Volley
 63197 | Zig:15   | Identified the +5 mace of the Realm of Zot {venom, *Noise
                  | rPois Str+3 Dex+8}
 63204 | Zig:15   | Identified the staff "Omiantul" {Summ Earth}
 63207 | Zig:15   | Identified the +12 triple sword "Demon's Funeral" {drain,
                  | MP+9 Str+4 Dex+3}
 63217 | Zig:16   | Entered Level 16 of a ziggurat
 63243 | Zig:16   | Found the +7 Spriggan's Knife {stab, EV+4 Stlth+}
 63418 | Zig:16   | Identified the +3 shortbow of the Stained God {flame, rElec
                  | rC+}
 63427 | Zig:16   | Identified the +10 spear "Qamum" {heavy, *Noise rF+ Dex+6}
 63484 | Zig:16   | Identified the +0 scale mail of Boplow {Str+4}
 63498 | Zig:17   | Entered Level 17 of a ziggurat
 63646 | Zig:17   | Identified the +12 sling of Benevolence {elec, Dex+8}
 63652 | Zig:17   | Identified the +5 scale mail of Compression {Harm Will+}
 63654 | Zig:17   | Identified the +3 scale mail "Zuimeffa" {Harm *Corrode
                  | Str-2 Dex+9}
 63655 | Zig:17   | Identified the ring "Liotar" {Ice rElec Will+ Slay+2
                  | Stlth+}
 63747 | Zig:18   | Entered Level 18 of a ziggurat
 63835 | Zig:18   | Identified the ring "Tontanum" {Str+4 Dex+6}
 63847 | Zig:18   | Identified the ring of Nootris {Wiz rC+ rN+ Will+ Dex-4}
 63874 | Zig:18   | Identified the +3 dire flail of Sysiclemn {heavy, *Slow rF+
                  | Int+2}
 63877 | Zig:18   | Identified the +1 swamp dragon scales of Baox {rPois rC+}
 63889 | Zig:19   | Entered Level 19 of a ziggurat
 63890 | Zig:19   | Noticed a royal mummy
 63893 | Zig:19   | Killed a royal mummy
 64180 | Zig:19   | Found the +27 heavy crossbow "Sniper" {heavy, Acc+∞ SInv}
 64187 | Zig:19   | Got Xextey's Tractate on Spelunking
 64193 | Zig:19   | Identified the +2 pair of gloves of Viny Mirth {Will+}
 64194 | Zig:19   | Identified the ring "Noato" {Ice rPois Will+ rCorr MP+9}
 64215 | Zig:19   | Identified the +7 lajatang "Jiat" {vamp, *Noise Will+
                  | Dex+4}
 64322 | Zig:19   | Got the Discourse on Gusty Minerals
 64325 | Zig:19   | Got Lefaahy's Quarto of Hazy Cohobation
 64330 | Zig:20   | Entered Level 20 of a ziggurat
 64346 | Zig:20   | Reached skill level 15 in Evocations
 64591 | Zig:20   | Got the Teachings on the Spatial Wendigo
 64593 | Zig:20   | Identified the +1 rapier "Ithrunt" {spect, rPois Str+5
                  | Int+4 Stlth+}
 64596 | Zig:20   | Identified the +6 sling "Degompev" {drain, Will+}
 64609 | Zig:20   | Identified the orb of the Teaching Gods {*Rage, rPois
                  | Alchemy}
 64628 | Zig:20   | Identified the +1 flail of the Pit {antimagic, rPois}
 64631 | Zig:20   | Identified the dragon-blood talisman "Cat Hauw" {rF+ Will+
                  | Str+3 Dex-4}
 64725 | Zig:21   | Entered Level 21 of a ziggurat
 64965 | Zig:21   | Found the +2 pair of slick slippers {slick, slippery, EV+4}
 65005 | Zig:21   | Identified the +5 ring mail of Watchfulness {+Inv Slay+2}
 65087 | Zig:21   | Identified the ring "Mygiodid" {rF+ rN+ Will- rCorr}
 65090 | Zig:22   | Entered Level 22 of a ziggurat
 65121 | Zig:22   | Gained mutation: Armour fits poorly on your strangely
                  | shaped body. [a shining eye]
 65122 | Zig:22   | Gained mutation: You are vulnerable to heat. (rF-) [a
                  | shining eye]
 65560 | Zig:22   | Identified the +3 ring mail of Immorality {rElec rPois
                  | Will+}
 65573 | Zig:22   | Identified the staff of Vam Nucy {rElec rPois Str-3 Int+4
                  | Ice Alchemy}
 65578 | Zig:22   | Lost mutation: You are vulnerable to heat. (rF-) [potion of
                  | mutation]
 65578 | Zig:22   | Lost mutation: Armour fits poorly on your strangely shaped
                  | body. [potion of mutation]
 65578 | Zig:22   | Gained mutation: You are weak. (Str -2) [potion of
                  | mutation]
 65587 | Zig:23   | Entered Level 23 of a ziggurat
 65611 | Zig:23   | Noticed a dread lich
 65611 | Zig:23   | Noticed a dread lich
 65613 | Zig:23   | Killed a dread lich
 65614 | Zig:23   | Killed a dread lich
 65616 | Zig:23   | Noticed an ancient lich
 65616 | Zig:23   | Noticed an ancient lich
 65617 | Zig:23   | Noticed an ancient lich
 65619 | Zig:23   | Killed an ancient lich
 65619 | Zig:23   | Killed an ancient lich
 65619 | Zig:23   | Noticed an ancient lich
 65621 | Zig:23   | Noticed an ancient lich
 65623 | Zig:23   | Killed an ancient lich
 65625 | Zig:23   | Killed an ancient lich
 65628 | Zig:23   | Killed an ancient lich
 65631 | Zig:23   | Noticed an ancient lich
 65631 | Zig:23   | Noticed a dread lich
 65633 | Zig:23   | Killed a dread lich
 65635 | Zig:23   | Killed an ancient lich
 65636 | Zig:23   | Noticed an ancient lich
 65641 | Zig:23   | Killed an ancient lich
 65873 | Zig:23   | Identified the ring of Wykkim {rC+ rN+ Will+}
 65899 | Zig:23   | Identified the +0 leather armour "Puczimpu" {rPois Str+3}
 65909 | Zig:24   | Entered Level 24 of a ziggurat
 65922 | Zig:24   | Noticed Facroh the pandemonium lord
 65923 | Zig:24   | Noticed Cacvej the pandemonium lord
 65923 | Zig:24   | Noticed Zilyruk the pandemonium lord
 65923 | Zig:24   | Noticed Liaf the pandemonium lord
 65924 | Zig:24   | Noticed Dopnioru the pandemonium lord
 65925 | Zig:24   | Noticed Vozirghi the pandemonium lord
 65926 | Zig:24   | Noticed Ythrim the pandemonium lord
 65927 | Zig:24   | Killed Facroh the pandemonium lord
 65927 | Zig:24   | Killed Ythrim the pandemonium lord
 65927 | Zig:24   | Killed Zilyruk the pandemonium lord
 65928 | Zig:24   | Noticed Patefau the pandemonium lord
 65929 | Zig:24   | Noticed Lysarish the pandemonium lord
 65929 | Zig:24   | Killed Liaf the pandemonium lord
 65929 | Zig:24   | Noticed Oputwebe the pandemonium lord
 65929 | Zig:24   | Noticed Tinwuah the pandemonium lord
 65931 | Zig:24   | Killed Tinwuah the pandemonium lord
 65931 | Zig:24   | Killed Oputwebe the pandemonium lord
 65932 | Zig:24   | Killed Vozirghi the pandemonium lord
 65932 | Zig:24   | Killed Lysarish the pandemonium lord
 65933 | Zig:24   | Noticed Ceonun the pandemonium lord
 65933 | Zig:24   | Noticed Paetawno the pandemonium lord
 65934 | Zig:24   | Reached skill level 27 in Long Blades
 65934 | Zig:24   | Killed Cacvej the pandemonium lord
 65940 | Zig:24   | Killed Patefau the pandemonium lord
 65943 | Zig:24   | Killed Dopnioru the pandemonium lord
 65944 | Zig:24   | Killed Ceonun the pandemonium lord
 65950 | Zig:24   | Killed Paetawno the pandemonium lord
 66228 | Zig:24   | Identified the -1 helmet of Context {rElec rN+ rCorr Int-4
                  | Slay-3}
 66244 | Zig:24   | Identified the +4 falchion of Fihuporu {pain, *Corrode
                  | rPois Will++}
 66251 | Zig:24   | Got the Incunable of the Dead
 66369 | Zig:25   | Entered Level 25 of a ziggurat
 66770 | Zig:25   | Identified the ring of Maniatef {rC- AC+4 Dex+4}
 66774 | Zig:25   | Identified the ring of Attitude {rCorr AC+4 Int+5 Slay-6}
 66776 | Zig:25   | Identified the amulet "Sizettukk" {Reflect Will+ SH+5
                  | Stlth+}
 66783 | Zig:25   | Identified the +10 sling "Inamet" {elec, Int+5}
 66806 | Zig:26   | Entered Level 26 of a ziggurat
 66853 | Zig:26   | Found the +12 glaive of Prune {freeze, Prune}
 66866 | Zig:26   | Found the +6 arbalest "Damnation" {damnation}
 66867 | Zig:26   | Found the ring of the Octopus King
 67021 | Zig:26   | Identified the +6 sling of Zuets {flame, Will+++ Dex-5 SInv
                  | Stlth-}
 67036 | Zig:26   | Identified a ring of the Octopus King {HP+2 AC+2 EV+2 SH+2
                  | SInv}
 67050 | Zig:26   | Identified the +10 hand axe of the Final Chapter {protect,
                  | +Blink rElec rC+ Dex+2}
 67054 | Zig:26   | Identified the staff of stone111's Quick Death {rPois rN+
                  | Str+3 Int+3 Alchemy}
 67058 | Zig:26   | Identified the +1 orcbow "Tossocut" {freeze, rF+ Int-3
                  | Dex+3}
 67246 | Zig:26   | Lost mutation: You sometimes lose your temper in combat.
                  | [potion of mutation]
 67246 | Zig:26   | Lost mutation: You are weak. (Str -2) [potion of mutation]
 67246 | Zig:26   | Gained mutation: Your mind is acute. (Int +4, Str/Dex -1)
                  | [potion of mutation]
 67248 | Zig:27   | Entered Level 27 of a ziggurat
 67531 | Zig:27   | Found the +1 cloak of Starlight {*Dazzle EV+4 Stlth--}
 67563 | Zig:27   | Identified the ring of Vadeenta {AC+4 Int+4 Dex+2}
 67578 | Zig:27   | Identified the +0 arbalest of Rubbish {heavy, rN+ Int+3
                  | Dex+3 Stlth-}
 67595 | Zig:27   | Identified the +1 rapier "Widupt" {chaos, Str+5 Int+3}
 67904 | Pan      | Entered Pandemonium
 67904 | Pan      | Found an exit through the horrors of the Abyss.
 67912 | Pan      | Took an exit into the Abyss.
 67912 | Abyss:2  | Escaped into the Abyss
 67946 | Abyss:2  | Found a corrupted altar of Lugonu.
 68137 | Abyss:3  | Found a corrupted altar of Lugonu.
 68178 | Abyss:3  | Noticed an ancient lich
 68183 | Abyss:3  | Killed an ancient lich
 68198 | Abyss:3  | Found a glowing golden altar of the Shining One.
 68204 | Abyss:3  | Noticed a juggernaut
 68205 | Abyss:3  | Killed a juggernaut
 68221 | Abyss:3  | Got an abyssal rune of Zot
 68239 | Depths:4 | Escaped the Abyss
 68244 | Pan      | Entered Pandemonium
 68306 | Pan      | Noticed Jotum the pandemonium lord
 68312 | Pan      | Killed Jotum the pandemonium lord
 68337 | Pan      | Got a demonic rune of Zot
 68447 | Pan      | Identified the +2 short sword "Jellyslayer" {speed, rElec
                  | rN+}
 68600 | Pan      | Found a transporter.
 68655 | Pan      | Found a transporter.
 68718 | Pan      | Identified the amulet "Utasishrodgh" {Acrobat rF+}
 68760 | Pan      | Identified the +1 helmet of Laah Mee {Rampage rC- Will-
                  | Str+5}
 68983 | Pan      | Noticed Pauxopn the pandemonium lord
 68986 | Pan      | Killed Pauxopn the pandemonium lord
 69049 | Pan      | Noticed Bepulism the pandemonium lord
 69052 | Pan      | Identified the +8 battleaxe of Fedhas's Condemnation
                  | {flame, *Rage rF++ SInv}
 69056 | Pan      | Killed Bepulism the pandemonium lord
 69110 | Pan      | Entered the realm of Lom Lobon.
 69374 | Pan      | Noticed Lom Lobon
 69381 | Pan      | Killed Lom Lobon
 69413 | Pan      | Got a magical rune of Zot
 69476 | Pan      | Paralysed by a fenstrider witch for 5 turns
 69922 | Pan      | Found an opulent altar of Gozag.
 69922 | Pan      | Gained mutation: You occasionally lose the ability to read
                  | scrolls when taking damage. [a neqoxec]
 69925 | Pan      | Found Qiaten's Exquisite Manuscripts.
 69927 | Pan      | Reached skill level 27 in Fighting
 69929 | Pan      | Noticed a dread lich
 69931 | Pan      | Killed a dread lich
 69933 | Pan      | Found Qiaten's Jewellery Emporium.
 69939 | Pan      | Noticed a dread lich
 69943 | Pan      | Killed a dread lich
 69963 | Pan      | Found an opulent altar of Gozag.
 69993 | Pan      | Found Qiaten's Quality Elixirs.
 69993 | Pan      | Noticed Qiaten the pandemonium lord
 69997 | Pan      | Killed Qiaten the pandemonium lord
 70009 | Pan      | Found an opulent altar of Gozag.
 70087 | Pan      | Found Qiaten's Rarities Hoard.
 70167 | Pan      | Bought a potion of cancellation for 152 gold pieces
 70167 | Pan      | Bought 2 potions of cancellation for 304 gold pieces
 70167 | Pan      | Bought a potion of cancellation for 152 gold pieces
 70167 | Pan      | Bought a potion of haste for 190 gold pieces
 70167 | Pan      | Bought a potion of haste for 190 gold pieces
 70167 | Pan      | Bought a potion of might for 76 gold pieces
 70167 | Pan      | Bought 2 potions of might for 152 gold pieces
 70167 | Pan      | Bought a potion of resistance for 190 gold pieces
 70167 | Pan      | Bought a potion of magic for 152 gold pieces
 70232 | Pan      | Bought a scroll of blinking for 180 gold pieces
 70280 | Pan      | Bought a potion of heal wounds for 95 gold pieces
 70280 | Pan      | Bought a potion of heal wounds for 95 gold pieces
 70343 | Pan      | Learned a level 1 spell: Apportation
 70355 | Pan      | Lost mutation: You occasionally lose the ability to read
                  | scrolls when taking damage. [potion of mutation]
 70355 | Pan      | Lost mutation: Your mind is acute. (Int +4, Str/Dex -1)
                  | [potion of mutation]
 70355 | Pan      | Gained mutation: Your mind is acute. (Int +4, Str/Dex -1)
                  | [potion of mutation]
 70355 | Pan      | Gained mutation: You are partially covered in iridescent
                  | scales. (AC +2) [potion of mutation]
 70622 | Pan      | Entered the realm of Cerebov.
 70632 | Pan      | Identified the ring of Accord {Wiz rF+++ Int+5 Dex+3
                  | Slay-4}
 70633 | Pan      | Found the +6 sword of Cerebov {flame}
 70633 | Pan      | Noticed Cerebov
 70641 | Pan      | Killed Cerebov
 70728 | Pan      | Identified the +0 ring mail "Buemuud" {rPois}
 70729 | Pan      | Identified the staff of Dried Tears {^Fragile +Blink rF+
                  | rC+ SInv Fire}
 70763 | Pan      | Identified the +10 halberd of Hoinew {freeze, rCorr Stlth+}
 70788 | Pan      | Identified the +4 dagger "Gulyw" {speed, rN+ Str+3}
 70905 | Pan      | Identified the +3 spear of the Twisting Seer {flame, Dex+4}
 70950 | Pan      | Identified the +7 plate armour "Hexzuusch" {-Tele rC++
                  | Str+5}
 71017 | Pan      | Got a fiery rune of Zot
 71215 | Pan      | Entered the realm of Gloorx Vloq.
 71703 | Pan      | Noticed Gloorx Vloq
 71706 | Pan      | Killed Gloorx Vloq
 71739 | Pan      | Got a dark rune of Zot
 72043 | Pan      | Entered the realm of Mnoleg.
 72045 | Pan      | Found an exit through the horrors of the Abyss.
 72200 | Pan      | Gained mutation: You are vulnerable to cold. (rC-) [a
                  | neqoxec]
 72284 | Pan      | Noticed Mnoleg
 72290 | Pan      | Killed Mnoleg
 72399 | Pan      | Got a glowing rune of Zot
 72511 | Pan      | Gained mutation: You have hidden genetic defects. [a
                  | cacodemon]
 72517 | Pan      | Reached skill level 15 in Spellcasting
 72586 | Pan      | Lost mutation: You have hidden genetic defects. [potion of
                  | mutation]
 72586 | Pan      | Lost mutation: You are vulnerable to cold. (rC-) [potion of
                  | mutation]
 72586 | Pan      | Gained mutation: A frigid envelope surrounds you and
                  | freezes all who hurt you. [potion of mutation]
 72586 | Pan      | Gained mutation: You are robust. (+10% HP) [potion of
                  | mutation]
 72588 | Pan      | Took an exit into the Abyss.
 72588 | Abyss:3  | Escaped into the Abyss
 72654 | Depths:4 | Escaped the Abyss
 72854 | Crypt:1  | Entered Level 1 of the Crypt
 73802 | Crypt:2  | Identified the +0 robe of Awerph {rPois rF+ rN+ Str+3}
 74219 | Crypt:3  | Entered Level 3 of the Crypt
 74494 | Crypt:3  | Found the +3 pair of seven-league boots {Rampage+∞}
 74709 | Crypt:3  | Identified the +4 robe of the Cuttlefish {rElec SInv}
 74709 | Crypt:3  | Noticed Boris
 74710 | Crypt:3  | Killed Boris
 74710 | Crypt:3  | Paralysed by a sphinx for 4 turns
 74747 | Crypt:3  | Identified the +6 dagger "Holiff" {freeze, rElec Str+4
                  | Dex+3}
 75152 | Crypt:3  | Found the +7 great mace "Undeadhunter" {deathbane, rN+}
 75369 | Crypt:3  | Found an ancient bone altar of Kikubaaqudgha.
 75371 | Crypt:3  | Noticed a dread lich
 75375 | Crypt:3  | Killed a dread lich
 75404 | Crypt:3  | Noticed a dread lich
 75405 | Crypt:3  | Killed a dread lich
 75486 | Crypt:3  | Found a staircase to the Tomb.
 75498 | Tomb:1   | Entered Level 1 of the Tomb of the Ancients
 76221 | Tomb:1   | Noticed a royal mummy
 76223 | Tomb:1   | Killed a royal mummy
 76352 | Tomb:1   | Identified the +5 long sword "Tosal Yzo" {spect, Str+3}
 76540 | Tomb:2   | Noticed a royal mummy
 76540 | Tomb:2   | Noticed a royal mummy
 76540 | Tomb:2   | Noticed a royal mummy
 76542 | Tomb:2   | Noticed a royal mummy
 76545 | Tomb:2   | Killed a royal mummy
 76546 | Tomb:2   | Killed a royal mummy
 76549 | Tomb:2   | Killed a royal mummy
 77156 | Tomb:1   | Noticed a royal mummy
 77156 | Tomb:1   | Noticed a royal mummy
 77158 | Tomb:1   | Killed a royal mummy
 77158 | Tomb:1   | Noticed a royal mummy
 77159 | Tomb:1   | Noticed a royal mummy
 77160 | Tomb:1   | Noticed a royal mummy
 77160 | Tomb:1   | Noticed a royal mummy
 77160 | Tomb:1   | Noticed a royal mummy
 77160 | Tomb:1   | Noticed a royal mummy
 77162 | Tomb:1   | Killed a royal mummy
 77163 | Tomb:1   | Killed a royal mummy
 77163 | Tomb:1   | Noticed a royal mummy
 77164 | Tomb:1   | Killed a royal mummy
 77164 | Tomb:1   | Killed a royal mummy
 77165 | Tomb:1   | Noticed a royal mummy
 77166 | Tomb:1   | Noticed a royal mummy
 77167 | Tomb:1   | Noticed a royal mummy
 77170 | Tomb:1   | Killed a royal mummy
 77170 | Tomb:1   | Killed a royal mummy
 77172 | Tomb:1   | Killed a royal mummy
 77176 | Tomb:1   | Killed a royal mummy
 77177 | Tomb:1   | Killed a royal mummy
 77270 | Tomb:1   | Noticed a royal mummy
 77276 | Tomb:1   | Killed a royal mummy
 77282 | Tomb:1   | Noticed a royal mummy
 77285 | Tomb:1   | Killed a royal mummy
 77288 | Tomb:1   | Noticed a royal mummy
 77293 | Tomb:1   | Killed a royal mummy
 77293 | Tomb:1   | Noticed a royal mummy
 77302 | Tomb:1   | Killed a royal mummy
 77347 | Tomb:1   | Noticed a royal mummy
 77348 | Tomb:1   | Killed a royal mummy
 77518 | Tomb:1   | Noticed a royal mummy
 77519 | Tomb:1   | Noticed a royal mummy
 77520 | Tomb:1   | Noticed a royal mummy
 77523 | Tomb:1   | Killed a royal mummy
 77523 | Tomb:1   | Killed a royal mummy
 77523 | Tomb:1   | Killed a royal mummy
 77523 | Tomb:1   | Noticed a royal mummy
 77525 | Tomb:1   | Noticed a royal mummy
 77526 | Tomb:1   | Killed a royal mummy
 77531 | Tomb:1   | Noticed a royal mummy
 77538 | Tomb:1   | Killed a royal mummy
 77773 | Tomb:1   | Noticed a royal mummy
 77774 | Tomb:1   | Noticed a royal mummy
 77774 | Tomb:1   | Noticed a royal mummy
 77774 | Tomb:1   | Noticed a royal mummy
 77775 | Tomb:1   | Noticed a royal mummy
 77775 | Tomb:1   | Noticed a royal mummy
 77775 | Tomb:1   | Noticed a royal mummy
 77775 | Tomb:1   | Noticed a royal mummy
 77777 | Tomb:1   | Killed a royal mummy
 78425 | Tomb:3   | Entered Level 3 of the Tomb of the Ancients
 78433 | Tomb:3   | Noticed Mennas
 78436 | Tomb:3   | Killed Mennas
 78439 | Tomb:3   | Noticed a royal mummy
 78442 | Tomb:3   | Noticed a royal mummy
 78455 | Tomb:3   | Noticed a royal mummy
 78468 | Tomb:3   | Killed a royal mummy
 78484 | Tomb:3   | Noticed a royal mummy
 78490 | Tomb:3   | Noticed a royal mummy
 78492 | Tomb:3   | Killed a royal mummy
 78526 | Tomb:3   | Noticed a royal mummy
 78526 | Tomb:3   | Noticed a royal mummy
 78530 | Tomb:3   | Noticed a royal mummy
 78561 | Tomb:3   | Got a golden rune of Zot
 78806 | Tomb:3   | Found the -2 hat of the Alchemist {rElec rPois rF+ rC+ rN+
                  | Will+ rMut rCorr}
 78999 | Tomb:3   | Killed a royal mummy
 79156 | Tomb:3   | Got Ecwaesor's Directory of Locality and Nephomancy
 79163 | Tomb:3   | Identified the maw talisman of Wasted Space {rF- rC+ rCorr
                  | Str+8}
 79167 | Tomb:3   | Identified the +0 pair of boots "Uryschu" {rCorr Dex+4
                  | SInv}
 79193 | Tomb:3   | Identified the amulet of Xom's Full Attention {Acrobat
                  | +Blink rC- Str+4 Dex+3}
 79223 | Tomb:3   | Identified the amulet of Jaicy {Spirit Str-5 Int+3 Dex+4}
 79235 | Tomb:3   | Identified the amulet of Girghick {RegenMP+ Dex+6}
 79285 | Tomb:3   | Identified the +3 robe of the Tundras {rCorr MP+9 Int-3}
 79285 | Tomb:3   | Noticed Boris
 80192 | Hell     | Entered the Vestibule of Hell
 80202 | Hell     | Noticed Geryon
 80208 | Hell     | Killed Geryon
 80354 | Hell     | Found a gateway to the ashen valley of Gehenna.
 80529 | Hell     | Found a gateway to the freezing wastes of Cocytus.
 80626 | Hell     | Found a gateway to the decaying netherworld of Tartarus.
 80955 | Hell     | Found a gateway to the Iron City of Dis.
 81166 | Tar:1    | Entered Level 1 of Tartarus
 82328 | Tar:7    | Entered Level 7 of Tartarus
 82462 | Tar:7    | Reached skill level 27 in Evocations
 82826 | Tar:7    | Noticed the Serpent of Hell
 82832 | Tar:7    | Killed the Serpent of Hell
 82843 | Tar:7    | Noticed Ereshkigal
 82844 | Tar:7    | Paralysed by Ereshkigal for 2 turns
 82846 | Tar:7    | Killed Ereshkigal
 82921 | Tar:7    | Got a bone rune of Zot
 83769 | Tar:7    | Identified the +1 war axe "Impbane" {elec, Fly rN++ Will-
                  | Str+3}
 84442 | Coc:1    | Entered Level 1 of Cocytus
 84627 | Coc:3    | Noticed an ancient lich
 84628 | Coc:3    | Killed an ancient lich
 84806 | Coc:4    | Reached skill level 10 in Necromancy
 84918 | Coc:5    | Paralysed by a wendigo for 1 turns
 84927 | Coc:5    | Noticed a juggernaut
 84928 | Coc:5    | Noticed a juggernaut
 84931 | Coc:5    | Killed a juggernaut
 84934 | Coc:5    | Killed a juggernaut
 85485 | Coc:7    | Entered Level 7 of Cocytus
 85899 | Coc:7    | Noticed an ancient lich
 85906 | Coc:7    | Killed an ancient lich
 86011 | Coc:7    | Noticed Antaeus
 86020 | Coc:7    | Killed Antaeus
 86138 | Coc:7    | Got an icy rune of Zot
 86153 | Coc:7    | Identified the +1 battleaxe of Crusades {speed, rF+ Str+4}
 86732 | Coc:7    | Identified the amulet of the Equinox {rN+ Will+ RegenMP+}
 86914 | Geh:1    | Entered Level 1 of Gehenna
 87221 | Geh:2    | You fall into a shaft and drop 2 floors!
 87711 | Geh:7    | Entered Level 7 of Gehenna
 88287 | Geh:7    | Found the +13 sceptre of Asmodeus
 88287 | Geh:7    | Noticed Asmodeus
 88293 | Geh:7    | Killed Asmodeus
 88308 | Geh:7    | Got an obsidian rune of Zot
 88380 | Geh:7    | Identified the +7 battleaxe "Acopesug" {flame, rPois rCorr
                  | Dex-2 Stlth+}
 88444 | Geh:7    | Identified the staff of the Sixty-Six Brambles {rElec Will+
                  | rCorr Dex-3 Air Earth}
 88677 | Dis:1    | Entered Level 1 of the Iron City of Dis
 88813 | Dis:1    | Reached skill level 27 in Dodging
 90264 | Dis:7    | Entered Level 7 of the Iron City of Dis
 90333 | Dis:7    | Reached skill level 10 in Stealth
 90743 | Dis:7    | Noticed a juggernaut
 90745 | Dis:7    | Killed a juggernaut
 90775 | Dis:7    | Identified the +3 shortbow "Itroisopt" {freeze, Will+}
 91159 | Dis:7    | Noticed a juggernaut
 91163 | Dis:7    | Killed a juggernaut
 91215 | Dis:7    | Identified the +11 shortbow "Qoimoxku" {freeze, rPois
                  | Str+3}
 91686 | Dis:7    | Noticed a juggernaut
 91689 | Dis:7    | Killed a juggernaut
 91690 | Dis:7    | Noticed Dispater
 91697 | Dis:7    | Killed Dispater
 91866 | Dis:7    | Got an iron rune of Zot
 92225 | Zot:1    | Entered Level 1 of the Realm of Zot
 93114 | Zot:1    | Noticed an ancient lich
 93117 | Zot:1    | Killed an ancient lich
 93300 | Zot:1    | Learned a level 9 spell: Death's Door
 93309 | Zot:1    | Learned a level 8 spell: Borgnjor's Revivification
 94439 | Zot:3    | Found a shimmering blue altar of Sif Muna.
 94460 | Zot:3    | Noticed Grunn
 94464 | Zot:3    | Found a shimmering blue altar of Sif Muna.
 94466 | Zot:3    | Killed Grunn
 94721 | Zot:3    | Found the +4 dragonskin cloak {Aegis}
 94721 | Zot:3    | Noticed Tiamat
 94722 | Zot:3    | Reached skill level 15 in Necromancy
 94727 | Zot:3    | Killed Tiamat
 95164 | Zot:4    | Reached skill level 27 in Translocations
 96165 | Zot:5    | Entered Level 5 of the Realm of Zot
 96179 | Zot:5    | Identified the staff of Interdependent Arising {Dex+2 Conj}
 96473 | Zot:5    | Noticed a dread lich
 96476 | Zot:5    | Noticed an ancient lich
 96477 | Zot:5    | Killed an ancient lich
 96477 | Zot:5    | Killed a dread lich
 96483 | Zot:5    | Noticed a dread lich
 96484 | Zot:5    | Noticed an ancient lich
 96484 | Zot:5    | Noticed an orb of fire
 96485 | Zot:5    | Killed an ancient lich
 96485 | Zot:5    | Killed a dread lich
 96487 | Zot:5    | Killed an orb of fire
 96488 | Zot:5    | Noticed an ancient lich
 96489 | Zot:5    | Killed an ancient lich
 96693 | Zot:5    | Noticed an orb of fire
 96695 | Zot:5    | Noticed an orb of fire
 96696 | Zot:5    | Noticed an orb of fire
 96697 | Zot:5    | Noticed a dread lich
 96701 | Zot:5    | Noticed an ancient lich
 96701 | Zot:5    | Killed an orb of fire
 96702 | Zot:5    | Killed a dread lich
 96705 | Zot:5    | Killed a dread lich
 97342 | Zig:1    | Entered Level 1 of a ziggurat
 97362 | Zig:2    | Entered Level 2 of a ziggurat
 97362 | Zig:2    | Noticed a dread lich
 97368 | Zig:2    | Killed a dread lich
 97386 | Zig:3    | Entered Level 3 of a ziggurat
 97412 | Zig:3    | Identified the +7 plate armour of Miracles {*Corrode Int+3
                  | Dex+5}
 97423 | Zig:3    | Reached skill level 27 in Spellcasting
 97426 | Zig:4    | Entered Level 4 of a ziggurat
 97426 | Zig:4    | Noticed Peffuj Gazo the pandemonium lord
 97428 | Zig:4    | Noticed Siqonaw the pandemonium lord
 97429 | Zig:4    | Killed Peffuj Gazo the pandemonium lord
 97430 | Zig:4    | Killed Siqonaw the pandemonium lord
 97469 | Zig:5    | Entered Level 5 of a ziggurat
 97542 | Zig:5    | Identified the ring "Lostry" {rPois SInv}
 97549 | Zig:6    | Entered Level 6 of a ziggurat
 97576 | Zig:6    | Identified the ring of Elyvilon's Whim {*Slow Fly rF+ rN+++
                  | Str-3}
 97601 | Zig:6    | Identified the staff of a Billion Blessings {rPois Dex+6
                  | Alchemy}
 97608 | Zig:7    | Entered Level 7 of a ziggurat
 97612 | Zig:7    | Noticed a juggernaut
 97616 | Zig:7    | Killed a juggernaut
 97718 | Zig:7    | Identified the +0 ring mail of Cegoev {Str+5}
 97719 | Zig:7    | Identified the +1 helmet of Heuxt {Regen+ Slay+3}
 97779 | Zig:8    | Entered Level 8 of a ziggurat
 97879 | Zig:8    | Identified the +6 halberd of Parts Unknown {flame, rF+}
 97886 | Zig:9    | Entered Level 9 of a ziggurat
 97888 | Zig:9    | Noticed an ancient lich
 97888 | Zig:9    | Noticed a dread lich
 97889 | Zig:9    | Noticed a dread lich
 97890 | Zig:9    | Killed an ancient lich
 97890 | Zig:9    | Killed a dread lich
 97890 | Zig:9    | Killed a dread lich
 97891 | Zig:9    | Noticed an ancient lich
 97892 | Zig:9    | Killed an ancient lich
 97896 | Zig:9    | Killed a dread lich
 97990 | Zig:9    | Identified the +2 scale mail of Sadame {Will+ MP+9 Stlth+}
 97999 | Zig:10   | Entered Level 10 of a ziggurat
 98010 | Zig:10   | Noticed an orb of fire
 98010 | Zig:10   | Noticed an orb of fire
 98010 | Zig:10   | Noticed an orb of fire
 98011 | Zig:10   | Noticed an orb of fire
 98011 | Zig:10   | Noticed an orb of fire
 98012 | Zig:10   | Killed an orb of fire
 98012 | Zig:10   | Killed an orb of fire
 98012 | Zig:10   | Killed an orb of fire
 98013 | Zig:10   | Killed an orb of fire
 98014 | Zig:10   | Killed an orb of fire
 98060 | Zig:10   | Identified the +6 rapier of Sywkif {heavy, Dex+2 Stlth+}
 98067 | Zig:10   | Acquired 426 gold pieces
 98077 | Zig:11   | Entered Level 11 of a ziggurat
 98223 | Zig:11   | Identified the +0 scale mail "Rulotz" {^Contam rC+ rCorr}
 98224 | Zig:11   | Identified the +7 rapier "Feew" {heavy, +Blink rC+}
 98230 | Zig:11   | Identified the +4 orcbow "Tonguass" {drain, Dex+7}
 98231 | Zig:11   | Identified the +2 robe of Knowledge {Harm *Corrode ^Drain
                  | Int+5}
 98237 | Zig:11   | Identified the +7 hand axe of Meopehie {freeze, Fly rElec
                  | rPois rF-}
 98301 | Zig:11   | Identified the ring of Luajec {Will+ Int+6 Dex+2}
 98314 | Zig:11   | Reached skill level 15 in Stealth
 98316 | Zig:12   | Entered Level 12 of a ziggurat
 98337 | Zig:12   | Found the +7 mace of Variability {chaos, chaos arc}
 98400 | Zig:12   | Identified the +4 hat "Kuerr" {rPois rF+ rC+}
 98436 | Zig:13   | Entered Level 13 of a ziggurat
 98448 | Zig:13   | Gained mutation: You have hidden genetic defects. [a
                  | shining eye]
 98588 | Zig:14   | Entered Level 14 of a ziggurat
 98599 | Zig:14   | Noticed Azopetia the pandemonium lord
 98617 | Zig:14   | Killed Azopetia the pandemonium lord
 98901 | Zig:14   | Identified the +4 whip of Wuvuacwe {flame, rN+ Dex-2 SInv}
 98907 | Zig:14   | Identified the staff of Tender Mercy {rElec Earth}
 98930 | Zig:14   | Lost mutation: You have hidden genetic defects. [potion of
                  | mutation]
 98930 | Zig:14   | Lost mutation: A frigid envelope surrounds you and freezes
                  | all who hurt you. [potion of mutation]
 98930 | Zig:14   | Gained mutation: You are agile. (Dex +4, Str/Int -1)
                  | [potion of mutation]
 98932 | Zig:14   | Identified the +4 ring mail "Zocoskur" {+Inv Int+2}
 98947 | Zig:15   | Entered Level 15 of a ziggurat
 98963 | Zig:15   | Noticed Xeoserep the pandemonium lord
 98963 | Zig:15   | Killed Xeoserep the pandemonium lord
 98979 | Zig:15   | Found the +11 Singing Sword {sonic wave}
 99090 | Zig:16   | Entered Level 16 of a ziggurat
 99115 | Zig:16   | Found the +9 sword of Power {lifebolt}
 99224 | Zig:16   | Identified the staff "Goblinslayer" {rPois rN++ Alchemy}
 99238 | Zig:16   | Identified the +7 longbow of Mehissu {heavy, rF+ rCorr
                  | Str+4 Stlth+}
 99240 | Zig:16   | Identified the +0 robe of Ignis, Building {Str-4 Dex+3 SInv
                  | Archmagi}
 99278 | Zig:16   | Killed an orb of fire
 99326 | Zig:17   | Entered Level 17 of a ziggurat
 99591 | Zig:17   | Identified the +0 pair of gloves of Gozag's Displeasure
                  | {rPois Dex+2}
 99594 | Zig:17   | Identified the +3 scimitar of Evil {pain, rElec rPois rF++
                  | Str-5}
 99604 | Zig:18   | Entered Level 18 of a ziggurat
 99617 | Zig:18   | Noticed an ancient lich
 99617 | Zig:18   | Noticed an ancient lich
 99618 | Zig:18   | Noticed a dread lich
 99618 | Zig:18   | Noticed a dread lich
 99618 | Zig:18   | Noticed a dread lich
 99619 | Zig:18   | Killed a dread lich
 99620 | Zig:18   | Killed an ancient lich
 99621 | Zig:18   | Killed a dread lich
 99621 | Zig:18   | Killed a dread lich
 99622 | Zig:18   | Killed an ancient lich
 99624 | Zig:18   | Noticed an ancient lich
 99624 | Zig:18   | Noticed an ancient lich
 99631 | Zig:18   | Killed an ancient lich
 99636 | Zig:18   | Killed an ancient lich
 99640 | Zig:18   | Found the +3 warlock's mirror {omnireflect}
 99927 | Zig:18   | Identified the +5 trident of Hepliaklqana's Scorn {drain,
                  | rN+ SInv Stlth+}
 99933 | Zig:18   | Identified the ring of Nudaqoas {Fly rPois rF- Dex+8 SInv}
 99934 | Zig:18   | Identified the +1 whip of Abedym {vamp, rPois rCorr Str-4}
 99935 | Zig:18   | Identified the ring "Feufoded" {Fire ^Drain rPois Int-4
                  | Stlth+}
 99950 | Zig:19   | Entered Level 19 of a ziggurat
 99960 | Zig:19   | Noticed an ancient lich
 99961 | Zig:19   | Noticed an ancient lich
 99962 | Zig:19   | Noticed an ancient lich
 99963 | Zig:19   | Killed an ancient lich
 99964 | Zig:19   | Killed an ancient lich
 99964 | Zig:19   | Killed an ancient lich
 99965 | Zig:19   | Noticed an ancient lich
 99965 | Zig:19   | Noticed a dread lich
 99966 | Zig:19   | Noticed a dread lich
 99966 | Zig:19   | Noticed a dread lich
 99967 | Zig:19   | Killed an ancient lich
 99967 | Zig:19   | Killed a dread lich
 99968 | Zig:19   | Reached skill level 27 in Necromancy
 99969 | Zig:19   | Killed a dread lich
 99971 | Zig:19   | Killed a dread lich
100150 | Zig:19   | Identified the +5 scale mail of the Constellations {rPois
                  | rF- Regen+}
100160 | Zig:19   | Identified the +1 hat of the Curious Geomancers {rPois
                  | Slay+3 Stlth-}
100164 | Zig:19   | Identified the +0 plate armour of Servitude {rElec Int+4
                  | SInv}
100165 | Zig:19   | Identified the +5 short sword "Jetyost" {chaos, Will+++}
100167 | Zig:19   | Identified the +4 plate armour "Lujeac" {MP+9 Int+5}
100173 | Zig:20   | Entered Level 20 of a ziggurat
100188 | Zig:20   | Noticed an ancient lich
100188 | Zig:20   | Noticed a dread lich
100189 | Zig:20   | Noticed a dread lich
100189 | Zig:20   | Noticed a dread lich
100190 | Zig:20   | Noticed a dread lich
100190 | Zig:20   | Noticed a dread lich
100190 | Zig:20   | Noticed an ancient lich
100190 | Zig:20   | Noticed a dread lich
100190 | Zig:20   | Noticed a dread lich
100190 | Zig:20   | Noticed an ancient lich
100190 | Zig:20   | Noticed an ancient lich
100191 | Zig:20   | Killed an ancient lich
100191 | Zig:20   | Killed a dread lich
100191 | Zig:20   | Noticed a dread lich
100192 | Zig:20   | Noticed a dread lich
100192 | Zig:20   | Killed a dread lich
100192 | Zig:20   | Killed an ancient lich
100192 | Zig:20   | Killed an ancient lich
100193 | Zig:20   | Killed a dread lich
100193 | Zig:20   | Killed a dread lich
100193 | Zig:20   | Killed a dread lich
100193 | Zig:20   | Killed an ancient lich
100193 | Zig:20   | Noticed a dread lich
100193 | Zig:20   | Noticed an ancient lich
100194 | Zig:20   | Killed a dread lich
100194 | Zig:20   | Killed a dread lich
100194 | Zig:20   | Killed a dread lich
100195 | Zig:20   | Killed a dread lich
100195 | Zig:20   | Killed a dread lich
100195 | Zig:20   | Noticed a dread lich
100197 | Zig:20   | Killed an ancient lich
100197 | Zig:20   | Killed a dread lich
100386 | Zig:20   | Identified the +11 morningstar of Painful Death {freeze,
                  | rF++ Str+7 Int-4}
100389 | Zig:20   | Identified the +0 helmet of Vuomel {Int+2}
100393 | Zig:20   | Identified the +3 great mace "Doskinott" {distort, Str+2}
100397 | Zig:20   | Identified the ring "Haguo" {rCorr MP+9 Int+4}
100403 | Zig:21   | Entered Level 21 of a ziggurat
100599 | Zig:21   | Found the +10 zealot's sword {holy, Zealotry, *Rage rN+
                  | EV+3}
100619 | Zig:21   | Found the +8 Vampire's Tooth {megavamp}
100776 | Zig:21   | Identified the +5 rapier of Darkness {elec, Stlth+}
100788 | Zig:21   | Identified the +5 demon whip "Dragon's Undoing" {venom,
                  | rN+}
100789 | Zig:21   | Identified the +1 spear of Innocence {pain, rPois Dex+9}
100791 | Zig:21   | Acquired 266 gold pieces
100792 | Zig:21   | Acquired a +2 double sword of holy wrath
100803 | Zig:21   | Identified the +4 great sword of Sudden Death {elec, rPois}
100937 | Zig:22   | Entered Level 22 of a ziggurat
100951 | Zig:22   | Noticed a royal mummy
100951 | Zig:22   | Noticed a royal mummy
100952 | Zig:22   | Noticed a royal mummy
100953 | Zig:22   | Noticed a royal mummy
100953 | Zig:22   | Noticed a royal mummy
100956 | Zig:22   | Noticed a royal mummy
100956 | Zig:22   | Noticed a royal mummy
100957 | Zig:22   | Noticed a royal mummy
100958 | Zig:22   | Noticed a royal mummy
100958 | Zig:22   | Noticed a royal mummy
100959 | Zig:22   | Killed a royal mummy
100959 | Zig:22   | Killed a royal mummy
100959 | Zig:22   | Killed a royal mummy
100959 | Zig:22   | Noticed a royal mummy
100960 | Zig:22   | Killed a royal mummy
100960 | Zig:22   | Killed a royal mummy
100960 | Zig:22   | Killed a royal mummy
100961 | Zig:22   | Noticed a royal mummy
100962 | Zig:22   | Killed a royal mummy
100962 | Zig:22   | Killed a royal mummy
100962 | Zig:22   | Killed a royal mummy
100962 | Zig:22   | Killed a royal mummy
100962 | Zig:22   | Lost strength.
100962 | Zig:22   | Noticed a royal mummy
100962 | Zig:22   | Noticed a royal mummy
100964 | Zig:22   | Noticed a royal mummy
100964 | Zig:22   | Noticed a royal mummy
100964 | Zig:22   | Noticed a royal mummy
100967 | Zig:22   | Noticed a royal mummy
100968 | Zig:22   | Noticed a royal mummy
100968 | Zig:22   | Noticed a royal mummy
100968 | Zig:22   | Noticed a royal mummy
100969 | Zig:22   | Noticed a royal mummy
100971 | Zig:22   | Killed a royal mummy
100972 | Zig:22   | Killed a royal mummy
100973 | Zig:22   | Killed a royal mummy
100973 | Zig:22   | Killed a royal mummy
100973 | Zig:22   | Killed a royal mummy
100973 | Zig:22   | Killed a royal mummy
100974 | Zig:22   | Killed a royal mummy
100974 | Zig:22   | Found the +7 lajatang of Order {silver, rMut}
100975 | Zig:22   | Killed a royal mummy
100975 | Zig:22   | Killed a royal mummy
100976 | Zig:22   | Killed a royal mummy
100976 | Zig:22   | Killed a royal mummy
100976 | Zig:22   | Killed a royal mummy
100977 | Zig:22   | Reached skill level 27 in Stealth
100977 | Zig:22   | Found the +8 trishula "Condemnation" {holy, anguish, *Noise
                  | Fly rN+}
101483 | Zig:22   | Acquired 756 gold pieces
101511 | Zig:23   | Entered Level 23 of a ziggurat
101519 | Zig:23   | Noticed a royal mummy
101519 | Zig:23   | Noticed a royal mummy
101522 | Zig:23   | Noticed a royal mummy
101522 | Zig:23   | Noticed a royal mummy
101522 | Zig:23   | Noticed a royal mummy
101525 | Zig:23   | Noticed a royal mummy
101526 | Zig:23   | Noticed a royal mummy
101526 | Zig:23   | Noticed a royal mummy
101527 | Zig:23   | Noticed a royal mummy
101527 | Zig:23   | Noticed a royal mummy
101527 | Zig:23   | Noticed a royal mummy
101527 | Zig:23   | Noticed a royal mummy
101528 | Zig:23   | Killed a royal mummy
101529 | Zig:23   | Killed a royal mummy
101529 | Zig:23   | Killed a royal mummy
101529 | Zig:23   | Killed a royal mummy
101529 | Zig:23   | Noticed a royal mummy
101529 | Zig:23   | Noticed a royal mummy
101530 | Zig:23   | Noticed a royal mummy
101530 | Zig:23   | Noticed a royal mummy
101530 | Zig:23   | Noticed a royal mummy
101530 | Zig:23   | Noticed a royal mummy
101531 | Zig:23   | Killed a royal mummy
101531 | Zig:23   | Killed a royal mummy
101531 | Zig:23   | Killed a royal mummy
101531 | Zig:23   | Noticed a royal mummy
101531 | Zig:23   | Noticed a royal mummy
101531 | Zig:23   | Noticed a royal mummy
101531 | Zig:23   | Noticed a royal mummy
101531 | Zig:23   | Noticed a royal mummy
101532 | Zig:23   | Reached skill level 10 in Armour
101532 | Zig:23   | Killed a royal mummy
101532 | Zig:23   | Noticed a royal mummy
101533 | Zig:23   | Noticed a royal mummy
101534 | Zig:23   | Killed a royal mummy
101534 | Zig:23   | Killed a royal mummy
101534 | Zig:23   | Killed a royal mummy
101534 | Zig:23   | Killed a royal mummy
101535 | Zig:23   | Killed a royal mummy
101535 | Zig:23   | Killed a royal mummy
101535 | Zig:23   | Killed a royal mummy
101535 | Zig:23   | Killed a royal mummy
101535 | Zig:23   | Killed a royal mummy
101535 | Zig:23   | Killed a royal mummy
101536 | Zig:23   | Killed a royal mummy
101537 | Zig:23   | Killed a royal mummy
101537 | Zig:23   | Killed a royal mummy
101537 | Zig:23   | Killed a royal mummy
101537 | Zig:23   | Killed a royal mummy
101538 | Zig:23   | Killed a royal mummy
101538 | Zig:23   | Killed a royal mummy
101539 | Zig:23   | Reached skill level 15 in Armour
101899 | Zig:23   | Identified the +0 hand axe of the Narrow God {flame, rC+
                  | MP+9 Int-2}
102122 | Zig:24   | Entered Level 24 of a ziggurat
102145 | Zig:24   | Noticed a dread lich
102147 | Zig:24   | Killed a dread lich
102149 | Zig:24   | Noticed a dread lich
102154 | Zig:24   | Killed a dread lich
102417 | Zig:24   | Identified the +3 chain mail of the Pirate {Harm rPois
                  | Will-}
102420 | Zig:24   | Identified the amulet "Afareogg" {rPois RegenMP+ Str+6}
102421 | Zig:24   | Identified the amulet of Cubesk {Reflect rF+ Str+3 SH+5}
102423 | Zig:24   | Identified the +9 scimitar "Beast's Bane" {speed, rN+}
102433 | Zig:25   | Entered Level 25 of a ziggurat
102794 | Zig:25   | Identified the staff of Mayhem {+Blink Str+3 Conj Hexes}
102804 | Zig:25   | Identified the +1 robe "Aguhep" {rF+ Regen+ Int-2 Dex+3}
102825 | Zig:25   | Acquired 683 gold pieces
102828 | Zig:26   | Entered Level 26 of a ziggurat
102873 | Zig:26   | Found the +6 Majin-Bo {spellvamp, MP+6 Int+6}
103107 | Zig:26   | Acquired 1031 gold pieces
103132 | Zig:26   | Identified the +5 hand axe of the Silent Majority {heavy,
                  | rF++ Will++ Dex+2}
103133 | Zig:26   | Identified the ring of Sotug {rPois rF- rC+ Will+ Int+10}
103135 | Zig:26   | Identified the +5 scale mail of Indomitability {-Tele
                  | Int+7}
103141 | Zig:26   | Identified the ring "Nyloq" {Wiz Fly rPois rN++ Slay-4}
103148 | Zig:26   | Identified the +1 pair of gloves of Entitlement {Fly
                  | Slay+2}
103193 | Zig:27   | Entered Level 27 of a ziggurat
103207 | Zig:27   | Noticed a dread lich
103209 | Zig:27   | Killed a dread lich
103209 | Zig:27   | Noticed a dread lich
103211 | Zig:27   | Killed a dread lich
103212 | Zig:27   | Noticed an ancient lich
103215 | Zig:27   | Killed an ancient lich
103564 | Zig:27   | Acquired 1047 gold pieces
103566 | Zig:27   | Identified the amulet "Celyawk" {Acrobat rPois rCorr}
103572 | Zig:27   | Identified the +3 buckler of the Wilderness {Will+ Int+2}
103576 | Zig:27   | Identified the +11 arbalest of Xom, Writhing {elec, ^Drain
                  | rElec Int+2 Dex+2}
104113 | Orc:2    | Bought the +13 crystal plate armour of Shielding {Will+}
                  | for 2593 gold pieces
104113 | Orc:2    | Bought the +5 Storm Queen's Shield {shock, Fly rElec} for
                  | 866 gold pieces
104113 | Orc:2    | Found the +5 Storm Queen's Shield {shock, Fly rElec}
104364 | Zig:1    | Entered Level 1 of a ziggurat
104444 | Zig:1    | Identified the ring of Equivalence {rN+ AC+4 SInv}
104451 | Zig:2    | Entered Level 2 of a ziggurat
104552 | Zig:3    | Entered Level 3 of a ziggurat
104552 | Zig:3    | Noticed a royal mummy
104557 | Zig:3    | Killed a royal mummy
104675 | Zig:4    | Entered Level 4 of a ziggurat
104683 | Zig:4    | Reached skill level 27 in Armour
104769 | Zig:4    | Identified the +8 morningstar "Solutrot" {spect, Fly rC-
                  | rN+ Will+}
104804 | Zig:5    | Entered Level 5 of a ziggurat
104915 | Zig:5    | Identified the +4 lajatang "Feeri" {vamp, rPois Str-3
                  | Dex+3}
104941 | Zig:6    | Entered Level 6 of a ziggurat
105093 | Zig:6    | Identified the ring of Uriwin Zobu {rF- Str+6 Int+6 SInv}
105140 | Zig:7    | Entered Level 7 of a ziggurat
105141 | Zig:7    | Noticed a royal mummy
105141 | Zig:7    | Noticed a royal mummy
105142 | Zig:7    | Noticed a royal mummy
105142 | Zig:7    | Noticed a royal mummy
105142 | Zig:7    | Noticed a royal mummy
105143 | Zig:7    | Noticed a royal mummy
105147 | Zig:7    | Killed a royal mummy
105148 | Zig:7    | Killed a royal mummy
105148 | Zig:7    | Killed a royal mummy
105148 | Zig:7    | Killed a royal mummy
105149 | Zig:7    | Killed a royal mummy
105149 | Zig:7    | Killed a royal mummy
105294 | Zig:7    | Identified the +5 scimitar "Ogreslayer" {freeze, rN+ SInv
                  | Stlth+}
105364 | Zig:7    | Learned a level 4 spell: Passage of Golubria
105365 | Zig:8    | Entered Level 8 of a ziggurat
105376 | Zig:8    | Reached skill level 27 in Shapeshifting
105376 | Zig:8    | Reached skill level 1 in Ice Magic
105380 | Zig:8    | Reached skill level 1 in Hexes
105631 | Zig:8    | Acquired a manual of Short Blades
105635 | Zig:8    | Acquired the +0 pair of boots "Uteum" {rF+ Str+6 Int+4}
105660 | Zig:9    | Entered Level 9 of a ziggurat
105670 | Zig:9    | Reached skill level 5 in Ice Magic
105856 | Zig:9    | Identified the +3 great sword of the Sneaky Artisans
                  | {drain, Int+4 Stlth+}
105877 | Zig:9    | Identified the +0 war axe of the Salmon {freeze, Will-
                  | rCorr Str+2}
105881 | Zig:9    | Identified the +0 chain mail "Dov Niem" {rElec}
105909 | Zig:10   | Entered Level 10 of a ziggurat
105919 | Zig:10   | Reached skill level 5 in Hexes
106002 | Zig:10   | Identified the +5 scale mail "Diqok" {Harm Will- Str+4}
106021 | Zig:10   | Got Lygy's Compilation of Inhalation and Alteration
106087 | Zig:11   | Entered Level 11 of a ziggurat
106090 | Zig:11   | Noticed a dread lich
106090 | Zig:11   | Noticed a dread lich
106090 | Zig:11   | Noticed an ancient lich
106090 | Zig:11   | Noticed an ancient lich
106091 | Zig:11   | Noticed an ancient lich
106092 | Zig:11   | Noticed an ancient lich
106092 | Zig:11   | Noticed an ancient lich
106093 | Zig:11   | Noticed a dread lich
106093 | Zig:11   | Noticed a dread lich
106093 | Zig:11   | Noticed an ancient lich
106093 | Zig:11   | Noticed a dread lich
106093 | Zig:11   | Noticed a dread lich
106094 | Zig:11   | Killed a dread lich
106094 | Zig:11   | Killed an ancient lich
106094 | Zig:11   | Killed an ancient lich
106095 | Zig:11   | Reached skill level 10 in Ice Magic
106096 | Zig:11   | Killed a dread lich
106096 | Zig:11   | Killed an ancient lich
106096 | Zig:11   | Killed an ancient lich
106096 | Zig:11   | Killed an ancient lich
106097 | Zig:11   | Killed a dread lich
106099 | Zig:11   | Killed a dread lich
106099 | Zig:11   | Killed an ancient lich
106099 | Zig:11   | Killed a dread lich
106099 | Zig:11   | Killed a dread lich
106262 | Zig:11   | Identified the +10 rapier of Doom {drain, rCorr Str-5 Dex+5
                  | SInv}
106274 | Zig:11   | Identified the +5 hand axe of Conscience {flame, ^Drain
                  | rElec rPois rCorr}
106362 | Zig:12   | Entered Level 12 of a ziggurat
106374 | Zig:12   | Reached skill level 10 in Hexes
106577 | Zig:12   | Identified the +11 orcbow of the Hero {freeze, rC+}
106593 | Zig:12   | Identified the staff of Wyilaemy {rElec rPois rF+ Will+ Air
                  | Alchemy}
106598 | Zig:12   | Identified the +2 mace "Conservator" {flame, Will++ Stlth+}
106675 | Zig:13   | Entered Level 13 of a ziggurat
106686 | Zig:13   | Found the +13 sword of the Doom Knight {doom -Cast ^Drain
                  | Will+}
106689 | Zig:13   | Reached skill level 15 in Ice Magic
106877 | Zig:13   | Identified the +2 robe of Abyisk {+Inv rC+++ Will- Int+3}
106893 | Zig:13   | Identified the +10 lajatang of Disorder {antimagic, rC+
                  | Int+5}
107005 | Zig:14   | Entered Level 14 of a ziggurat
107285 | Zig:14   | Identified the +4 great mace "Undertaker" {drain, rC+
                  | Int+4}
107300 | Zig:14   | Identified the +8 shortbow of Pyushoky {elec, rElec Will+}
107311 | Zig:14   | Identified the +10 lajatang of Cugeg Boes {drain, ^Fragile
                  | Fly rPois Str+3}
107360 | Zig:15   | Entered Level 15 of a ziggurat
107374 | Zig:15   | Found the ring of the Octopus King
107569 | Zig:15   | Identified the staff "Ryzuvuh" {rPois rF+ rC+ Int+2 Fire}
107581 | Zig:15   | Identified the +7 ring mail of a ziggurat {*Slow Int+3
                  | Stlth+}
107582 | Zig:15   | Identified a ring of the Octopus King {Wiz HP+2 AC+2 EV+2
                  | SH+2}
107597 | Zig:15   | Identified the +6 war axe "Daraad" {freeze, *Slow Will+++
                  | rCorr Stlth+}
107602 | Zig:15   | Identified the +2 robe of Wyonutunn {Str+5}
107768 | Zig:16   | Entered Level 16 of a ziggurat
107775 | Zig:16   | Found the +1 eveningstar "Brilliance" {foul flame, Umbra}
107779 | Zig:16   | Found the +8 mithril axe "Arga" {speed, Will+}
108060 | Zig:16   | Identified the +9 short sword "Backscratcher" {flame, *Rage
                  | Fly Int+3 Stlth+}
108062 | Zig:16   | Identified the +3 orcbow "Jeicsu" {drain, rF+ Str+3}
108068 | Zig:16   | Identified the staff of Instant Death {rN+ Will+ rCorr
                  | Dex+2 Conj}
108084 | Zig:16   | Identified the +6 broad axe "Riwoiwk" {vamp, Dex+4}
108086 | Zig:16   | Identified the +0 robe "Ruept" {Will- Str+3 Dex+4 SInv}
108090 | Zig:16   | Identified the +0 ring mail of the Lion {rF+ Int+2}
108169 | Zig:16   | Learned a level 9 spell: Polar Vortex
108185 | Zig:17   | Entered Level 17 of a ziggurat
108193 | Zig:17   | Noticed an ancient lich
108199 | Zig:17   | Reached skill level 15 in Hexes
108199 | Zig:17   | Killed an ancient lich
108623 | Zig:17   | Identified the +1 morningstar of Nagi {freeze, Dex+3}
108627 | Zig:17   | Identified the +4 halberd of Xysh {flame, rF+ Dex+2}
108630 | Zig:17   | Identified the granite talisman of the Battered Spines
                  | {Dex+6}
108645 | Zig:17   | Identified the +3 leather armour of Failure {Harm Rampage
                  | Regen+ MP+9}
108860 | Zig:18   | Entered Level 18 of a ziggurat
109021 | Zig:18   | Identified the ring of Balance {rPois rC+ Will+ Str-2
                  | Dex+2}
109140 | Zig:18   | Identified the +3 battleaxe of the Lamprey {elec, Will+
                  | Dex+3}
109157 | Zig:18   | Identified the +1 leather armour of Baldness {rPois Slay+3}
109224 | Zig:19   | Entered Level 19 of a ziggurat
109237 | Zig:19   | Found the +8 pair of quick blades "Gyre" and "Gimble"
                  | {protect}
109337 | Zig:19   | Identified the +2 leather armour "Luax" {Int+6}
109341 | Zig:19   | Identified the staff "Kouguloh" {rF+ Conj Earth}
109446 | Zig:19   | Identified the +9 war axe "Beastslayer" {freeze, *Rage
                  | rPois rCorr}
109535 | Zig:20   | Entered Level 20 of a ziggurat
109883 | Zig:20   | Identified the ring "Wueh" {*Corrode rC+ EV+5 Str+3 Int+8}
109887 | Zig:20   | Identified the staff of the Vaults {rElec rF+ Str+4 Conj
                  | Earth}
109895 | Zig:20   | Identified the +5 arbalest of the Tent {flame, Dex+2}
110037 | Zig:20   | Acquired a manual of Fire Magic
110050 | Zig:21   | Entered Level 21 of a ziggurat
110058 | Zig:21   | Noticed a juggernaut
110058 | Zig:21   | Noticed a juggernaut
110059 | Zig:21   | Noticed a juggernaut
110062 | Zig:21   | Noticed a juggernaut
110062 | Zig:21   | Noticed a juggernaut
110062 | Zig:21   | Noticed a juggernaut
110062 | Zig:21   | Noticed a juggernaut
110062 | Zig:21   | Noticed a juggernaut
110062 | Zig:21   | Noticed a juggernaut
110062 | Zig:21   | Noticed a juggernaut
110062 | Zig:21   | Noticed a juggernaut
110062 | Zig:21   | Noticed a juggernaut
110062 | Zig:21   | Noticed a juggernaut
110062 | Zig:21   | Noticed a juggernaut
110064 | Zig:21   | Killed a juggernaut
110064 | Zig:21   | Killed a juggernaut
110064 | Zig:21   | Killed a juggernaut
110064 | Zig:21   | Noticed a juggernaut
110065 | Zig:21   | Reached skill level 27 in Ice Magic
110065 | Zig:21   | Killed a juggernaut
110065 | Zig:21   | Killed a juggernaut
110065 | Zig:21   | Killed a juggernaut
110066 | Zig:21   | Killed a juggernaut
110066 | Zig:21   | Killed a juggernaut
110066 | Zig:21   | Killed a juggernaut
110067 | Zig:21   | Killed a juggernaut
110067 | Zig:21   | Killed a juggernaut
110067 | Zig:21   | Killed a juggernaut
110067 | Zig:21   | Noticed a juggernaut
110068 | Zig:21   | Killed a juggernaut
110068 | Zig:21   | Killed a juggernaut
110068 | Zig:21   | Killed a juggernaut
110074 | Zig:21   | Killed a juggernaut
110080 | Zig:21   | Found the +8 demon trident "Rift" {distort, reach+}
110433 | Zig:22   | Entered Level 22 of a ziggurat
110784 | Zig:22   | Identified the +12 hand axe "Qoden" {speed, Fly rElec Will+
                  | Dex+5}
110787 | Zig:22   | Identified the staff of Muotejip {rF+ Int+4 Fire}
110796 | Zig:22   | Identified the ring of Impatience {^Drain rElec rC+ Dex+5}
110908 | Zig:23   | Entered Level 23 of a ziggurat
110917 | Zig:23   | Noticed Fiusean's ghost (veteran MiBe)
110920 | Zig:23   | Noticed Olofelaph's ghost (legendary DsFi)
110920 | Zig:23   | Noticed Fiusean's ghost (veteran MiBe)
110920 | Zig:23   | Noticed Hytegor's ghost (legendary GnEE)
110920 | Zig:23   | Noticed Boycipp's ghost (legendary DsFi)
110920 | Zig:23   | Noticed Ideustev's ghost (legendary AtBe)
110921 | Zig:23   | Noticed Giukefig's ghost (legendary DDBr)
110921 | Zig:23   | Noticed Anyleklu's ghost (legendary HOFi)
110924 | Zig:23   | Noticed Boycipp's ghost (legendary DsFi)
110924 | Zig:23   | Noticed Siupsuvve's ghost (veteran MiBe)
110924 | Zig:23   | Noticed Siupsuvve's ghost (veteran MiBe)
110924 | Zig:23   | Noticed Giukefig's ghost (legendary DDBr)
110924 | Zig:23   | Noticed Siupsuvve's ghost (veteran MiBe)
110924 | Zig:23   | Noticed Anyleklu's ghost (legendary HOFi)
110925 | Zig:23   | Noticed Yxuenos's ghost (legendary DsFi)
110925 | Zig:23   | Noticed Kinoajidouf's ghost (master HOBe)
110927 | Zig:23   | Noticed Kinoajidouf's ghost (master HOBe)
110927 | Zig:23   | Noticed Obrefem's ghost (legendary HaHu)
110927 | Zig:23   | Noticed Giukefig's ghost (legendary DDBr)
110928 | Zig:23   | Reached skill level 27 in Hexes
110928 | Zig:23   | Reached skill level 1 in Axes
110928 | Zig:23   | Reached skill level 1 in Polearms
110928 | Zig:23   | Killed Hytegor's ghost
110929 | Zig:23   | Reached skill level 1 in Short Blades
110929 | Zig:23   | Reached skill level 1 in Maces & Flails
110929 | Zig:23   | Reached skill level 1 in Staves
110929 | Zig:23   | Reached skill level 1 in Ranged Weapons
110929 | Zig:23   | Reached skill level 1 in Throwing
110929 | Zig:23   | Reached skill level 1 in Unarmed Combat
110929 | Zig:23   | Killed Fiusean's ghost
110930 | Zig:23   | Killed Siupsuvve's ghost
110932 | Zig:23   | Noticed Atufasha's ghost (legendary DDBr)
110932 | Zig:23   | Noticed Anyleklu's ghost (legendary HOFi)
110932 | Zig:23   | Noticed Pyfud Mepa's ghost (legendary AtFi)
110934 | Zig:23   | Noticed Obrefem's ghost (legendary HaHu)
110935 | Zig:23   | Killed Giukefig's ghost
110935 | Zig:23   | Killed Anyleklu's ghost
110935 | Zig:23   | Killed Kinoajidouf's ghost
110936 | Zig:23   | Reached skill level 5 in Fire Magic
110936 | Zig:23   | Killed Siupsuvve's ghost
110936 | Zig:23   | Killed Siupsuvve's ghost
110936 | Zig:23   | Killed Fiusean's ghost
110937 | Zig:23   | Reached skill level 10 in Alchemy
110937 | Zig:23   | Killed Anyleklu's ghost
110937 | Zig:23   | Killed Ideustev's ghost
110937 | Zig:23   | Noticed Siupsuvve's ghost (veteran MiBe)
110937 | Zig:23   | Noticed Siupsuvve's ghost (veteran MiBe)
110938 | Zig:23   | Killed Boycipp's ghost
110939 | Zig:23   | Noticed Ideustev's ghost (legendary AtBe)
110939 | Zig:23   | Noticed Atufasha's ghost (legendary DDBr)
110940 | Zig:23   | Killed Olofelaph's ghost
110940 | Zig:23   | Noticed Olofelaph's ghost (legendary DsFi)
110940 | Zig:23   | Noticed Atufasha's ghost (legendary DDBr)
110942 | Zig:23   | Noticed Waphaim's ghost (veteran DsDe)
110944 | Zig:23   | Killed Giukefig's ghost
110944 | Zig:23   | Noticed Ideustev's ghost (legendary AtBe)
110945 | Zig:23   | Noticed Anyleklu's ghost (legendary HOFi)
110947 | Zig:23   | Noticed Kinoajidouf's ghost (master HOBe)
110948 | Zig:23   | Killed Obrefem's ghost
110949 | Zig:23   | Reached skill level 5 in Axes
110949 | Zig:23   | Killed Yxuenos's ghost
110949 | Zig:23   | Killed Obrefem's ghost
110950 | Zig:23   | Reached skill level 5 in Short Blades
110950 | Zig:23   | Reached skill level 5 in Maces & Flails
110950 | Zig:23   | Reached skill level 5 in Polearms
110950 | Zig:23   | Reached skill level 5 in Staves
110950 | Zig:23   | Reached skill level 5 in Ranged Weapons
110950 | Zig:23   | Reached skill level 5 in Throwing
110950 | Zig:23   | Reached skill level 5 in Unarmed Combat
110950 | Zig:23   | Killed Anyleklu's ghost
110951 | Zig:23   | Killed Boycipp's ghost
110952 | Zig:23   | Killed Kinoajidouf's ghost
110954 | Zig:23   | Killed Pyfud Mepa's ghost
110956 | Zig:23   | Killed Waphaim's ghost
110956 | Zig:23   | Killed Siupsuvve's ghost
110956 | Zig:23   | Killed Siupsuvve's ghost
110957 | Zig:23   | Killed Atufasha's ghost
110959 | Zig:23   | Killed Giukefig's ghost
110961 | Zig:23   | Killed Ideustev's ghost
110964 | Zig:23   | Killed Ideustev's ghost
110971 | Zig:23   | Killed Olofelaph's ghost
110971 | Zig:23   | Killed Atufasha's ghost
110978 | Zig:23   | Killed Atufasha's ghost
110980 | Zig:23   | Killed Kinoajidouf's ghost
110986 | Zig:23   | Killed Anyleklu's ghost
111216 | Zig:23   | Found the +9 sword of Zonguldrok {reap}
111217 | Zig:23   | Found the +10 dark maul {heavy}
111247 | Zig:23   | Identified the +3 long sword "Opeqibyss" {flame, rPois
                  | Str-5 Int+2 SInv}
111289 | Zig:24   | Entered Level 24 of a ziggurat
111301 | Zig:24   | Noticed a juggernaut
111303 | Zig:24   | Noticed a juggernaut
111307 | Zig:24   | Noticed a juggernaut
111307 | Zig:24   | Noticed a juggernaut
111307 | Zig:24   | Noticed a juggernaut
111307 | Zig:24   | Noticed a juggernaut
111308 | Zig:24   | Noticed a juggernaut
111308 | Zig:24   | Noticed a juggernaut
111308 | Zig:24   | Noticed a juggernaut
111308 | Zig:24   | Noticed a juggernaut
111309 | Zig:24   | Noticed a juggernaut
111311 | Zig:24   | Killed a juggernaut
111312 | Zig:24   | Killed a juggernaut
111319 | Zig:24   | Killed a juggernaut
111319 | Zig:24   | Killed a juggernaut
111320 | Zig:24   | Killed a juggernaut
111320 | Zig:24   | Killed a juggernaut
111320 | Zig:24   | Killed a juggernaut
111322 | Zig:24   | Killed a juggernaut
111322 | Zig:24   | Killed a juggernaut
111327 | Zig:24   | Killed a juggernaut
111335 | Zig:24   | Killed a juggernaut
111336 | Zig:24   | Reached skill level 10 in Fire Magic
111367 | Zig:24   | Identified the -1 pair of gloves of the Lair of Beasts
                  | {+Blink Dex+4 SInv}
111368 | Zig:24   | Identified the ring "Odericsu" {Fire ^Drain Int+3 SInv}
111775 | Zig:24   | Identified the +5 glaive of the Enemy {freeze, *Corrode
                  | rF++ MP+9 Str+2}
111780 | Zig:24   | Identified the serpent talisman of Fashionability {rElec
                  | Str+3 SInv}
111788 | Zig:24   | Identified the +3 whip of Tifenan {flame, Will+}
111790 | Zig:24   | Identified the +0 robe "Iffuas" {rF+++}
111792 | Zig:24   | Identified the +5 long sword "Jilant" {protect, ^Fragile
                  | rPois rF+ Will+}
111989 | Zig:25   | Entered Level 25 of a ziggurat
112009 | Zig:25   | Reached skill level 10 in Short Blades
112009 | Zig:25   | Reached skill level 10 in Axes
112009 | Zig:25   | Reached skill level 10 in Maces & Flails
112009 | Zig:25   | Reached skill level 10 in Polearms
112009 | Zig:25   | Reached skill level 10 in Staves
112009 | Zig:25   | Reached skill level 10 in Ranged Weapons
112009 | Zig:25   | Reached skill level 10 in Throwing
112009 | Zig:25   | Reached skill level 10 in Unarmed Combat
112013 | Zig:25   | Reached skill level 15 in Alchemy
112013 | Zig:25   | Found the +5 robe of Night {Dark Will+ SInv}
112035 | Zig:25   | Identified the ring of the Unkillable {rF- rN+ Dex+6 SInv}
112198 | Zig:25   | Identified the +4 great mace "Kykh" {holy, Fly rF+}
112226 | Zig:25   | Identified the +3 demon whip "Teuxoo" {vamp, rC+ rN+ Str+2
                  | Stlth+}
112571 | Zig:26   | Entered Level 26 of a ziggurat
112589 | Zig:26   | Noticed a dread lich
112591 | Zig:26   | Noticed a dread lich
112591 | Zig:26   | Noticed an ancient lich
112592 | Zig:26   | Noticed an ancient lich
112592 | Zig:26   | Killed a dread lich
112595 | Zig:26   | Noticed a dread lich
112595 | Zig:26   | Noticed an ancient lich
112596 | Zig:26   | Killed an ancient lich
112596 | Zig:26   | Killed a dread lich
112597 | Zig:26   | Noticed an ancient lich
112597 | Zig:26   | Noticed a dread lich
112597 | Zig:26   | Noticed an ancient lich
112597 | Zig:26   | Noticed a dread lich
112597 | Zig:26   | Noticed an ancient lich
112597 | Zig:26   | Noticed a dread lich
112597 | Zig:26   | Noticed an ancient lich
112598 | Zig:26   | Noticed a dread lich
112598 | Zig:26   | Noticed an ancient lich
112598 | Zig:26   | Noticed a dread lich
112598 | Zig:26   | Noticed a dread lich
112598 | Zig:26   | Noticed a dread lich
112598 | Zig:26   | Noticed a dread lich
112598 | Zig:26   | Noticed a dread lich
112598 | Zig:26   | Noticed a dread lich
112598 | Zig:26   | Noticed an ancient lich
112598 | Zig:26   | Noticed an ancient lich
112600 | Zig:26   | Noticed an ancient lich
112601 | Zig:26   | Noticed an ancient lich
112603 | Zig:26   | Noticed an ancient lich
112603 | Zig:26   | Killed an ancient lich
112603 | Zig:26   | Killed an ancient lich
112603 | Zig:26   | Killed a dread lich
112604 | Zig:26   | Killed an ancient lich
112604 | Zig:26   | Killed an ancient lich
112604 | Zig:26   | Killed an ancient lich
112604 | Zig:26   | Killed a dread lich
112604 | Zig:26   | Killed a dread lich
112605 | Zig:26   | Killed a dread lich
112605 | Zig:26   | Killed an ancient lich
112605 | Zig:26   | Killed a dread lich
112607 | Zig:26   | Killed a dread lich
112607 | Zig:26   | Killed an ancient lich
112607 | Zig:26   | Killed a dread lich
112607 | Zig:26   | Killed an ancient lich
112607 | Zig:26   | Killed an ancient lich
112607 | Zig:26   | Killed a dread lich
112607 | Zig:26   | Killed an ancient lich
112608 | Zig:26   | Killed a dread lich
112608 | Zig:26   | Killed an ancient lich
112608 | Zig:26   | Killed a dread lich
112608 | Zig:26   | Killed a dread lich
112609 | Zig:26   | Found the +8 orange crystal plate armour {Archmagi, Int+3
                  | Clar}
112614 | Zig:26   | Killed an ancient lich
112620 | Zig:26   | Found the +3 giant club "Skullcrusher" {speed, Str+7}
112965 | Zig:26   | Identified the staff of the Bashing Gods {rN+ Str+3 Necro}
112978 | Zig:26   | Identified the +8 sling of Biegubba {elec, rPois rC+ Str-4
                  | Stlth+}
112981 | Zig:26   | Identified the +6 mace of Sarin {flame, *Corrode rElec
                  | rPois rN+++}
113162 | Zig:26   | Identified the amulet of Nobility {Spirit rPois rC++
                  | Slay+2}
113195 | Zig:27   | Entered Level 27 of a ziggurat
113206 | Zig:27   | Noticed an ancient lich
113210 | Zig:27   | Noticed an ancient lich
113210 | Zig:27   | Noticed a dread lich
113210 | Zig:27   | Noticed an ancient lich
113210 | Zig:27   | Noticed an ancient lich
113210 | Zig:27   | Noticed a dread lich
113212 | Zig:27   | Killed an ancient lich
113212 | Zig:27   | Noticed a dread lich
113212 | Zig:27   | Noticed an ancient lich
113212 | Zig:27   | Noticed a dread lich
113212 | Zig:27   | Noticed a dread lich
113212 | Zig:27   | Noticed a dread lich
113212 | Zig:27   | Killed an ancient lich
113213 | Zig:27   | Killed an ancient lich
113213 | Zig:27   | Killed a dread lich
113213 | Zig:27   | Killed a dread lich
113214 | Zig:27   | Killed a dread lich
113214 | Zig:27   | Killed an ancient lich
113214 | Zig:27   | Noticed an ancient lich
113215 | Zig:27   | Killed an ancient lich
113215 | Zig:27   | Killed a dread lich
113215 | Zig:27   | Noticed an ancient lich
113216 | Zig:27   | Killed a dread lich
113217 | Zig:27   | Noticed an ancient lich
113217 | Zig:27   | Noticed a dread lich
113217 | Zig:27   | Noticed an ancient lich
113217 | Zig:27   | Noticed a dread lich
113217 | Zig:27   | Killed an ancient lich
113218 | Zig:27   | Killed a dread lich
113218 | Zig:27   | Killed a dread lich
113218 | Zig:27   | Killed an ancient lich
113218 | Zig:27   | Noticed a dread lich
113219 | Zig:27   | Killed an ancient lich
113220 | Zig:27   | Reached skill level 15 in Maces & Flails
113220 | Zig:27   | Reached skill level 15 in Polearms
113220 | Zig:27   | Reached skill level 15 in Staves
113220 | Zig:27   | Reached skill level 15 in Ranged Weapons
113220 | Zig:27   | Reached skill level 15 in Throwing
113220 | Zig:27   | Killed a dread lich
113221 | Zig:27   | Killed a dread lich
113221 | Zig:27   | Noticed a dread lich
113221 | Zig:27   | Noticed a dread lich
113222 | Zig:27   | Killed a dread lich
113222 | Zig:27   | Noticed an ancient lich
113222 | Zig:27   | Noticed a dread lich
113222 | Zig:27   | Noticed an ancient lich
113222 | Zig:27   | Noticed a dread lich
113222 | Zig:27   | Noticed a dread lich
113222 | Zig:27   | Noticed a dread lich
113225 | Zig:27   | Killed an ancient lich
113225 | Zig:27   | Killed an ancient lich
113225 | Zig:27   | Killed an ancient lich
113227 | Zig:27   | Killed a dread lich
113230 | Zig:27   | Killed a dread lich
113230 | Zig:27   | Killed a dread lich
113230 | Zig:27   | Killed a dread lich
113231 | Zig:27   | Reached skill level 15 in Fire Magic
113232 | Zig:27   | Killed a dread lich
113394 | Zig:27   | Identified the +0 scimitar of Wemyomm {heavy, +Blink rF+
                  | rC+}
113399 | Zig:27   | Identified the staff "Jomom" {+Blink rPois rF+ Alchemy}
113412 | Zig:27   | Identified the amulet of the Republic {Reflect rPois SH+5}
113414 | Zig:27   | Identified the +12 chain mail of Past Mistakes {^Contam
                  | Str+4 Int+2 SInv}
113440 | Zig:27   | Identified the +3 plate armour of Tenacity {-Cast rElec
                  | Str+4 Stlth+}
113441 | Zig:27   | Identified the +2 plate armour "Hipnac" {Str+2 Dex+3
                  | Stlth+}
113773 | Zig:27   | Reached skill level 15 in Axes
113845 | Zig:1    | Entered Level 1 of a ziggurat
113916 | Zig:2    | Entered Level 2 of a ziggurat
113975 | Zig:3    | Entered Level 3 of a ziggurat
114237 | Zig:4    | Entered Level 4 of a ziggurat
114408 | Zig:5    | Entered Level 5 of a ziggurat
114411 | Zig:5    | Noticed Hytegor's ghost (legendary GnEE)
114411 | Zig:5    | Noticed Tibbeudu's ghost (legendary DjCj)
114411 | Zig:5    | Noticed Pyfud Mepa's ghost (legendary AtFi)
114415 | Zig:5    | Killed Pyfud Mepa's ghost
114415 | Zig:5    | Killed Hytegor's ghost
114428 | Zig:5    | Killed Tibbeudu's ghost
114609 | Zig:5    | Identified the ring of Afuwkag {rPois rF+ Str-3 Dex+5}
114611 | Zig:5    | Identified the +7 dire flail "Coun" {holy, Dex+4 Stlth+}
114659 | Zig:6    | Entered Level 6 of a ziggurat
114660 | Zig:6    | Noticed a dread lich
114660 | Zig:6    | Noticed a dread lich
114661 | Zig:6    | Noticed a dread lich
114661 | Zig:6    | Noticed an ancient lich
114663 | Zig:6    | Noticed an ancient lich
114663 | Zig:6    | Noticed an ancient lich
114663 | Zig:6    | Noticed a dread lich
114663 | Zig:6    | Noticed a dread lich
114663 | Zig:6    | Noticed a dread lich
114663 | Zig:6    | Noticed an ancient lich
114664 | Zig:6    | Killed a dread lich
114664 | Zig:6    | Killed a dread lich
114664 | Zig:6    | Killed a dread lich
114664 | Zig:6    | Killed a dread lich
114665 | Zig:6    | Killed an ancient lich
114665 | Zig:6    | Killed a dread lich
114665 | Zig:6    | Killed a dread lich
114665 | Zig:6    | Killed an ancient lich
114665 | Zig:6    | Killed an ancient lich
114666 | Zig:6    | Killed an ancient lich
114819 | Zig:7    | Entered Level 7 of a ziggurat
114822 | Zig:7    | Noticed Atuele the pandemonium lord
114822 | Zig:7    | Noticed Toavairchob the pandemonium lord
114822 | Zig:7    | Noticed Tecew the pandemonium lord
114824 | Zig:7    | Noticed Upuas the pandemonium lord
114824 | Zig:7    | Noticed Xaff the pandemonium lord
114827 | Zig:7    | Killed Atuele the pandemonium lord
114828 | Zig:7    | Killed Toavairchob the pandemonium lord
114829 | Zig:7    | Killed Xaff the pandemonium lord
114829 | Zig:7    | Killed Upuas the pandemonium lord
114829 | Zig:7    | Killed Tecew the pandemonium lord
115009 | Zig:7    | Identified the +8 arbalest "Tinenae" {flame, rElec Will++
                  | Dex-5 Stlth+}
115064 | Zig:8    | Entered Level 8 of a ziggurat
115067 | Zig:8    | Noticed a juggernaut
115067 | Zig:8    | Noticed a juggernaut
115067 | Zig:8    | Noticed a juggernaut
115069 | Zig:8    | Noticed a juggernaut
115070 | Zig:8    | Killed a juggernaut
115070 | Zig:8    | Killed a juggernaut
115074 | Zig:8    | Killed a juggernaut
115074 | Zig:8    | Killed a juggernaut
115447 | Zig:9    | Entered Level 9 of a ziggurat
115449 | Zig:9    | Noticed a juggernaut
115452 | Zig:9    | Noticed a juggernaut
115454 | Zig:9    | Killed a juggernaut
115456 | Zig:9    | Found the +3 salamander hide armour {Flames, rFlCloud rF++
                  | rC--}
115457 | Zig:9    | Killed a juggernaut
115462 | Zig:9    | Found the +10 Black Knight's barding {ponderous, rPois rN+}
115861 | Zig:9    | Identified the +7 long sword of Cocytus {antimagic, Will+
                  | Int+4}
115867 | Zig:9    | Identified the staff "Helumops" {rElec Str+4 Int+2 Dex+3
                  | Air}
115868 | Zig:9    | Identified the +3 halberd of Xesuruw {elec, rElec rCorr}
115871 | Zig:9    | Identified the +1 flail "Nuuckat" {venom, rElec rPois Int+2
                  | Dex+3}
115903 | Zig:10   | Entered Level 10 of a ziggurat
115906 | Zig:10   | Noticed a dread lich
115906 | Zig:10   | Noticed a dread lich
115906 | Zig:10   | Noticed a dread lich
115906 | Zig:10   | Noticed an ancient lich
115906 | Zig:10   | Noticed an ancient lich
115906 | Zig:10   | Noticed an ancient lich
115907 | Zig:10   | Noticed an ancient lich
115908 | Zig:10   | Noticed a dread lich
115909 | Zig:10   | Noticed an ancient lich
115909 | Zig:10   | Noticed a dread lich
115910 | Zig:10   | Noticed a dread lich
115911 | Zig:10   | Noticed an ancient lich
115911 | Zig:10   | Killed a dread lich
115911 | Zig:10   | Killed an ancient lich
115911 | Zig:10   | Killed an ancient lich
115911 | Zig:10   | Killed a dread lich
115911 | Zig:10   | Killed an ancient lich
115912 | Zig:10   | Killed a dread lich
115912 | Zig:10   | Killed a dread lich
115912 | Zig:10   | Killed an ancient lich
115912 | Zig:10   | Killed a dread lich
115912 | Zig:10   | Killed an ancient lich
115912 | Zig:10   | Noticed an ancient lich
115912 | Zig:10   | Noticed an ancient lich
115913 | Zig:10   | Reached skill level 15 in Short Blades
115913 | Zig:10   | Noticed a dread lich
115913 | Zig:10   | Noticed a dread lich
115914 | Zig:10   | Killed an ancient lich
115915 | Zig:10   | Killed a dread lich
115915 | Zig:10   | Killed a dread lich
115917 | Zig:10   | Killed an ancient lich
115917 | Zig:10   | Killed a dread lich
115918 | Zig:10   | Reached skill level 15 in Unarmed Combat
115919 | Zig:10   | Killed an ancient lich
116162 | Zig:10   | Identified the +2 scale mail of Marbles {rPois}
116220 | Zig:10   | Identified the ring "Ucyihoeh" {+Blink rC+ Will- Int+6
                  | Stlth+}
116224 | Zig:11   | Entered Level 11 of a ziggurat
116230 | Zig:11   | Found the +3 Elemental Staff {ele, rElec rF+ rC+ AC+3}
116406 | Zig:11   | Identified the +10 halberd of Blood {flame, ^Contam Will+++
                  | rCorr SInv}
116522 | Zig:12   | Entered Level 12 of a ziggurat
116527 | Zig:12   | Found the +8 frozen axe "Frostbite" {freeze, freezing
                  | cloud, *Noise Fly rC+}
116794 | Zig:12   | Identified the +0 pair of boots "Quridiuq" {rCorr Dex+2}
116818 | Zig:12   | Identified the +1 chain mail "Acidd" {Dex+2}
116861 | Zig:13   | Entered Level 13 of a ziggurat
117068 | Zig:13   | Identified the +0 buckler "Siataopu" {Dex+3 Stlth+}
117069 | Zig:13   | Identified the +1 great sword of Embarrassment {drain, rN+
                  | Will+}
117078 | Zig:13   | Identified the +1 falchion of Quno {venom, Fly rPois}
117082 | Zig:13   | Identified the staff of Modesty {rF+ rC+ Dex+5 Ice}
117196 | Zig:14   | Entered Level 14 of a ziggurat
117203 | Zig:14   | Found the Charlatan's Orb {orb Evoboost}
117489 | Zig:14   | Identified the amulet of the Feeding Stars {rPois RegenMP+
                  | Int+4}
117490 | Zig:14   | Identified the +11 scale mail "Kaoc" {rElec Int+4 Stlth+}
117493 | Zig:14   | Identified the ring "Jidoupuc" {rPois Str+4 Int+6}
117505 | Zig:14   | Identified the +11 rapier "Haakhlomn" {spect, Fly}
117552 | Zig:15   | Entered Level 15 of a ziggurat
117565 | Zig:15   | Found the +8 Wrath of Trog {antimagic, *Rage Rampage}
117709 | Zig:15   | Identified the amulet "Voqeq" {Spirit Will+ Regen+ Str+3}
117717 | Zig:15   | Identified the +5 spear of Haleick {drain, +Blink rElec rN+
                  | Will-}
117740 | Zig:15   | Identified the +2 quarterstaff of the Stopping Gods
                  | {distort, *Rage *Corrode rN+++ Dex+5 SInv}
118090 | Zig:16   | Entered Level 16 of a ziggurat
118113 | Zig:16   | Found the +7 hand cannon "Mule" {flame, backblast, rF+}
118469 | Zig:16   | Identified the +0 scale mail of Protective Custody {rC++
                  | rN+}
118471 | Zig:16   | Identified the +4 leather armour of Biproc {rCorr Int+4}
118524 | Zig:17   | Entered Level 17 of a ziggurat
118526 | Zig:17   | Noticed a dread lich
118537 | Zig:17   | Killed a dread lich
118812 | Zig:17   | Identified the +9 sling "Mozitset" {drain, Int+3}
118813 | Zig:17   | Identified the +3 helmet "Enouph" {rF+ rN+++ MP+9 Int-4}
119093 | Zig:18   | Entered Level 18 of a ziggurat
119200 | Zig:18   | Found the +9 staff of Olgreb {rPois∞}
119580 | Zig:18   | Acquired 897 gold pieces
119583 | Zig:18   | Identified the +8 spear "Guypig" {vamp, rPois Will+ rCorr
                  | Int+3}
119595 | Zig:18   | Identified the +8 flail of Fundamental Breach {heavy,
                  | Stlth+}
119604 | Zig:18   | Got Gasada Owush's Continuing Spellwork
119611 | Zig:18   | Identified the +0 ring mail of the Echidna {rF+ rC- Dex+4}
119668 | Zig:19   | Entered Level 19 of a ziggurat
119673 | Zig:19   | Noticed a dread lich
119673 | Zig:19   | Noticed a dread lich
119673 | Zig:19   | Noticed an ancient lich
119673 | Zig:19   | Noticed an ancient lich
119673 | Zig:19   | Noticed an ancient lich
119673 | Zig:19   | Noticed an ancient lich
119673 | Zig:19   | Noticed an ancient lich
119673 | Zig:19   | Noticed an ancient lich
119674 | Zig:19   | Noticed a dread lich
119675 | Zig:19   | Killed a dread lich
119675 | Zig:19   | Noticed a dread lich
119675 | Zig:19   | Noticed a dread lich
119675 | Zig:19   | Noticed an ancient lich
119675 | Zig:19   | Noticed an ancient lich
119676 | Zig:19   | Killed a dread lich
119676 | Zig:19   | Killed an ancient lich
119676 | Zig:19   | Killed an ancient lich
119676 | Zig:19   | Killed an ancient lich
119677 | Zig:19   | Noticed an ancient lich
119677 | Zig:19   | Noticed a dread lich
119677 | Zig:19   | Noticed a dread lich
119677 | Zig:19   | Noticed a dread lich
119677 | Zig:19   | Noticed an ancient lich
119677 | Zig:19   | Noticed an ancient lich
119677 | Zig:19   | Noticed a dread lich
119677 | Zig:19   | Noticed an ancient lich
119678 | Zig:19   | Noticed a dread lich
119678 | Zig:19   | Noticed a dread lich
119678 | Zig:19   | Noticed an ancient lich
119678 | Zig:19   | Noticed an ancient lich
119678 | Zig:19   | Killed a dread lich
119678 | Zig:19   | Killed a dread lich
119679 | Zig:19   | Killed a dread lich
119679 | Zig:19   | Killed an ancient lich
119679 | Zig:19   | Killed an ancient lich
119679 | Zig:19   | Killed a dread lich
119679 | Zig:19   | Killed an ancient lich
119679 | Zig:19   | Killed an ancient lich
119679 | Zig:19   | Killed an ancient lich
119680 | Zig:19   | Noticed an ancient lich
119681 | Zig:19   | Noticed an ancient lich
119681 | Zig:19   | Killed a dread lich
119682 | Zig:19   | Killed an ancient lich
119682 | Zig:19   | Killed an ancient lich
119682 | Zig:19   | Killed a dread lich
119682 | Zig:19   | Killed an ancient lich
119682 | Zig:19   | Killed a dread lich
119683 | Zig:19   | Killed an ancient lich
119683 | Zig:19   | Killed a dread lich
119683 | Zig:19   | Killed a dread lich
119684 | Zig:19   | Killed an ancient lich
119686 | Zig:19   | Killed an ancient lich
119688 | Zig:19   | Killed an ancient lich
119696 | Zig:19   | Killed an ancient lich
119851 | Zig:19   | Identified the +4 hand axe "Qonuc" {drain, rC+ rN+ Str+5}
119857 | Zig:19   | Identified the staff "Beidghint" {rElec Int+5 Ice Air}
120102 | Zig:20   | Entered Level 20 of a ziggurat
120483 | Zig:20   | Identified the +2 great sword of Egiaphog {drain, rF- rC+
                  | Will++ Int+3}
120497 | Zig:20   | Identified the +5 war axe of Capital Punishment {speed, rC+
                  | rCorr}
120506 | Zig:20   | Identified the staff "Xuvius" {rF+ rC- Dex+8 Fire}
120534 | Zig:20   | Identified the ring of Zueg {rPois Slay+2 SInv}
120592 | Zig:21   | Entered Level 21 of a ziggurat
120613 | Zig:21   | Found the +4 robe of Folly {Brill Will-∞ Int+8}
120892 | Zig:21   | Identified the +5 hand axe of the Illusory Scars {holy,
                  | Will++ rCorr}
120934 | Zig:21   | Identified the +0 scale mail "Tyradar" {rElec rC- Dex+3}
121278 | Zig:22   | Entered Level 22 of a ziggurat
121311 | Zig:22   | Found the +3 pair of mountain boots {steadfast, rC+}
121751 | Zig:22   | Identified the staff of the Lesser Evil {rElec rPois rF-
                  | MP+9 Air}
121755 | Zig:22   | Identified the +0 shortbow of Bloodstone {elec, *Slow
                  | Int+3}
121773 | Zig:22   | Identified the +8 trident "Haeqiur" {freeze, Will+}
121785 | Zig:22   | Identified the orb "Alomatiu" {*channel, Int+2}
121789 | Zig:22   | Identified the +1 mace of the Heart {vamp, ^Drain Str+5
                  | Dex+3}
121792 | Zig:22   | Identified the +2 morningstar of Valour {flame, rC+ Dex+4}
122060 | Zig:23   | Entered Level 23 of a ziggurat
122068 | Zig:23   | Noticed an ancient lich
122080 | Zig:23   | Killed an ancient lich
122081 | Zig:23   | Reached skill level 27 in Ranged Weapons
122295 | Zig:23   | Identified the +5 whip "Foroguiz" {elec, +Blink rC+ Str+2
                  | Int+4}
122616 | Zig:24   | Entered Level 24 of a ziggurat
122626 | Zig:24   | Noticed a dread lich
122626 | Zig:24   | Noticed a dread lich
122628 | Zig:24   | Noticed an ancient lich
122628 | Zig:24   | Noticed a dread lich
122628 | Zig:24   | Noticed a dread lich
122628 | Zig:24   | Noticed an ancient lich
122629 | Zig:24   | Killed a dread lich
122630 | Zig:24   | Noticed an ancient lich
122632 | Zig:24   | Killed a dread lich
122632 | Zig:24   | Killed an ancient lich
122632 | Zig:24   | Killed a dread lich
122632 | Zig:24   | Killed a dread lich
122633 | Zig:24   | Reached skill level 27 in Alchemy
122633 | Zig:24   | Noticed a dread lich
122633 | Zig:24   | Noticed a dread lich
122633 | Zig:24   | Noticed an ancient lich
122633 | Zig:24   | Noticed an ancient lich
122634 | Zig:24   | Killed an ancient lich
122635 | Zig:24   | Noticed an ancient lich
122635 | Zig:24   | Killed an ancient lich
122636 | Zig:24   | Noticed a dread lich
122636 | Zig:24   | Noticed a dread lich
122636 | Zig:24   | Noticed an ancient lich
122637 | Zig:24   | Noticed an ancient lich
122637 | Zig:24   | Killed an ancient lich
122637 | Zig:24   | Killed an ancient lich
122637 | Zig:24   | Killed an ancient lich
122637 | Zig:24   | Killed a dread lich
122638 | Zig:24   | Noticed an ancient lich
122638 | Zig:24   | Noticed an ancient lich
122639 | Zig:24   | Noticed a dread lich
122640 | Zig:24   | Killed a dread lich
122640 | Zig:24   | Killed an ancient lich
122640 | Zig:24   | Killed a dread lich
122640 | Zig:24   | Noticed an ancient lich
122640 | Zig:24   | Noticed an ancient lich
122641 | Zig:24   | Noticed an ancient lich
122641 | Zig:24   | Noticed an ancient lich
122641 | Zig:24   | Noticed a dread lich
122641 | Zig:24   | Noticed a dread lich
122642 | Zig:24   | Killed an ancient lich
122642 | Zig:24   | Killed an ancient lich
122642 | Zig:24   | Killed a dread lich
122643 | Zig:24   | Killed a dread lich
122643 | Zig:24   | Killed an ancient lich
122644 | Zig:24   | Killed a dread lich
122650 | Zig:24   | Killed a dread lich
122650 | Zig:24   | Killed an ancient lich
122651 | Zig:24   | Killed an ancient lich
122651 | Zig:24   | Killed an ancient lich
122651 | Zig:24   | Killed an ancient lich
122797 | Zig:24   | Identified the +2 long sword of Uncertain Death {freeze,
                  | rCorr Int+6}
123064 | Zig:24   | Identified the +0 hand axe "Jioriod" {drain, rPois rC+
                  | rCorr}
123205 | Zig:25   | Entered Level 25 of a ziggurat
123215 | Zig:25   | Noticed a dread lich
123215 | Zig:25   | Noticed an ancient lich
123215 | Zig:25   | Noticed an ancient lich
123215 | Zig:25   | Noticed an ancient lich
123217 | Zig:25   | Noticed a dread lich
123217 | Zig:25   | Noticed an ancient lich
123217 | Zig:25   | Noticed a dread lich
123219 | Zig:25   | Killed an ancient lich
123219 | Zig:25   | Killed an ancient lich
123219 | Zig:25   | Killed an ancient lich
123220 | Zig:25   | Killed a dread lich
123220 | Zig:25   | Noticed a dread lich
123222 | Zig:25   | Noticed a dread lich
123222 | Zig:25   | Noticed a dread lich
123222 | Zig:25   | Noticed an ancient lich
123223 | Zig:25   | Killed a dread lich
123223 | Zig:25   | Killed an ancient lich
123223 | Zig:25   | Killed a dread lich
123223 | Zig:25   | Killed a dread lich
123224 | Zig:25   | Noticed a dread lich
123224 | Zig:25   | Noticed a dread lich
123224 | Zig:25   | Noticed an ancient lich
123224 | Zig:25   | Noticed an ancient lich
123225 | Zig:25   | Killed an ancient lich
123226 | Zig:25   | Noticed an ancient lich
123227 | Zig:25   | Noticed an ancient lich
123229 | Zig:25   | Killed an ancient lich
123229 | Zig:25   | Killed a dread lich
123229 | Zig:25   | Killed an ancient lich
123229 | Zig:25   | Killed a dread lich
123229 | Zig:25   | Noticed an ancient lich
123229 | Zig:25   | Noticed a dread lich
123229 | Zig:25   | Noticed a dread lich
123229 | Zig:25   | Noticed an ancient lich
123229 | Zig:25   | Noticed a dread lich
123229 | Zig:25   | Noticed an ancient lich
123229 | Zig:25   | Noticed an ancient lich
123229 | Zig:25   | Noticed an ancient lich
123229 | Zig:25   | Noticed a dread lich
123229 | Zig:25   | Noticed a dread lich
123230 | Zig:25   | Killed an ancient lich
123231 | Zig:25   | Killed an ancient lich
123231 | Zig:25   | Killed a dread lich
123231 | Zig:25   | Killed an ancient lich
123232 | Zig:25   | Noticed an ancient lich
123234 | Zig:25   | Killed a dread lich
123234 | Zig:25   | Killed an ancient lich
123235 | Zig:25   | Killed an ancient lich
123235 | Zig:25   | Killed an ancient lich
123235 | Zig:25   | Killed an ancient lich
123235 | Zig:25   | Killed a dread lich
123235 | Zig:25   | Killed a dread lich
123235 | Zig:25   | Killed an ancient lich
123235 | Zig:25   | Killed a dread lich
123235 | Zig:25   | Killed a dread lich
123237 | Zig:25   | Killed a dread lich
123452 | Zig:25   | Identified the staff of Conformity {rPois rF+ Fire}
123465 | Zig:25   | Identified the +1 ring mail "Quynix" {+Blink rPois Regen+
                  | Str-2}
123476 | Zig:25   | Identified the dragon-blood talisman "Amigen" {Will+
                  | Slay+2}
123493 | Zig:25   | Identified the +5 sling of Som Jera {flame, Str+2 Int+4
                  | Dex-4}
123785 | Zig:26   | Entered Level 26 of a ziggurat
123800 | Zig:26   | Reached skill level 27 in Throwing
123804 | Zig:26   | Reached skill level 27 in Fire Magic
123808 | Zig:26   | Reached skill level 27 in Unarmed Combat
123811 | Zig:26   | Reached skill level 5 in Earth Magic
123812 | Zig:26   | Reached skill level 5 in Invocations
123814 | Zig:26   | Noticed a dread lich
123820 | Zig:26   | Found the +4 Cigotuvi's embrace {Corpsefed rMiasma ^Drain
                  | rN+}
123821 | Zig:26   | Killed a dread lich
123826 | Zig:26   | Reached skill level 10 in Air Magic
124194 | Zig:26   | Identified the +5 chain mail "Qikhahawn" {rF+ Str+5}
124211 | Zig:26   | Identified the +2 pair of gloves of Torpheg {+Inv rElec
                  | Stlth+}
124216 | Zig:26   | Identified the +4 hand axe of the Doomed Warrior {flame,
                  | Dex+3}
124217 | Zig:26   | Identified the +4 quarterstaff of Zeideoho {heavy, ^Contam
                  | *Noise rF+++ Str+5}
124224 | Zig:26   | Identified the +4 mace of Revolt {vamp, Str+5 Stlth+}
124365 | Zig:27   | Entered Level 27 of a ziggurat
124379 | Zig:27   | Reached skill level 10 in Earth Magic
124383 | Zig:27   | Reached skill level 10 in Invocations
124391 | Zig:27   | Found the ring of the Mage {Wiz Archmagi}
124391 | Zig:27   | Found the ring of the Octopus King
124397 | Zig:27   | Reached skill level 15 in Air Magic
124744 | Zig:27   | Identified the +8 long sword of Putrescence {vamp, Stlth+}
124758 | Zig:27   | Identified the +9 war axe "Dragon's Curse" {venom, rElec
                  | MP+9 Str+2 Int+4}
124772 | Zig:27   | Identified the +5 mace of the Inviting Traitor {drain, rC+
                  | Int-5 Stlth+}
125058 | Zig:27   | Identified a ring of the Octopus King {Fly HP+2 AC+2 EV+2
                  | SH+2}
125111 | Zig:1    | Entered Level 1 of a ziggurat
125155 | Zig:2    | Entered Level 2 of a ziggurat
125155 | Zig:2    | Noticed Refez the pandemonium lord
125155 | Zig:2    | Noticed Sucuan the pandemonium lord
125155 | Zig:2    | Noticed Ijytoi Foox the pandemonium lord
125155 | Zig:2    | Noticed Jarup the pandemonium lord
125158 | Zig:2    | Killed Ijytoi Foox the pandemonium lord
125158 | Zig:2    | Killed Sucuan the pandemonium lord
125161 | Zig:2    | Killed Refez the pandemonium lord
125161 | Zig:2    | Killed Jarup the pandemonium lord
125271 | Zig:3    | Entered Level 3 of a ziggurat
125391 | Zig:3    | Identified the +4 flail of the Viper {venom, Will+ Str+6}
125419 | Zig:4    | Entered Level 4 of a ziggurat
125422 | Zig:4    | Reached skill level 15 in Earth Magic
125632 | Zig:5    | Entered Level 5 of a ziggurat
125763 | Zig:5    | Got the Teachings on Sepulchral Portents
125829 | Zig:6    | Entered Level 6 of a ziggurat
125831 | Zig:6    | Paralysed by an air elemental for 1 turns
125833 | Zig:6    | Reached skill level 15 in Invocations
125835 | Zig:6    | Found the +7 Throatcutter {drain, coup de grace}
126098 | Zig:7    | Entered Level 7 of a ziggurat
126102 | Zig:7    | Noticed an ancient lich
126102 | Zig:7    | Noticed an ancient lich
126102 | Zig:7    | Noticed an ancient lich
126102 | Zig:7    | Noticed an ancient lich
126102 | Zig:7    | Noticed an ancient lich
126103 | Zig:7    | Noticed an ancient lich
126103 | Zig:7    | Noticed an ancient lich
126105 | Zig:7    | Killed an ancient lich
126105 | Zig:7    | Killed an ancient lich
126106 | Zig:7    | Killed an ancient lich
126106 | Zig:7    | Killed an ancient lich
126107 | Zig:7    | Killed an ancient lich
126107 | Zig:7    | Killed an ancient lich
126107 | Zig:7    | Killed an ancient lich
126289 | Zig:7    | Identified the ring "Rout" {+Blink rElec rC+ SInv}
126333 | Zig:7    | Acquired 805 gold pieces
126357 | Zig:8    | Entered Level 8 of a ziggurat
126357 | Zig:8    | Noticed an ancient lich
126358 | Zig:8    | Found the +3 pair of gauntlets of War {Slay+5}
126364 | Zig:8    | Killed an ancient lich
126691 | Zig:8    | Identified the +2 leather armour of Xolai {Rampage Fly}
126707 | Zig:8    | Identified the +7 short sword "Ahoimiogu" {drain, rPois
                  | rC+}
126713 | Zig:8    | Identified the +7 quarterstaff "Ugugu" {flame, rPois Will-
                  | Int+2 Dex+3}
126716 | Zig:8    | Identified the +2 leather armour of the Illusory Dreams
                  | {rC- Str+4 Int+4}
126788 | Zig:9    | Entered Level 9 of a ziggurat
126791 | Zig:9    | Found the sphere of Battle
126971 | Zig:9    | Identified the ring of Voschoera {Fly rC+ Will+ Int+6}
126983 | Zig:9    | Identified the +3 chain mail of Duty {rC+ rN+ Stlth-}
126995 | Zig:9    | Identified the +1 plate armour of Vanity {Dex+6}
127249 | Zig:10   | Entered Level 10 of a ziggurat
127550 | Zig:10   | Identified the +0 helmet "Wusuesameo" {rPois rCorr Str+4
                  | Stlth+}
127554 | Zig:10   | Identified the +2 arbalest "Betaven" {antimagic, ^Contam
                  | rElec rC++ SInv}
127555 | Zig:10   | Identified the staff of Maetz {^Contam rElec Str+6 Dex-5
                  | Conj}
127577 | Zig:11   | Entered Level 11 of a ziggurat
127822 | Zig:11   | Identified the +1 ring mail of Grace {Harm Str+6}
127826 | Zig:11   | Identified the +5 scale mail "Xeda" {Dex+4}
127829 | Zig:11   | Identified the +0 pair of boots "Roch" {rPois rN++ rCorr
                  | Str-4}
127832 | Zig:11   | Identified the +2 leather armour of Honour {Int+2}
127944 | Zig:12   | Entered Level 12 of a ziggurat
128317 | Zig:12   | Identified the +4 rapier of Tolur {flame, ^Drain rC++ rN+++
                  | Int-4}
128319 | Zig:12   | Identified the +3 hand axe of Deluadun {antimagic, rPois
                  | rC+ Int+3 Stlth-}
128372 | Zig:13   | Entered Level 13 of a ziggurat
128375 | Zig:13   | Noticed a dread lich
128375 | Zig:13   | Noticed an ancient lich
128375 | Zig:13   | Noticed an ancient lich
128375 | Zig:13   | Noticed a dread lich
128376 | Zig:13   | Noticed an ancient lich
128376 | Zig:13   | Noticed an ancient lich
128376 | Zig:13   | Noticed a dread lich
128376 | Zig:13   | Noticed a dread lich
128376 | Zig:13   | Noticed a dread lich
128376 | Zig:13   | Noticed a dread lich
128376 | Zig:13   | Noticed an ancient lich
128376 | Zig:13   | Noticed an ancient lich
128376 | Zig:13   | Noticed a dread lich
128379 | Zig:13   | Killed an ancient lich
128379 | Zig:13   | Noticed a dread lich
128380 | Zig:13   | Killed a dread lich
128380 | Zig:13   | Killed a dread lich
128380 | Zig:13   | Killed a dread lich
128380 | Zig:13   | Noticed an ancient lich
128380 | Zig:13   | Noticed an ancient lich
128380 | Zig:13   | Noticed an ancient lich
128380 | Zig:13   | Noticed an ancient lich
128380 | Zig:13   | Noticed an ancient lich
128380 | Zig:13   | Noticed an ancient lich
128381 | Zig:13   | Killed a dread lich
128382 | Zig:13   | Noticed a dread lich
128382 | Zig:13   | Killed an ancient lich
128382 | Zig:13   | Killed an ancient lich
128382 | Zig:13   | Killed an ancient lich
128382 | Zig:13   | Killed an ancient lich
128382 | Zig:13   | Killed an ancient lich
128382 | Zig:13   | Killed an ancient lich
128382 | Zig:13   | Killed an ancient lich
128382 | Zig:13   | Killed an ancient lich
128382 | Zig:13   | Killed a dread lich
128383 | Zig:13   | Noticed a dread lich
128384 | Zig:13   | Killed an ancient lich
128384 | Zig:13   | Noticed an ancient lich
128385 | Zig:13   | Killed an ancient lich
128385 | Zig:13   | Killed a dread lich
128385 | Zig:13   | Killed a dread lich
128386 | Zig:13   | Killed an ancient lich
128386 | Zig:13   | Killed an ancient lich
128387 | Zig:13   | Killed a dread lich
128387 | Zig:13   | Killed a dread lich
128388 | Zig:13   | Killed a dread lich
128574 | Zig:13   | Identified the amulet "Yxkew" {Acrobat rElec rC- Will+
                  | Stlth+}
128579 | Zig:13   | Identified the +10 falchion "Qusod" {venom, Stlth+}
128603 | Zig:13   | Identified the +2 chain mail "Lopeff" {*Corrode rElec
                  | rC+++}
128604 | Zig:13   | Identified the +7 war axe "Donidutu" {freeze, Stlth+}
128646 | Zig:13   | Identified the ring of Uxax Kia {rPois Dex+2}
128806 | Zig:14   | Entered Level 14 of a ziggurat
129149 | Zig:14   | Identified the +10 glaive of the Dark Horse {drain, rC+ rN+
                  | Stlth+}
129292 | Zig:15   | Entered Level 15 of a ziggurat
129297 | Zig:15   | Noticed an ancient lich
129297 | Zig:15   | Noticed an ancient lich
129297 | Zig:15   | Noticed a dread lich
129297 | Zig:15   | Noticed a dread lich
129297 | Zig:15   | Noticed a dread lich
129297 | Zig:15   | Noticed an ancient lich
129298 | Zig:15   | Noticed an ancient lich
129298 | Zig:15   | Noticed a dread lich
129299 | Zig:15   | Noticed an ancient lich
129299 | Zig:15   | Noticed a dread lich
129299 | Zig:15   | Noticed an ancient lich
129299 | Zig:15   | Noticed an ancient lich
129299 | Zig:15   | Noticed an ancient lich
129299 | Zig:15   | Noticed a dread lich
129299 | Zig:15   | Noticed a dread lich
129299 | Zig:15   | Noticed an ancient lich
129299 | Zig:15   | Noticed a dread lich
129299 | Zig:15   | Noticed an ancient lich
129299 | Zig:15   | Noticed a dread lich
129299 | Zig:15   | Noticed a dread lich
129299 | Zig:15   | Noticed an ancient lich
129299 | Zig:15   | Noticed a dread lich
129299 | Zig:15   | Noticed an ancient lich
129299 | Zig:15   | Found the +13 scythe of Curses {drain, curses, ^Drain}
129301 | Zig:15   | Noticed a dread lich
129301 | Zig:15   | Noticed an ancient lich
129302 | Zig:15   | Noticed an ancient lich
129302 | Zig:15   | Noticed a dread lich
129302 | Zig:15   | Killed a dread lich
129302 | Zig:15   | Killed a dread lich
129302 | Zig:15   | Killed a dread lich
129302 | Zig:15   | Killed an ancient lich
129302 | Zig:15   | Killed an ancient lich
129302 | Zig:15   | Killed a dread lich
129302 | Zig:15   | Killed an ancient lich
129302 | Zig:15   | Killed an ancient lich
129302 | Zig:15   | Killed a dread lich
129302 | Zig:15   | Killed a dread lich
129302 | Zig:15   | Killed an ancient lich
129302 | Zig:15   | Killed a dread lich
129302 | Zig:15   | Killed an ancient lich
129302 | Zig:15   | Killed a dread lich
129302 | Zig:15   | Killed an ancient lich
129302 | Zig:15   | Killed a dread lich
129302 | Zig:15   | Killed a dread lich
129302 | Zig:15   | Killed an ancient lich
129302 | Zig:15   | Killed a dread lich
129302 | Zig:15   | Killed a dread lich
129303 | Zig:15   | Noticed an ancient lich
129303 | Zig:15   | Killed an ancient lich
129303 | Zig:15   | Killed an ancient lich
129303 | Zig:15   | Killed an ancient lich
129304 | Zig:15   | Killed an ancient lich
129304 | Zig:15   | Killed an ancient lich
129304 | Zig:15   | Killed a dread lich
129305 | Zig:15   | Killed an ancient lich
129305 | Zig:15   | Killed an ancient lich
129708 | Zig:15   | Identified the staff "Teusemu" {^Fragile Str-4 Int+3 Dex+8
                  | Earth}
129710 | Zig:15   | Identified the +10 mace "With Two Names" {flame, *Slow
                  | Will- Dex+7}
129717 | Zig:15   | Identified the ring of Upudofel {^Drain rN+ Will+ rCorr
                  | SInv}
129726 | Zig:15   | Identified the +6 plate armour of the Hills {+Blink}
129902 | Zig:16   | Entered Level 16 of a ziggurat
129907 | Zig:16   | Noticed Xuymas the pandemonium lord
129914 | Zig:16   | Reached skill level 27 in Air Magic
129923 | Zig:16   | Found the +3 greatsling "Punk" {acid, rCorr}
130229 | Zig:16   | Identified the +9 short sword of Xitsa {spect, *Slow Fly
                  | rPois rC+}
130367 | Zig:17   | Entered Level 17 of a ziggurat
130376 | Zig:17   | Reached skill level 27 in Earth Magic
130383 | Zig:17   | Reached skill level 27 in Invocations
130383 | Zig:17   | Reached skill level 1 in Shields
130383 | Zig:17   | Reached skill level 1 in Summonings
130385 | Zig:17   | Found the +8 autumn katana {manifold assault}
130388 | Zig:17   | Found the macabre finger necklace {Finger+ rN+}
131183 | Zig:18   | Entered Level 18 of a ziggurat
131186 | Zig:18   | Noticed Vusu the pandemonium lord
131187 | Zig:18   | Noticed Xeumm the pandemonium lord
131188 | Zig:18   | Noticed Gacu the pandemonium lord
131188 | Zig:18   | Noticed Cuysa the pandemonium lord
131188 | Zig:18   | Noticed Mecuxk Nollu the pandemonium lord
131188 | Zig:18   | Noticed Uxuh the pandemonium lord
131188 | Zig:18   | Noticed Mierhor the pandemonium lord
131188 | Zig:18   | Noticed Waligh the pandemonium lord
131188 | Zig:18   | Noticed Xettioba the pandemonium lord
131188 | Zig:18   | Noticed Nozaogor the pandemonium lord
131188 | Zig:18   | Noticed Dimaynot the pandemonium lord
131188 | Zig:18   | Noticed Gantosonk the pandemonium lord
131189 | Zig:18   | Noticed Tikogiq the pandemonium lord
131189 | Zig:18   | Noticed Kets the pandemonium lord
131190 | Zig:18   | Noticed Oriazoro the pandemonium lord
131190 | Zig:18   | Noticed Pyteurar the pandemonium lord
131191 | Zig:18   | Noticed Obluime the pandemonium lord
131191 | Zig:18   | Noticed Deusas Ledu the pandemonium lord
131191 | Zig:18   | Noticed Radefo the pandemonium lord
131191 | Zig:18   | Noticed Keddudgh the pandemonium lord
131192 | Zig:18   | Killed Xeumm the pandemonium lord
131192 | Zig:18   | Killed Gacu the pandemonium lord
131192 | Zig:18   | Killed Kets the pandemonium lord
131192 | Zig:18   | Noticed Rycuc the pandemonium lord
131192 | Zig:18   | Noticed Sogauh the pandemonium lord
131192 | Zig:18   | Noticed Guman the pandemonium lord
131193 | Zig:18   | Killed Gantosonk the pandemonium lord
131193 | Zig:18   | Killed Xettioba the pandemonium lord
131193 | Zig:18   | Killed Oriazoro the pandemonium lord
131193 | Zig:18   | Noticed Moed the pandemonium lord
131193 | Zig:18   | Noticed Nuesum the pandemonium lord
131193 | Zig:18   | Noticed Cusukk the pandemonium lord
131194 | Zig:18   | Noticed Dyodegh the pandemonium lord
131195 | Zig:18   | Noticed Kyummuot the pandemonium lord
131195 | Zig:18   | Killed Waligh the pandemonium lord
131195 | Zig:18   | Killed Keddudgh the pandemonium lord
131195 | Zig:18   | Killed Dimaynot the pandemonium lord
131195 | Zig:18   | Noticed Cucoliez the pandemonium lord
131196 | Zig:18   | Killed Uxuh the pandemonium lord
131196 | Zig:18   | Killed Sogauh the pandemonium lord
131196 | Zig:18   | Killed Radefo the pandemonium lord
131196 | Zig:18   | Killed Moed the pandemonium lord
131196 | Zig:18   | Killed Cucoliez the pandemonium lord
131196 | Zig:18   | Killed Tikogiq the pandemonium lord
131196 | Zig:18   | Noticed Meis the pandemonium lord
131198 | Zig:18   | Noticed Qouwusuk the pandemonium lord
131198 | Zig:18   | Noticed Jeckemn the pandemonium lord
131199 | Zig:18   | Noticed Wuyhaw the pandemonium lord
131201 | Zig:18   | Killed Deusas Ledu the pandemonium lord
131201 | Zig:18   | Killed Kyummuot the pandemonium lord
131201 | Zig:18   | Killed Dyodegh the pandemonium lord
131201 | Zig:18   | Killed Cusukk the pandemonium lord
131201 | Zig:18   | Killed Guman the pandemonium lord
131201 | Zig:18   | Noticed Beir the pandemonium lord
131202 | Zig:18   | Reached skill level 5 in Summonings
131202 | Zig:18   | Killed Wuyhaw the pandemonium lord
131202 | Zig:18   | Killed Qouwusuk the pandemonium lord
131202 | Zig:18   | Noticed Icomah the pandemonium lord
131203 | Zig:18   | Reached skill level 5 in Conjurations
131203 | Zig:18   | Killed Vusu the pandemonium lord
131203 | Zig:18   | Killed Obluime the pandemonium lord
131203 | Zig:18   | Killed Jeckemn the pandemonium lord
131203 | Zig:18   | Killed Beir the pandemonium lord
131203 | Zig:18   | Noticed Nilozur the pandemonium lord
131204 | Zig:18   | Killed Meis the pandemonium lord
131204 | Zig:18   | Noticed Visipisa the pandemonium lord
131204 | Zig:18   | Noticed Asosu the pandemonium lord
131205 | Zig:18   | Killed Cuysa the pandemonium lord
131205 | Zig:18   | Noticed Wuph the pandemonium lord
131206 | Zig:18   | Killed Visipisa the pandemonium lord
131206 | Zig:18   | Killed Nuesum the pandemonium lord
131206 | Zig:18   | Killed Asosu the pandemonium lord
131206 | Zig:18   | Killed Nilozur the pandemonium lord
131206 | Zig:18   | Killed Icomah the pandemonium lord
131206 | Zig:18   | Noticed Saepn the pandemonium lord
131209 | Zig:18   | Killed Pyteurar the pandemonium lord
131209 | Zig:18   | Killed Saepn the pandemonium lord
131209 | Zig:18   | Killed Mierhor the pandemonium lord
131210 | Zig:18   | Noticed Luafamp the pandemonium lord
131210 | Zig:18   | Noticed Riguv the pandemonium lord
131210 | Zig:18   | Noticed Emestreli the pandemonium lord
131210 | Zig:18   | Noticed Laako the pandemonium lord
131211 | Zig:18   | Noticed Bobeiduk the pandemonium lord
131212 | Zig:18   | Killed Luafamp the pandemonium lord
131212 | Zig:18   | Killed Riguv the pandemonium lord
131212 | Zig:18   | Killed Wuph the pandemonium lord
131212 | Zig:18   | Killed Emestreli the pandemonium lord
131212 | Zig:18   | Noticed Kydwing the pandemonium lord
131212 | Zig:18   | Noticed Feplet the pandemonium lord
131213 | Zig:18   | Reached skill level 5 in Shields
131213 | Zig:18   | Killed Bobeiduk the pandemonium lord
131213 | Zig:18   | Killed Feplet the pandemonium lord
131213 | Zig:18   | Killed Laako the pandemonium lord
131213 | Zig:18   | Killed Kydwing the pandemonium lord
131214 | Zig:18   | Noticed Zavvypti the pandemonium lord
131214 | Zig:18   | Noticed Nout the pandemonium lord
131214 | Zig:18   | Noticed Wous the pandemonium lord
131215 | Zig:18   | Killed Mecuxk Nollu the pandemonium lord
131216 | Zig:18   | Noticed Nudimyip the pandemonium lord
131216 | Zig:18   | Noticed Zikoajyliph the pandemonium lord
131216 | Zig:18   | Noticed Nuejal the pandemonium lord
131217 | Zig:18   | Noticed Maipp the pandemonium lord
131217 | Zig:18   | Noticed Aniashy the pandemonium lord
131219 | Zig:18   | Killed Nout the pandemonium lord
131219 | Zig:18   | Killed Wous the pandemonium lord
131220 | Zig:18   | Killed Maipp the pandemonium lord
131220 | Zig:18   | Killed Zikoajyliph the pandemonium lord
131220 | Zig:18   | Killed Aniashy the pandemonium lord
131220 | Zig:18   | Killed Nudimyip the pandemonium lord
131221 | Zig:18   | Killed Rycuc the pandemonium lord
131221 | Zig:18   | Killed Nozaogor the pandemonium lord
131221 | Zig:18   | Killed Zavvypti the pandemonium lord
131226 | Zig:18   | Killed Nuejal the pandemonium lord
131640 | Zig:18   | Identified the +0 bardiche of Lust {flame, Will+ Dex+3}
131703 | Zig:18   | Identified the amulet "Xaaq" {Faith -Tele rPois rF+ rCorr}
131706 | Zig:19   | Entered Level 19 of a ziggurat
131726 | Zig:19   | Reached skill level 10 in Summonings
131929 | Zig:19   | Identified the +3 spear of Spite {drain, rF+ Str+4}
131939 | Zig:19   | Identified the ring of Entrepreneurial Spirit {MP+9 Slay+2}
132367 | Depths:4 | Reached skill level 10 in Conjurations
132626 | Zot:5    | Got the Orb of Zot
132802 | Depths:4 | Noticed Jyjaasmi the pandemonium lord
132808 | Depths:4 | Killed Jyjaasmi the pandemonium lord
133197 | D:4      | Killed Lovepenguin's ghost
133197 | D:4      | Killed Xerrl's ghost
133200 | D:4      | Killed waagh's ghost
133304 | D:$      | Escaped with the Orb!

Illustrated notes

Levels and vault maps discovered:
D:1:      tarquinn_simple_flora_water_e, layout_basic
D:2:      layout_basic, uniq_robin
D:3:      layout_basic, fedhas_altar_4, minmay_misc_feat_ornament
D:4:      layout_loops_ring, nicolae_ru_the_path_less_chosen,
          gammafunk_ghost_cemetery, kennysheep_generic_room_11, uniq_grinder,
          uniq_ijyb, uniq_pikel
D:5:      layout_gridville, mainiacjoe_overflow_boulevard,
          nemelex_spade_bored_becter, minmay_temple_entry_hall,
          kennysheep_pointless_box, dk_noncrumbling_3, uniq_duvessa
D:6:      layout_rooms, lemuel_round_altar
D:7:      layout_loops_corners, mainiacjoe_overflow_catwalk,
          minmay_misc_feat_iff
D:8:      layout_rooms, xom_teletrap_fun, serial_curves, eino_curves_02,
          eino_curves_03
D:9:      gammafunk_steamed_eel, layout_gridville, gammafunk_ghost_necromancy,
          minmay_misc_feat_hallway, dreamdust_mushroom_princess, minivault_16,
          nicolae_elevator_lobby_plus, uniq_erolcha
D:10:     layout_loops_cross, mainiacjoe_overflow_tiny_flanked,
          grunt_dithmenos_smoke, dpeg_lair_monsters, enter_bailey_4,
          nicolae_trove_entry_isolated
D:11:     layout_roguey, orc_0_dummy, serial_ice, serial_ice_m, serial_ice_b,
          serial_ice_d, serial_ice_e, minivault_7, uniq_sonja
D:12:     layout_cave_pods
D:13:     layout_basic, gammafunk_ghost_arena
D:14:     layout_stronghold, hangedman_vaults_entry_quadrant_bands,
          serial_shops, shop, shop, nicolae_shop_tiny_waterfront, serial_bayou,
          serial_bayou_shore_a, serial_bayou_shore_b, serial_bayou_crossing,
          serial_bayou_pond_a, serial_bayou_shore_b, nicolae_titane, uniq_kirke
D:15:     grunt_enter_depths_hoard, layout_basic, minmay_misc_feat_alley
Temple:   hellmonk_temple_divided_pantheon
Lair:1:   layout_misc_corridors, st_stairs_12, beast_lair_carwin_10, uniq_joseph
Lair:2:   layout_roguey, swamp_mist_pool, minmay_snake_entry_guardpost_medium,
          gammafunk_ghost_split
Lair:3:   layout_loops_ring, grunt_forest_small_clearings
Lair:4:   layout_gridlike, minmay_lair_oklob_bushes, kennysheep_abandoned_house
Lair:5:   due_jungle_book, layout_long_grid, nicolae_slime_entry_slimehenge,
          ebering_ghost_rock_garden, minivault_26, minmay_stone_trees_small,
          lemuel_fruit_fields
Swamp:1:  layout_basic_swamp, nicolae_swamp_little_tower
Swamp:2:  layout_falls_marsh, evilmike_swamp_ruin_rubble_1, st_swamp_ruins_1,
          nicolae_swamp_tree_isthmus, nicolae_swamp_decorative_isthmus,
          infiniplex_staircase_pool, uniq_mlioglotl, uniq_nikola, uniq_frances
Swamp:3:  layout_falls_marsh, nicolae_swamp_treefoil
Swamp:4:  byrel_swamp_growth_death_and_undeath, layout_basic_swamp, uniq_mara
Snake:1:  layout_rooms, lemuel_fruit_tree
Snake:2:  layout_onion, serial_shops, bzr_entry_water,
          nicolae_snake_salamander_stairs, uniq_aizul
Snake:3:  layout_cave_town, uniq_bai_suzhen
Snake:4:  snake_pit_salamanders_mu, layout_misc_corridors, drop_trap,
          hangedman_venom_bottle, minmay_shop_star
Slime:1:  layout_caves, cheibrodos_slime_lost_civilization_7
Slime:2:  layout_caves
Slime:3:  layout_caves
Slime:4:  layout_caves
Slime:5:  slime_pit_nicolae_inversion
Orc:1:    layout_caves
Orc:2:    grunt_orc_tribal_feast, layout_diamond_mine
Elf:1:    eino_elf_arrival_sip, layout_rooms,
          portal_desolation_entry_holy_temple, serial_shops,
          nicolae_shop_overgrown_old_shop, portal_ice_cave_entry_pillars_1,
          hangedman_corner_corridor, serial_library_hellmonk_hallway_b
Elf:2:    nicolae_elf_blades_splatter_lattice [nicolae_blade_little_rooms],
          layout_loops_cross
Elf:3:    elf_hall, layout_onion_city
Vaults:1: nicolae_vaults_shelves_hall, nicolae_vaults_storing_the_good_stuff,
          vaults_room_grunt_arrival_ludios, nicolae_vaults_hexular_roomagon,
          nicolae_vaults_shelves_hall, v_misc_18, v_misc_17,
          nicolae_vaults_mitosis, nicolae_vaults_wrenched,
          nicolae_vaults_closet_pinwheel_6, vaults_dpeg_hooks,
          nicolae_vaults_stepped_doors, layout_vaults_omnicross
Vaults:2: vaults_mumra_minichess_inversion, ontoclasm_vaults_ring_square,
          v_alt_pattern_1, vaults_room_octagon, nicolae_vaults_three_branches,
          layout_vaults_omnigrid, serial_shops, nicolae_shop_tiny_statue_garden,
          shop_fountains, shop, uniq_donald
Vaults:3: blue_anna_dwarven_crypt, serial_library_hellmonk_narrow_alcove,
          v_alt_pattern_1, serial_library_hellmonk_semicircle,
          nicolae_vaults_sesquioval_fish, ontoclasm_vaults_gateway,
          nicolae_vaults_frosty_reception, v_misc_5, layout_vaults_chaotic_city,
          uniq_margery
Vaults:4: nicolae_vaults_storage_closets_3, nicolae_vaults_wine_cellar,
          nicolae_vaults_sightless_eye, nicolae_vaults_thirteen_compartments,
          ontoclasm_vaults_eye, nicolae_vaults_house_1, v_misc_1,
          ontoclasm_vaults_idyll, vaults_standard_mumra_lines,
          nicolae_vaults_offset_grid_hallway_2, nicolae_vaults_house_2,
          ontoclasm_vaults_tryst, v_misc_16, layout_vaults_omnibox
Vaults:5
Crypt:1:  layout_gridlike
Crypt:2:  layout_misc_corridors, nicolae_crypt_smalloseum
Crypt:3:  quadcrypt_mu
Tomb:1
Tomb:2
Tomb:3:   uniq_mennas
Depths:1: layout_long_grid, abyss_entry, hell_entry, minmay_misc_feat_plants,
          st_stairs_4, corexii_leaking_fountain, hangedman_decor_peaks_small,
          beargit_elvish_explorers
Depths:2: kennysheep_blocky_hall, layout_small_grid, pan_entry,
          abyss_entry_glasseish, serial_shops, shop,
          grunt_hell_entry_demonic_statue, minmay_acid_items
Depths:3: regret_index_uskayaw_diablada_macabre, layout_cave_shapes,
          pf_vacation_house_of_asmodeus, nrook_uturn, rand_demon_pan_entry_7,
          abyss_entry_crystal, serial_bayou_shore_b,
          infiniplex_staircase_spiral_double, uniq_boris
Depths:4: lemuel_castle_with_subvaults [lemuel_castle_interior_carwin_1],
          layout_basic, enter_ziggurat_e, pan_entry, pf_hell_entry_tar_river,
          cheibrodos_ashenzari_chains, grunt_megastairs_1, minmay_shop_grove
Hell
Dis:1:    grunt_dis_stairs_iron_hall
Dis:2:    layout_gridville, nicolae_hells_hurtin_island
Dis:3:    layout_jigsaw, nicolae_dis_metal_dragon_surprise
Dis:4:    layout_subdivisions
Dis:5:    layout_subdivisions, nicolae_hells_fiendish_ambush
Dis:6:    layout_jigsaw
Dis:7:    dis_hangedman
Geh:1:    layout_gehenna_lava_caves
Geh:2:    layout_gehenna_lava_caves, nicolae_hells_seeping_fissure
Geh:4:    layout_gehenna_pools_triple
Geh:5:    layout_gehenna_lava_caves
Geh:6:    layout_gehenna_lava_caves
Geh:7:    geh_grunt_pentagon
Coc:1:    nicolae_hells_demon_pit, layout_cocytus_water_paths, serial_ice
Coc:2:    layout_ice_bergs
Coc:3:    layout_cocytus_water_paths
Coc:4:    layout_cocytus_delve
Coc:5:    layout_cocytus_delve, tekkud_coc_lazy_river
Coc:6:    layout_cocytus_water_paths
Coc:7:    coc_grunt
Tar:1:    nicolae_tar_honey_stairs, layout_cathedral_of_symmetry,
          nicolae_tar_cuneiform_water
Tar:2:    layout_cathedral_of_symmetry, nicolae_tar_stay_or_leave
Tar:3:    layout_grid_maze
Tar:4:    layout_grid_maze, nicolae_tar_cuneiform_heaven
Tar:5:    layout_cathedral_of_symmetry
Tar:6:    layout_cathedral_of_symmetry
Tar:7:    tar_minmay_river
Zot:1:    layout_basic, lemuel_lich_library
Zot:2:    layout_gridville
Zot:3:    layout_gridlike, regret_index_zotdec_magical_s, zot_minivault_1,
          uniq_tiamat, uniq_grunn
Zot:4:    grunt_twist_and_shout, layout_concentric_octagons
Zot:5:    layout_basic

Skill      XL: |  1  2  3  4  5  6  7  8  9 10 11 12 13 14 15 16 17 18 19 20 21 22 23 24 25 26 27 |
---------------+----------------------------------------------------------------------------------+-----
Conjurations   | 1 10 | 10.9
Dodging        | 2 3 4 5 7 8 9 10 11 12 13 14 27 | 27.0
Spellcasting   | 2 3 4 5 6 7 9 10 12 13 14 27 | 27.0
Fighting       | 1 2 3 4 5 6 8 10 11 12 13 14 15 16 17 18 27 | 27.0
Stealth        | 2 3 5 6 27 | 27.0
Long Blades    | 1 2 3 5 7 8 10 11 13 15 16 18 19 20 22 23 27 | 27.0
Alchemy        | 4 6 8 9 27 | 27.0
Air Magic      | 2 3 5 27 | 27.0
Translocations | 1 3 4 5 9 12 13 16 18 19 20 27 | 27.0
Evocations     | 3 5 27 | 27.0
Shapeshifting  | 2 9 11 13 15 16 27 | 27.0
Fire Magic     | 4 27 | 27.0
Necromancy     | 3 27 | 27.0
Armour         | 27 | 27.0
Ice Magic      | 27 | 27.0
Hexes          | 27 | 27.0
Axes           | 21 | 21.5
Polearms       | 25 | 25.1
Short Blades   | 24 | 24.6
Maces & Flails | 24 | 24.2
Staves         | 22 | 22.8
Ranged Weapons | 27 | 27.0
Throwing       | 27 | 27.0
Unarmed Combat | 27 | 27.0
Earth Magic    | 27 | 27.0
Invocations    | 27 | 27.0
Shields        | 7 |  7.9
Summonings     | 11 | 11.7

Action                     |  1- 3 |  4- 6 |  7- 9 | 10-12 | 13-15 | 16-18 | 19-21 | 22-24 | 25-27 || total
---------------------------+-------+-------+-------+-------+-------+-------+-------+-------+-------++-------
  Melee: Unarmed           |     2 |     1 |       |       |       |       |       |       |       ||     3
         Dagger            |    29 |    68 |   133 |       |       |       |       |       |       ||   230
         Spear             |    22 |       |       |       |       |       |       |       |       ||    22
         Demon blade       |     5 |    70 |   187 |   179 |   311 |       |       |       |   807 ||  1559
         Scimitar          |       |       |    39 |    41 |       |       |       |       |       ||    80
         Double sword      |       |       |       |   148 |   402 |   406 |   736 |   810 |  8716 || 11218
         Long sword        |       |       |       |       |    43 |   266 |   437 |   328 |   198 ||  1272
         Eveningstar       |       |       |       |       |       |    71 |   214 |   337 |    44 ||   666
         Eudemon blade     |       |       |       |       |       |       |       |       |  5249 ||  5249
         Katana            |       |       |       |       |       |       |       |       |   500 ||   500
         Staff             |       |       |       |       |       |       |       |       |   353 ||   353
         Bo                |       |       |       |       |       |       |       |       |    31 ||    31
  Throw: Dart              |       |       |       |       |     2 |     2 |     2 |     1 |    12 ||    19
         Throwing net      |       |       |       |       |       |       |       |       |     1 ||     1
   Cast: Sting             |    20 |     9 |    24 |     4 |     6 |       |       |       |       ||    63
         Mercury Vapours   |     1 |     8 |    27 |    16 |    34 |    15 |     5 |     1 |    22 ||   129
         Olgreb's Toxic Ra |       |       |     1 |    54 |    73 |    19 |    28 |       |       ||   175
         Blink             |       |       |     1 |     1 |     2 |     1 |     2 |     1 |    10 ||    18
         Ignite Poison     |       |       |       |       |     3 |     6 |    19 |     3 |     1 ||    32
         Vhi's Electric Ch |       |       |       |       |       |     2 |    97 |    72 |   153 ||   324
         Manifold Assault  |       |       |       |       |       |       |    12 |   191 |  1453 ||  1656
         Dispersal         |       |       |       |       |       |       |       |     8 |       ||     8
         Eringya's Noxious |       |       |       |       |       |       |       |       |     5 ||     5
         Apportation       |       |       |       |       |       |       |       |       |   314 ||   314
         Fugue of the Fall |       |       |       |       |       |       |       |       |   113 ||   113
         Gell's Gavotte    |       |       |       |       |       |       |       |       |   113 ||   113
         Passage of Golubr |       |       |       |       |       |       |       |       |    73 ||    73
         Death's Door      |       |       |       |       |       |       |       |       |     2 ||     2
         Polar Vortex      |       |       |       |       |       |       |       |       |     2 ||     2
 Invoke: Call Merchant     |       |       |       |       |     6 |       |       |       |    11 ||    17
         Potion Petition   |       |       |       |       |       |       |     1 |       |   117 ||   118
         Bribe Branch      |       |       |       |       |       |       |       |       |     6 ||     6
Ability: Invent Gizmo      |       |       |       |       |     1 |       |       |       |       ||     1
         Evoke Invisibilit |       |       |       |       |       |       |       |       |    53 ||    53
         Siphon Essence    |       |       |       |       |       |       |       |       |     3 ||     3
  Evoke: Wand              |       |     1 |       |     5 |    23 |     1 |     8 |     4 |    82 ||   124
         Lightning rod     |       |       |       |       |     7 |     3 |     4 |       |     3 ||    17
         Phantom mirror    |       |       |       |       |     1 |     1 |     2 |       |     2 ||     6
         Phial of floods   |       |       |       |       |       |     1 |     2 |       |     2 ||     5
         Sack of spiders   |       |       |       |       |       |       |       |       |     7 ||     7
         Tin of tremorston |       |       |       |       |       |       |       |       |    17 ||    17
         Figurine of a zig |       |       |       |       |       |       |       |       |     4 ||     4
    Use: Scroll            |       |     4 |     3 |    15 |    10 |    10 |    13 |    12 |    78 ||   145
         Potion            |       |       |       |     3 |     1 |     5 |    11 |     1 |    91 ||   112
   Stab: Sleeping          |     2 |     3 |     4 |     4 |    13 |     5 |    13 |     4 |    12 ||    60
         Distracted        |       |       |     2 |     5 |     7 |    11 |    19 |     3 |    49 ||    96
         Paralysed         |       |       |       |       |     9 |       |       |       |       ||     9
         Invisible         |       |       |       |       |       |       |     9 |       |   149 ||   158
 Armour: Robe              |    23 |    47 |    98 |   109 |   268 |    79 |    17 |       |       ||   641
         Skin              |       |     2 |       |       |       |   526 |  1201 |   379 |  1543 ||  3651
         Crystal plate arm |       |       |       |       |       |       |       |       |   883 ||   883
  Dodge: Dodged            |    23 |    40 |   128 |   137 |   301 |   631 |  1050 |   301 |  3228 ||  5839
         Repelled          |       |       |       |       |    10 |    82 |    97 |    33 |   379 ||   601
   Form: Statue            |       |       |       |       |       |     1 |     2 |     1 |     4 ||     8
                           |       |       |       |       |       |       |     2 |     1 |    13 ||    16
         Death             |       |       |       |       |       |       |       |       |    11 ||    11

Table legend: (Time is in decaauts)
 A = Elapsed time spent in this place.
 B = Non-inter-level travel time spent in this place.
 C = Inter-level travel time spent in this place.
 D = Time resting spent in this place.
 E = Time spent auto-exploring this place.
 F = Levels seen in this place.
 G = Mean time per level.
                   A        B        C        D        E       F      G
               +--------+--------+--------+--------+--------+-----+--------+
         Total | 172383 | 161961 |  10422 |  15413 | 100920 | 238 |  724.3 |
       Dungeon |  18146 |  15028 |   3118 |    615 |  11155 |  15 | 1209.7 |
        Temple |     32 |     23 |      9 |      0 |      0 |   1 |   32.0 |
          Lair |   8739 |   7964 |    775 |   1387 |   4902 |   5 | 1747.8 |
         Swamp |   7360 |   7178 |    182 |   1312 |   4204 |   4 | 1840.0 |
     Snake Pit |   7575 |   7192 |    383 |   1599 |   3738 |   4 | 1893.8 |
    Slime Pits |   2957 |   2874 |     83 |    721 |   1116 |   5 |  591.4 |
  Orcish Mines |   2488 |   2080 |    408 |    634 |   1011 |   2 | 1244.0 |
   Elven Halls |   6396 |   5722 |    674 |    981 |   3594 |   3 | 2132.0 |
        Vaults |  14020 |  13103 |    917 |   1041 |  10302 |   5 | 2804.0 |
         Crypt |   4287 |   3941 |    346 |      0 |   2806 |   3 | 1429.0 |
          Tomb |   6305 |   6090 |    215 |   1057 |   2639 |   3 | 2101.7 |
        Depths |  11870 |  10331 |   1539 |    786 |   7062 |   4 | 2967.5 |
          Hell |   1764 |   1641 |    123 |      4 |   1063 |   1 | 1764.0 |
           Dis |   5103 |   4866 |    237 |    292 |   3644 |   7 |  729.0 |
       Gehenna |   2557 |   2527 |     30 |    315 |   1233 |   6 |  426.2 |
       Cocytus |   3792 |   3570 |    222 |   1303 |    887 |   7 |  541.7 |
      Tartarus |   4794 |   4399 |    395 |    238 |   2910 |   7 |  684.9 |
           Zot |   8246 |   7488 |    758 |    230 |   5916 |   5 | 1649.2 |
         Abyss |   1022 |   1022 |      0 |      0 |    162 |   4 |  255.5 |
   Pandemonium |   6391 |   6391 |      0 |    476 |   1631 |  15 |  426.1 |
      Ziggurat |  45989 |  45989 |      0 |   2247 |  29544 | 127 |  362.1 |
        Bazaar |    241 |    241 |      0 |      0 |    109 |   1 |  241.0 |
         Trove |     83 |     83 |      0 |      0 |      7 |   1 |   83.0 |
        Bailey |    602 |    602 |      0 |     26 |    395 |   1 |  602.0 |
      Ice Cave |     67 |     67 |      0 |      0 |      0 |   1 |   67.0 |
    Desolation |   1546 |   1546 |      0 |    144 |    882 |   1 | 1546.0 |
               +--------+--------+--------+--------+--------+-----+--------+

Top non-repeatable levels by time:
Depths:4: 4112 daAuts
Vaults:5: 3353 daAuts
  Tomb:1: 3296 daAuts
 Snake:4: 3253 daAuts
   Tar:7: 3072 daAuts
Vaults:4: 3052 daAuts
Depths:2: 2906 daAuts
  Zig:22: 2891 daAuts
  Zig:17: 2861 daAuts
Vaults:1: 2833 daAuts
   Elf:3: 2781 daAuts
   Dis:7: 2728 daAuts
Vaults:3: 2669 daAuts
Depths:3: 2617 daAuts
  Lair:5: 2542 daAuts
